Workbook
Name __can430: 40.73
Name __can435: 43.3
Name _can430: 40.73
Name _can435: 43.3
Name Header_Row: ROW(#REF!)
Name pi: 3.1415
Name Values_Entered: #N/A

Sheet COVER
A1: fffffffffffffffffffffffffffffffffffffffffffffffffffffffffffffffffffffffffffffffffffffffffffffffffffffffffffffffffffffffffffffffffffffffffffffffffffffffffffffffffffffffffffffffffffffffffffffffffffffffffffffffffffffffffffffffffffffffffffffffffffffffffffffffffffffffffffffffffffffffffffffffffffffffffffffffffffffffffffffffffffffffffffffffffffffffffffffffffffffffffffffffffffffffffffffffffffffffffffffffffffffffffffffffffffffffffffffffffffff | B1: fffffffffffffffffffffffffffffffffffffffffffffffffffffffffffffffffffffffffffffffffffffffffffffffffffffffffffffffffffffffffffffffffffffffffffffffffffffffffffffffffffffffffffffffffffffffffffffffffffffffffffffffffffffffffffffffffffffffffffffffffffffffffffffffffffffffffffffffffffffffffffffffffffffffffffffffffffffffffffffffffffffffffffffffffffffffffffffffffffffffffffffffffffffffffffffffffffffff | K1: ffffffffffffffffffffffffffffffffffffffffffffffffffffffffffffffffffffffffffffffffffffffffffffffffffffffffffffffffffffffffffffffffffffffffffffffffffffffffffffffffffffffffffffffffffffffffffffffffffffffffffffffffffffffffffffffffffffffffffffffffffffffffffffffffffffffffffffffffffffffffffffffffffffffffffffffffffffffffffffffffffffffffffffffffffffffffffffffffffffffffffffffff
B18: PANCHAYATI RAJ ENGINEERING DEPARTMENT
B20: DETAILED ESTIMATE CUM ABSTRACT
C23: NAME OF THE WORK | F23: : | G23: ='lead 1'!C2 -> Constrution of Bharat Nirman Seva Kendra (BNSK) Grama Panchayat building in Gayamvaripalli GP of H.M.Padu Mandal
C25: ESTIMATE COST Rs | F25: : | G25: ='lead 1'!K4 -> 17.00 Lakhs
C27: GRANT | F27: : | G27: MGNREGS 100%
C29: NAME OF THE MANDAL | F29: : | G29: H.M.PADU
C31: NAME OF SUB.DIVISION. | F31: : | G31: KANIGIRI
C33: NAME OF THE DIVISION | F33: : | G33: KANDUKUR
C35: NAME OF CIRCLE | F35: : | G35: ONGOLE
C37: NAME OF DISTRICT | F37: : | G37: PRAKASAM
A41: ffffffffffffffffffffffffffffffffffffffffffffffffffffffffffffffffffffffffffffffffffffffffffffffffffffffffffffffffffffffffffffffffffffffffffffffffffffffffffffffffffffffffffffffffffffffffffffffffffffffffffffffffffffffffffffffffffffffffffffffffffffffffffffffffffffffffffffffffffffffffffffffffffffffffffffffffffffffffffffffffffffffffffffffffffffffffffffffffffffffffffffffff

Sheet Title page
G2: Division | I2: KANDUKUR
G3: Sub division | I3: KANDUKUR
G4: Mandal | I4: GUDLUR
G5: Village | I5: SALIPETA
E18: DETAILED ESTIMATE
A20: NAME OF THE WORK | C20: : | D20: =CONCATENATE("CONSTRUCTION OF NEW SACHIVALAYAM IN ",I5, "(V)-II IN ",I4," (M)") -> CONSTRUCTION OF NEW SACHIVALAYAM IN SALIPETA(V)-II IN GUDLUR (M)
G22: Est Cost | H22: 35 | I22: Lakhs
A24: Grant | B24: 100% NREGS

Sheet Sheet3
G8: Division | H8: Kandukur
G9: Village | H9: Salipeta
G10: Mandal : | H10: Kandukur
G11: =IF([2]Check_Slip!$D$9>2,"Subdivision :Repalle","")
G12: =IF([2]Check_Slip!$D$9>10,"Division :Tenali","")
F29: Construction of Gram Sachivalayam Building at | N29: Construction of Gram Sachivalayam Building at Peravalipalem (V) of Vemuru (M)
F30: =H9 -> Salipeta | G30: (V) | H30: of | I30: =H10 -> Kandukur | J30: (M)
G34: Estimate Cost Rs. | H34: 35 | I34: Lakhs
G36: Grant | H36: MGNREGS

Sheet TOP PAGE
U6: Division | V6: : | W6: Kandukur
U8: Village | V8: : | W8: Salipeta
U10: Mandal | V10: : | W10: Gudlur
G31: Construction of Gram Sachivalayam Building at
J33: =W8 -> Salipeta | O33: (V) | Q33: of | S33: =W10 -> Gudlur | Y33: (M)
G40: Estimate Cost | R40: : | S40: 45.00 Lakhs
G42: Name of the grant | R42: : | S42: 100% MGNREGS

Sheet specification
A1: SPECIFICATION REPORT
C2: Specification report accompanying the detailed estimate for the work
B3: ='lead 1'!C2 -> Constrution of Bharat Nirman Seva Kendra (BNSK) Grama Panchayat building in Gayamvaripalli GP of H.M.Padu Mandal
F4: ='Title page'!G22 -> Est Cost | G4: ='lead 1'!K4 -> 17.00 Lakhs
B5: An amout Rs. 17.00 Lakhs was sanctioned under MGNREGS 100% grant by vide Administrative Sanction Proceedings of the District Collector Rc. No.T3/MGNREGS/GPB/2019-20 DT 09.01.2020 of the District Collector & District Programme Co-Ordinator,MGNREGS, Prakasam District, Ongole. At present The proposed site for construction of this building is purely BC Soils. Based on soil test report the bearing capacity of the soil is 20T and foundation designs is implimented as per the designs
B6: The Estimate provisions are as follows.
B7: 1.Earth work excavation for foundations of Footings, External Plinth wall, Ramps & Steps
B8: 2.Sand filling for foundations to level the bottom of foundations and to strengthen the foundations.
B9: 3.PCC (1:4:8) as levelling course for foundations of footings, External Plinth Wall, Ramps, Steps and bottom of Internal Plinth Beams
B10: 4.RCC M20 design mix of Concrete with Graded Metal of 20 mm,12mm,10mm & 6mm HBG metal for Footings, Pedastals, Columns, Plinth Beams, Lintels, Sunshades, Roof Level Beams & Roof slabs as per design.
B11: 5.Brick masonary in CM(1:6) with country bricks up to basement with 450 mm thick to a height 0.60 mts height from Natural Ground Level.
B12: 6.All external walls are proposed with brick masonary 230 mm thick wall in CM(1:8) using country bricks 2 class to a height 3.30m including roof beams.
B13: 7.All internal walls are proposed with Reinforced Brick Masonary 115 thick wall in CM(1:6) using country bricks 2 class to height 3.30m including roof beams.
B14: 7.All internal walls are proposed with plastering 12mm thick inside in two coats using ordinary portland cement with a base coat of 8mm thick in CM(1:5) prop and top coat of 4mm thick in CM (1:3) prop
B15: 8. All external walls are proposed with plastering 20mm thick in two coats using with base coat of 16mm thick in CM(1:6) and top coat of 4mm thick in CM(1:4)
B16: 9.Proposed ornamental plastering 12mm thick to ceiling in two coats with a base coat of 8mm thick in CM(1:5) prop and top coat of 4mm thick in CM (1:3)
... B33: With the above provisions the estimate is prepared with 2019-2020 SS rates and work will be carried out as per APDSS and building codes in vogue.
E36: ='lead 1'!I37 -> Deputy Executive Engineer | K36: ='lead 1'!L37 -> Assistant Engineer
E37: ='lead 1'!I38 -> PRI Sub Division | K37: ='lead 1'!L38 -> Mandal Praja parishad
E38: ='lead 1'!I39 -> Kanigiri | K38: ='lead 1'!L39 -> H.M.Padu

Sheet INPUT
A1: INPUT DATA
A2: ='lead 1'!B2&'lead 1'!C2 -> Name of the Work: Constrution of Bharat Nirman Seva Kendra (BNSK) Grama Panchayat building in Gayamvaripalli GP of H.M.Padu Mandal
C3: Project Name | D3: : | E3: Rural infrastracture
C4: Project id | D4: :
C5: Work Type Name | D5: : | E5: BNSK building - New
C6: Work Type Code | D6: :
D7: maximum Estimate cost Rs. 17.00 lakhs
D8: Sharing pattern - 100% MGNREGS funds
C9: A) General Information
C10: Name of the District: | D10: : | E10: Prakasam
C11: Name of the Constituency | D11: : | E11: Kanigiri
C12: Name of the Mandal | D12: : | E12: H.M.Padu
C13: Name of the GP / Habitation | D13: : | E13: Gayamvaripalli
A15: S.No. | B15: Task code | C15: Description of item | D15: Units | E15: Quantity | F15: Rate | G15: Wage component | H15: Other componenet | I15: Total cost Rs.
A16: 1 | B16: 2 | C16: 3 | D16: 4 | E16: 5 | F16: 6 | G16: 7 | H16: 8 | I16: 9
J17: ='ground floor'!K28+'ground floor'!K32+'ground floor'!K54 -> 10169 | K17: =J17/205 -> 49.604878
A18: 1 | B18: 34816 | C18: CW.01 Amount of wage component | D18: days | E18: =ROUND(K17,0) -> 50 | F18: 205 | G18: =ROUND(E18*F18,0) -> 10250 | I18: =SUM(G18:H18) -> 10250
A20: 2 | B20: 34817 | C20: CW.02 Cement | D20: Bags | E20: =SEIG!V37 -> 560.41 | F20: ='lead 1'!M8/1000*50 -> 215 | H20: =ROUND(F20*E20/1,0) -> 120488 | I20: =SUM(G20:H20) -> 120488
A22: 3 | B22: 34818 | C22: CW.03 Sand for Filling | D22: Cum | E22: =SEIG!J35 -> 49.1 | F22: ='lead 1'!M14 -> 1334.4 | H22: =ROUND(F22*E22/1,0) -> 65519 | I22: =SUM(G22:H22) -> 65519
A24: 4 | B24: 34819 | C24: CW.04 Sand for Mortor | D24: Cum | E24: =SEIG!L35 -> 24.41 | F24: ='lead 1'!M12 -> 1549.4 | H24: =ROUND(F24*E24/1,0) -> 37821 | I24: =SUM(G24:H24) -> 37821
A26: 5 | B26: 34822 | C26: CW.G07.20mm to 12mm HBG | D26: Cum | E26: =SEIG!R35 -> 41.24 | F26: =data1!F13 -> 1460.56 | H26: =ROUND(F26*E26/1,0) -> 60233 | I26: =SUM(G26:H26) -> 60233
A28: 5 | B28: 34824 | C28: CW.09 40mm nominal HBG metal | D28: Cum | E28: =SEIG!P35 -> 18.68 | F28: ='lead 1'!M16 -> 1479.2 | H28: =ROUND(F28*E28/1,0) -> 27631 | I28: =SUM(G28:H28) -> 27631
A30: 6 | B30: 34825 | C30: CW.10 G10.Other component | D30: No | E30: 1 | F30: =J30-K30 -> 956043 | H30: =ROUND(F30*E30/1,0) -> 956043 | I30: =SUM(G30:H30) -> 956043 | J30: =abstract!D15 -> 1526843 | K30: =I18+I20+I22+I24+I26+I28+I32+I34 -> 570800
A32: 7 | B32: 30832 | C32: CW-G19.sand for Concrete | D32: Cum | E32: =SEIG!N35 -> 29.97 | F32: ='lead 1'!M13 -> 1469.4 | H32: =ROUND(F32*E32/1,0) -> 44038 | I32: =SUM(G32:H32) -> 44038
A34: 8 | B34: 35253 | C34: CW-G20.Cost and supply of Steel | D34: MT | E34: =SEIG!W37 -> 4 | F34: ='lead 1'!M9 -> 38500 | H34: ='ground floor'!K404+'ground floor'!K407+'first floor'!K257 -> 204820 | I34: =SUM(G34:H34) -> 204820
I36: =SUM(I17:I34) -> 1526843 | J36: =I36+I37+I39+I38 -> 1696400
A37: 9 | C37: CW.12 QC upto 0.5% | E37: =I36-I18 -> 1516593 | F37: x0.5% | I37: =ROUND(E37*0.5%,0) -> 7583
A38: 10 | B38: 34829 | C38: CW-G15.LS amount for unforcen items. Like GST | D38: No | E38: 1 | F38: =abstract!D16+abstract!D21 -> 144517 | H38: =ROUND(F38*E38/1,0) -> 144517 | I38: =SUM(G38:H38) -> 144517 | J38: =[3]abstract!M22 -> 0
A39: 11 | B39: 34827 | C39: CW-G13.Seignorage charges | I39: =abstract!D18 -> 17457
A40: 12 | B40: 34146 | C40: Name Board using Brick masonary Size 3f x 4f | I40: =abstract!D20 -> 3600
I41: =SUM(I36:I40) -> 1700000 | K41: =J41-I41 -> -1700000
D45: ='lead 1'!I37 -> Deputy Executive Engineer | H45: ='lead 1'!L37 -> Assistant Engineer
D46: ='lead 1'!I38 -> PRI Sub Division | H46: ='lead 1'!L38 -> Mandal Praja parishad
D47: ='lead 1'!I39 -> Kanigiri | H47: ='lead 1'!L39 -> H.M.Padu

Sheet input sheet
A1: Input Data Sheet for the work
A2: ='Title page'!D20 -> CONSTRUCTION OF NEW SACHIVALAYAM IN SALIPETA(V)-II IN GUDLUR (M)
A3: Note:
A4: 1. The estimate should be prepared habitation wise.
A5: 2. The entire length of road shall be covered in one estimate.
A6: 3. Wherever gravel thickness is partly existing, provide gravel of 100 mm loose thickness.
A7: 4. The specification of MS name board has to be in detail in datasheet.
A8: 5. The detailed estimate, datasheet and lead statement prepared manually outside the computer should be tied to the computer generated estimate.
A9: A) General Information
B10: DCC (Departmental Computer Center) Name : | G10: ='Title page'!I2 -> KANDUKUR
B11: Name of Mandal | G11: ='Title page'!I4 -> GUDLUR
B12: Name of Gram Panchayat | G12: ='Title page'!I5 -> SALIPETA
B13: Name of Habitation | G13: =G12 -> SALIPETA
A14: 1 | B14: Location
A15: 2 | B15: Total length of road within the Habitation_mts
A16: 3 | B16: Total length of the proposed Road: mts
A17: 4 | B17: CC __________________ mts
A18: 5 | B18: Road Width ____________ mts
B19: Side Drain Length _________________mts
A20: 6 | B20: Locality : SC/ST/GENERAL
A21: 7 | B21: Population being served by this Road:
B22: B) Abstract estimate
A23: Quantites and Rates shall be as per technically sanctioned estimate. Rates shall be worked out as per standard data basing on rates available in RSSR and CSSR.
A25: SNo | B25: Task Name | C25: Unit | D25: Task code | E25: Qty | F25: Unit | G25: Rate Per Unit | H25: Amount | I25: Qty | J25: Unit | K25: Rate Per Unit | L25: Amount
G26: (in Rs) | H26: (Rs.) | K26: (in Rs) | L26: (Rs.)
A27: 1 | B27: CW-G01.Amount for wage component | C27: days | D27: 34816 | E27: ='ground floor'!L410/G27 -> 48.194313 | F27: days | G27: 211 | H27: =ROUND(E27*G27,0) -> 10169 | I27: =L27/K27 -> #REF! | J27: days | K27: 211 | L27: ='ground floor'!#REF! -> #REF!
A28: 2 | B28: CW-G02.cement | C28: bags | D28: 34817 | E28: =H28/G28 -> 533.57674 | F28: bags | G28: =ROUND(('lead 1'!M8/1000)*50,2) -> 215 | H28: =ROUND('ground floor'!M410+'first floor'!M274,0) -> 114719 | I28: =L28/K28 -> 308.56915 | J28: bags | K28: 187.5 | L28: =seignorage!N28*'lead 1'!M8/1000 -> 57856.715
A29: 3 | B29: CW-G03.sand for filling | C29: cum | D29: 34818 | E29: =H29/G29 -> 52.043615 | F29: 1M2 | G29: ='lead 1'!M14 -> 1334.4 | H29: =ROUND('ground floor'!N410+'first floor'!N274,0) -> 69447 | I29: =seignorage!K28 -> 49.1 | J29: 1M2 | K29: ='lead 1'!M14 -> 1334.4 | L29: =ROUND(K29*I29,0) -> 65519
A30: 4 | B30: CW-G04.sand for mortar | C30: cum | D30: 34819 | E30: =H30/G30 -> 13.237382 | F30: 1M3 | G30: ='lead 1'!M12 -> 1549.4 | H30: =ROUND('ground floor'!O410+'first floor'!O274,0) -> 20510 | I30: =seignorage!L28 -> 13.09 | J30: 1M3 | K30: ='lead 1'!M12 -> 1549.4 | L30: =ROUND(K30*I30,0) -> 20282
A31: 5 | B31: CW-G05.Grade II Metal:Consisting of 63mm to 45 mm IRC HBG/HBT metal 96% and 19mm to 22mm IRC HBG metal 4% | C31: cum | D31: 34820
A32: 6 | B32: CW-G06.Grade III Metal:Consisting of 53mm to 22.4mm IRC HBG/HBT metal 95% and 20mm to 10 mm IRC HBG metal 5% | C32: cum | D32: 34821
A33: 5 | B33: CW-G07.20mm to 12mm HBG/HBT graded Metal:Consisting of 20mm metal 60% and12mm metal 40% | C33: cum | D33: 34822 | E33: =H33/G33 -> 41.238977 | F33: 1M3 | G33: =data1!F13 -> 1460.56 | H33: =ROUND('ground floor'!Q410+'first floor'!Q274,0) -> 60232 | I33: =seignorage!F30 -> 18.41 | J33: 1M3 | K33: =data1!F13 -> 1460.56 | L33: =ROUND(K33*I33,0) -> 26889
A34: 5 | B34: CW-G08.Graded Metal consisting of 60% of 40mm and 40% of 20mm to 10mm graded HBG/HBT metal | C34: cum | D34: 34823
A35: 6 | B35: CW-G09.40 mm nominal HBG/HBT Graded Metal | C35: cum | D35: 34824 | E35: =H35/G35 -> 18.683748 | F35: 1M3 | G35: ='lead 1'!M16 -> 1479.2 | H35: =ROUND('ground floor'!R410,0) -> 27637 | I35: =seignorage!F31 -> 18.68 | J35: 1M3 | K35: ='lead 1'!M16 -> 1479.2 | L35: =ROUND(K35*I35,0) -> 27631
A36: 10 | B36: CW-G14 Cost for supply and delivery of pipes | C36: Rmt | D36: 34828
B37: a) 300 MM dia NP3 Class RCC Pipes | C37: Rmt | D37: 34828
B38: b) 150 MM dia NP2 Class RCC Pipes | C38: Rmt | D38: 34828
A39: 11 | B39: CW-G17Cost for laying and jointing of pipes | C39: Rmt | D39: 34831
B40: a) 300 MM dia NP3 Class RCC Pipes | C40: Rmt | D40: 34831
B41: b) 150 MM dia NP2 Class RCC Pipes | C41: Rmt | D41: 34831
A42: 7 | B42: CW-G10.Cost towards engaging skilled labour,semi skilled labour,other materials and equipment charges including all other materials not covered above | C42: Rs | D42: 34825 | H42: =ROUND('ground floor'!T410+'first floor'!T274,0) -> 900371 | L42: ='ground floor'!T410+'first floor'!T274 -> 900370.97
B43: Provion for soil Exploration and QC tests on materials | H43: =abstract!D19 -> 0
B44: CW-G19. sand for Concrete | D44: 34832 | E44: =H44/G44 -> 42.720324 | F44: 1M3 | G44: ='lead 1'!M14 -> 1334.4 | H44: =ROUND('ground floor'!P410+'first floor'!P274,0) -> 57006 | I44: =seignorage!F32 -> 26.93 | J44: 1M3 | K44: ='lead 1'!M14 -> 1334.4 | L44: =ROUND(K44*I44,0) -> 35935
B45: CW-G20 Cost and supply of steel | D45: 35253 | E45: =+('ground floor'!I407+'first floor'!I257)/1000 -> 4 | F45: 1tonnes | G45: ='lead 1'!M9 -> 38500 | H45: ='ground floor'!S410+'first floor'!S274 -> 161700 | I45: ='ground floor'!I407+'first floor'!I257 -> 4000 | J45: 1tonnes | K45: ='lead 1'!M9*1.05 -> 40425 | L45: =ROUND((K45*I45)/1000,2) -> 161700
B46: Provision for work wise files | D46: 35270
B47: Name board using Brick masonary size 3ftx4ft | D47: 34146
B48: Name board using Brick masonary size 2ftx3ft | D48: 34461
A49: 8 | B49: CW-G11.GST upto 12% | C49: Rs | H49: =+abstract!D16 -> 130655
A50: 9 | B50: CW-G12.QC @0.5% | C50: Rs | D50: 34826 | H50: =abstract!D17 -> 7583 | L50: =abstract!H17 -> 0
A51: 10 | B51: CW-G13.Seignorage charges | C51: Rs | D51: 34827 | H51: =seignorage!J36 -> 8525 | L51: =seignorage!J36 -> 8525
A52: 11 | B52: Provision for Administrative Charges @2.50%
A53: 12 | B53: CW-G15.LS amount for unforcen items. | C53: Rs | D53: 34829 | H53: =H54-SUM(H27:H52) -> 1931446 | L53: 78866.22 | N53: =abstract!D21 -> 13862
B54: TOTAL Rs. | H54: 3500000 | L54: =SUM(L27:L53) -> #REF!
L55: =L54-3500000 -> #REF!
B58: Deputy Executive Engineer, | G58: Asst. Exe. Engineer
B59: PRI Sub-Division, Kandukur | G59: M.P.P. Gudlur
N63: =abstract!D19 -> 0

Sheet abstract
A1: GENERAL ABSTRACT
A2: ='lead 1'!B2&'lead 1'!C2 -> Name of the Work: Constrution of Bharat Nirman Seva Kendra (BNSK) Grama Panchayat building in Gayamvaripalli GP of H.M.Padu Mandal
B4: ='Title page'!G22 -> Est Cost | C4: ='lead 1'!K4 -> 17.00 Lakhs
A6: S.No. | B6: Name of the Sub work | D6: Est Cost
A7: 1 | B7: 2 | D7: 3
A8: 1 | B8: Construction of Ground floor | D8: ='ground floor'!K411 -> 1471734
A9: 2 | B9: Construction of First floor | D9: ='first floor'!K275 -> 0
A10: 3 | B10: Construction of Fertiliser cum Pesticides Shop | D10: =Store!I269 -> 0
A11: 3 | B11: Provision for water supply -----------------LS--------
A12: 4 | B12: Provision for sanitary Facility -----------------LS--------
A13: 2 | B13: Provision for Electricity items | D13: ='Ele Estimate'!F52 -> 55109
A14: 6 | B14: Provision for Head room -----------------LS--------
B15: Sub Total | D15: =SUM(D8:D14) -> 1526843
A16: 3 | B16: Provision for GST as per calculation sheets | D16: =ROUND('GST Sheet'!G37,0) -> 130655
A17: 4 | B17: Provision for QC @0.5% (Excluding labour component) | D17: =INPUT!I37 -> 7583
A18: 5 | B18: Provision for Seignorage charges | D18: =SEIG!L38 -> 17457
A19: 7 | B19: Provision for soil Exploration and QC tests on materials
A20: 6 | B20: Provision for Name board | D20: 3600
A21: 7 | B21: Unforseen items such as if any | D21: =E21 -> 13862 | E21: =E22-D15-D16-D17-D18-D20 -> 13862
D22: =SUM(D15:D21) -> 1700000 | E22: 1700000
B27: ='lead 1'!I37 -> Deputy Executive Engineer | C27: ='lead 1'!L37 -> Assistant Engineer
B28: ='lead 1'!I38 -> PRI Sub Division | C28: ='lead 1'!L38 -> Mandal Praja parishad
B29: ='lead 1'!I39 -> Kanigiri | C29: ='lead 1'!L39 -> H.M.Padu

Sheet ground floor
A1: DETAILED ESTIMATE
A2: ='lead 1'!B2&'lead 1'!C2 -> Name of the Work: Constrution of Bharat Nirman Seva Kendra (BNSK) Grama Panchayat building in Gayamvaripalli GP of H.M.Padu Mandal
B3: NAME OF THE SUB WORK | C3: CONSTRUCTION OF GROUND FLOOR
A5: SL NO | B5: Description of work | C5: Nos | F5: Measurements | I5: Qty | J5: Rate | K5: Amount | L5: CW 01 wage Compont (34816) | M5: CW 02 cement /bags (34817) | N5: CW 03 Sand filling (34818) | O5: CW 04 Sand Mortar (34819) | P5: CW -G19 Sand for concrete (34832) | Q5: CW 07 20 mm(60%) and 12 mm(40%) (34822) | R5: CW 09 40 mm HBG (34824) | S5: CW-G20 Cost and supply of steel | T5: CW 10 for Skilled & Unskilled labour and other maireals (34825) | U5: Subtotal of all iteams
F6: L | G6: B | H6: D
A7: 1 | B7: 2 | C7: 3 | F7: 4 | G7: 5 | H7: 6 | I7: 7 | J7: 8 | K7: 9
A8: 1 | B8: Earth work excavation for foundations (Manual Means) of buildings, septic tank, sump, compound wall in ordinary soils and depositing on bank with an initial lead of 10m and 1m additional lift charges over the initial depth up to 3m including all operational, incidental, labour charges such as shoring, sheeting, planking, strutting etc., and overheads & contractors profit complete for finished item of work excluding dewatering charges etc., as per SS 20 B(APSS 308)
B9: F1 | C9: 1 | D9: x | E9: 3 | F9: 2.05 | G9: 2.05 | H9: 1.6 | I9: =ROUND(IF(AND(F9:H9),C9*E9*F9*G9*H9,IF(AND(F9,G9),C9*E9*F9*G9,IF(AND(F9,H9),C9*E9*F9*H9,IF(AND(G9,H9),C9*E9*G9*H9,IF(F9,C9*E9*F9,IF(G9,C9*E9*G9,IF(H9,C9*E9*H9,C9*E9))))))),2) -> 20.17
B10: F2 | C10: 1 | D10: x | E10: 5 | F10: 1.7 | G10: 1.7 | H10: 1.6 | I10: =ROUND(IF(AND(F10:H10),C10*E10*F10*G10*H10,IF(AND(F10,G10),C10*E10*F10*G10,IF(AND(F10,H10),C10*E10*F10*H10,IF(AND(G10,H10),C10*E10*G10*H10,IF(F10,C10*E10*F10,IF(G10,C10*E10*G10,IF(H10,C10*E10*H10,C10*E10))))))),2) -> 23.12
B11: F3 | C11: 1 | D11: x | E11: 4 | F11: 1.55 | G11: 1.55 | H11: 1.6 | I11: =ROUND(IF(AND(F11:H11),C11*E11*F11*G11*H11,IF(AND(F11,G11),C11*E11*F11*G11,IF(AND(F11,H11),C11*E11*F11*H11,IF(AND(G11,H11),C11*E11*G11*H11,IF(F11,C11*E11*F11,IF(G11,C11*E11*G11,IF(H11,C11*E11*H11,C11*E11))))))),2) -> 15.38
B13: Building alround | C13: 1 | D13: x | E13: 1 | F13: 41.86 | G13: 0.45 | H13: 0.15 | I13: =ROUND(IF(AND(F13:H13),C13*E13*F13*G13*H13,IF(AND(F13,G13),C13*E13*F13*G13,IF(AND(F13,H13),C13*E13*F13*H13,IF(AND(G13,H13),C13*E13*G13*H13,IF(F13,C13*E13*F13,IF(G13,C13*E13*G13,IF(H13,C13*E13*H13,C13*E13))))))),2) -> 2.83
B14: Deduct Column C1 | C14: 1 | D14: x | E14: 3 | F14: 0.45 | G14: 0.3 | H14: 0.15 | I14: =-ROUND(IF(AND(F14:H14),C14*E14*F14*G14*H14,IF(AND(F14,G14),C14*E14*F14*G14,IF(AND(F14,H14),C14*E14*F14*H14,IF(AND(G14,H14),C14*E14*G14*H14,IF(F14,C14*E14*F14,IF(G14,C14*E14*G14,IF(H14,C14*E14*H14,C14*E14))))))),2) -> -0.06
B15: Deduct Column C2 | C15: 1 | D15: x | E15: 7 | F15: 0.38 | G15: 0.3 | H15: 0.15 | I15: =-ROUND(IF(AND(F15:H15),C15*E15*F15*G15*H15,IF(AND(F15,G15),C15*E15*F15*G15,IF(AND(F15,H15),C15*E15*F15*H15,IF(AND(G15,H15),C15*E15*G15*H15,IF(F15,C15*E15*F15,IF(G15,C15*E15*G15,IF(H15,C15*E15*H15,C15*E15))))))),2) -> -0.12
B16: Deduct Column C3 | C16: 1 | D16: x | E16: 2 | F16: 0.38 | G16: 0.3 | H16: 0.15 | I16: =-ROUND(IF(AND(F16:H16),C16*E16*F16*G16*H16,IF(AND(F16,G16),C16*E16*F16*G16,IF(AND(F16,H16),C16*E16*F16*H16,IF(AND(G16,H16),C16*E16*G16*H16,IF(F16,C16*E16*F16,IF(G16,C16*E16*G16,IF(H16,C16*E16*H16,C16*E16))))))),2) -> -0.03
B18: Center wall | C18: 1 | D18: x | E18: 1 | F18: 8.92 | G18: 0.45 | H18: 0.15 | I18: =ROUND(IF(AND(F18:H18),C18*E18*F18*G18*H18,IF(AND(F18,G18),C18*E18*F18*G18,IF(AND(F18,H18),C18*E18*F18*H18,IF(AND(G18,H18),C18*E18*G18*H18,IF(F18,C18*E18*F18,IF(G18,C18*E18*G18,IF(H18,C18*E18*H18,C18*E18))))))),2) -> 0.6
B19: Center wall | C19: 1 | D19: x | E19: 1 | F19: 7.67 | G19: 0.45 | H19: 0.15 | I19: =ROUND(IF(AND(F19:H19),C19*E19*F19*G19*H19,IF(AND(F19,G19),C19*E19*F19*G19,IF(AND(F19,H19),C19*E19*F19*H19,IF(AND(G19,H19),C19*E19*G19*H19,IF(F19,C19*E19*F19,IF(G19,C19*E19*G19,IF(H19,C19*E19*H19,C19*E19))))))),2) -> 0.52
B20: Center wall | C20: 1 | D20: x | E20: 2 | F20: 3.44 | G20: 0.45 | H20: 0.15 | I20: =ROUND(IF(AND(F20:H20),C20*E20*F20*G20*H20,IF(AND(F20,G20),C20*E20*F20*G20,IF(AND(F20,H20),C20*E20*F20*H20,IF(AND(G20,H20),C20*E20*G20*H20,IF(F20,C20*E20*F20,IF(G20,C20*E20*G20,IF(H20,C20*E20*H20,C20*E20))))))),2) -> 0.46
B22: Outside Toilet | C22: 1 | D22: x | E22: 1 | F22: 4.51 | G22: 0.45 | H22: 0.15 | I22: =ROUND(IF(AND(F22:H22),C22*E22*F22*G22*H22,IF(AND(F22,G22),C22*E22*F22*G22,IF(AND(F22,H22),C22*E22*F22*H22,IF(AND(G22,H22),C22*E22*G22*H22,IF(F22,C22*E22*F22,IF(G22,C22*E22*G22,IF(H22,C22*E22*H22,C22*E22))))))),2) -> 0.3
B23: Cross wall | C23: 1 | D23: x | E23: 3 | F23: 1.08 | G23: 0.45 | H23: 0.15 | I23: =ROUND(IF(AND(F23:H23),C23*E23*F23*G23*H23,IF(AND(F23,G23),C23*E23*F23*G23,IF(AND(F23,H23),C23*E23*F23*H23,IF(AND(G23,H23),C23*E23*G23*H23,IF(F23,C23*E23*F23,IF(G23,C23*E23*G23,IF(H23,C23*E23*H23,C23*E23))))))),2) -> 0.22
B24: Inner Toilet | C24: 1 | D24: x | E24: 1 | F24: 2.435 | G24: 0.45 | H24: 0.15 | I24: =ROUND(IF(AND(F24:H24),C24*E24*F24*G24*H24,IF(AND(F24,G24),C24*E24*F24*G24,IF(AND(F24,H24),C24*E24*F24*H24,IF(AND(G24,H24),C24*E24*G24*H24,IF(F24,C24*E24*F24,IF(G24,C24*E24*G24,IF(H24,C24*E24*H24,C24*E24))))))),2) -> 0.16
B26: Steps Front and Side | C26: 1 | D26: x | E26: 2 | F26: 2.1 | G26: 1 | H26: 0.1 | I26: =ROUND(IF(AND(F26:H26),C26*E26*F26*G26*H26,IF(AND(F26,G26),C26*E26*F26*G26,IF(AND(F26,H26),C26*E26*F26*H26,IF(AND(G26,H26),C26*E26*G26*H26,IF(F26,C26*E26*F26,IF(G26,C26*E26*G26,IF(H26,C26*E26*H26,C26*E26))))))),2) -> 0.42
B27: Steps Back Side | C27: 1 | D27: x | E27: 1 | F27: 1.5 | G27: 1 | H27: 0.1 | I27: =ROUND(IF(AND(F27:H27),C27*E27*F27*G27*H27,IF(AND(F27,G27),C27*E27*F27*G27,IF(AND(F27,H27),C27*E27*F27*H27,IF(AND(G27,H27),C27*E27*G27*H27,IF(F27,C27*E27*F27,IF(G27,C27*E27*G27,IF(H27,C27*E27*H27,C27*E27))))))),2) -> 0.15
I28: =SUM(I9:I27) -> 64.12 | J28: =data1!G23 -> 124.4 | K28: =ROUND(J28*I28,0) -> 7977 | L28: =K28 -> 7977 | U28: =SUM(L28:T28) -> 7977
I29: nos | J29: 1no
A30: 2 | B30: Filling with useful available excavated earth (Excluding rock) in trenches, sides of foundations and basement with initial lead in layers not exceeding 15cm thick, consolidating each deposited layers by watering, ramming incl cost and conveyance of water to work site and all operational incidental, labour charges, hire charges of T & P etc., incl taxes complete for finished item of work (APSS No. 309 & 310)
I31: 36.56
I32: =SUM(I31:I31) -> 36.56 | J32: =data1!G57 -> 25.59 | K32: =ROUND(I32*J32,0) -> 936 | L32: =K32 -> 936 | U32: =L32 -> 936
A34: 3 | B34: Filling with carted coarse sand in trenches, sides of foundations and basement with initial lead in layers not exceeding 15cm thick, watering, ramming incl cost and conveyance of water to work site incl cost and conveyance of all materials, Seigniorage charges, sales and other taxes, operational, incidental, labour charges, hire charges of T&P etc., complete for fnished item of work (APSS NO.309&310).
B35: MGS room | C35: 1 | D35: x | E35: 1 | F35: 8.34 | G35: 3.66 | H35: 0.5 | I35: =ROUND(IF(AND(F35:H35),C35*E35*F35*G35*H35,IF(AND(F35,G35),C35*E35*F35*G35,IF(AND(F35,H35),C35*E35*F35*H35,IF(AND(G35,H35),C35*E35*G35*H35,IF(F35,C35*E35*F35,IF(G35,C35*E35*G35,IF(H35,C35*E35*H35,C35*E35))))))),2) -> 15.26
B36: Deduct Toilet room | C36: 1 | D36: x | E36: 1 | F36: 2.365 | G36: 1.43 | H36: 0.5 | I36: =-ROUND(IF(AND(F36:H36),C36*E36*F36*G36*H36,IF(AND(F36,G36),C36*E36*F36*G36,IF(AND(F36,H36),C36*E36*F36*H36,IF(AND(G36,H36),C36*E36*G36*H36,IF(F36,C36*E36*F36,IF(G36,C36*E36*G36,IF(H36,C36*E36*H36,C36*E36))))))),2) -> -1.69
B37: VO Room | C37: 1 | D37: x | E37: 1 | F37: 3.05 | G37: 3.66 | H37: 0.5 | I37: =ROUND(IF(AND(F37:H37),C37*E37*F37*G37*H37,IF(AND(F37,G37),C37*E37*F37*G37,IF(AND(F37,H37),C37*E37*F37*H37,IF(AND(G37,H37),C37*E37*G37*H37,IF(F37,C37*E37*F37,IF(G37,C37*E37*G37,IF(H37,C37*E37*H37,C37*E37))))))),2) -> 5.58
B38: Carridor | C38: 1 | D38: x | E38: 1 | F38: 1.5 | G38: 3.66 | H38: 0.5 | I38: =ROUND(IF(AND(F38:H38),C38*E38*F38*G38*H38,IF(AND(F38,G38),C38*E38*F38*G38,IF(AND(F38,H38),C38*E38*F38*H38,IF(AND(G38,H38),C38*E38*G38*H38,IF(F38,C38*E38*F38,IF(G38,C38*E38*G38,IF(H38,C38*E38*H38,C38*E38))))))),2) -> 2.75
B39: Sarpanch room | C39: 1 | D39: x | E39: 1 | F39: 3.66 | G39: 3.66 | H39: 0.5 | I39: =ROUND(IF(AND(F39:H39),C39*E39*F39*G39*H39,IF(AND(F39,G39),C39*E39*F39*G39,IF(AND(F39,H39),C39*E39*F39*H39,IF(AND(G39,H39),C39*E39*G39*H39,IF(F39,C39*E39*F39,IF(G39,C39*E39*G39,IF(H39,C39*E39*H39,C39*E39))))))),2) -> 6.7
B40: Meeting Hall | C40: 1 | D40: x | E40: 1 | F40: 8.7 | G40: 4.155 | H40: 0.5 | I40: =ROUND(IF(AND(F40:H40),C40*E40*F40*G40*H40,IF(AND(F40,G40),C40*E40*F40*G40,IF(AND(F40,H40),C40*E40*F40*H40,IF(AND(G40,H40),C40*E40*G40*H40,IF(F40,C40*E40*F40,IF(G40,C40*E40*G40,IF(H40,C40*E40*H40,C40*E40))))))),2) -> 18.07
B41: Toilet | C41: 1 | D41: x | E41: 1 | F41: 1.35 | G41: 1.65 | H41: 0.5 | I41: =ROUND(IF(AND(F41:H41),C41*E41*F41*G41*H41,IF(AND(F41,G41),C41*E41*F41*G41,IF(AND(F41,H41),C41*E41*F41*H41,IF(AND(G41,H41),C41*E41*G41*H41,IF(F41,C41*E41*F41,IF(G41,C41*E41*G41,IF(H41,C41*E41*H41,C41*E41))))))),2) -> 1.11
B42: Toilet | C42: 1 | D42: x | E42: 1 | F42: 1.35 | G42: 1.95 | H42: 0.5 | I42: =ROUND(IF(AND(F42:H42),C42*E42*F42*G42*H42,IF(AND(F42,G42),C42*E42*F42*G42,IF(AND(F42,H42),C42*E42*F42*H42,IF(AND(G42,H42),C42*E42*G42*H42,IF(F42,C42*E42*F42,IF(G42,C42*E42*G42,IF(H42,C42*E42*H42,C42*E42))))))),2) -> 1.32
I43: =SUM(I35:I42) -> 49.1 | J43: =data1!G45-data1!G39 -> 1414.4 | K43: =ROUND((J43*I43)/1,0) -> 69447 | N43: =K43 -> 69447 | U43: =SUM(L43:T43) -> 69447
I44: cum | J44: cum
A45: 4 | B45: labour charges for filling of sand in trenches, sides of foundations and basement with initial lead in layers not exceeding 15 cm thick, consolidating each deposited layer by watering and ramming including cost and conveyance of water to work site and all operational, incidental, labour charges, hire charges of T & P etc., complete for finished item of work. (APSS NO. 309 & 310) including cost and conveyance of all material and labour charges,and contractors profit & over heads but excluding seignorage charges and VAT etc., complete.
B46: MGS room | C46: 1 | D46: x | E46: 1 | F46: 8.34 | G46: 3.66 | H46: 0.5 | I46: =ROUND(IF(AND(F46:H46),C46*E46*F46*G46*H46,IF(AND(F46,G46),C46*E46*F46*G46,IF(AND(F46,H46),C46*E46*F46*H46,IF(AND(G46,H46),C46*E46*G46*H46,IF(F46,C46*E46*F46,IF(G46,C46*E46*G46,IF(H46,C46*E46*H46,C46*E46))))))),2) -> 15.26
B47: Deduct Toilet room | C47: 1 | D47: x | E47: 1 | F47: 2.365 | G47: 1.43 | H47: 0.5 | I47: =-ROUND(IF(AND(F47:H47),C47*E47*F47*G47*H47,IF(AND(F47,G47),C47*E47*F47*G47,IF(AND(F47,H47),C47*E47*F47*H47,IF(AND(G47,H47),C47*E47*G47*H47,IF(F47,C47*E47*F47,IF(G47,C47*E47*G47,IF(H47,C47*E47*H47,C47*E47))))))),2) -> -1.69
B48: VO Room | C48: 1 | D48: x | E48: 1 | F48: 3.05 | G48: 3.66 | H48: 0.5 | I48: =ROUND(IF(AND(F48:H48),C48*E48*F48*G48*H48,IF(AND(F48,G48),C48*E48*F48*G48,IF(AND(F48,H48),C48*E48*F48*H48,IF(AND(G48,H48),C48*E48*G48*H48,IF(F48,C48*E48*F48,IF(G48,C48*E48*G48,IF(H48,C48*E48*H48,C48*E48))))))),2) -> 5.58
B49: Carridor | C49: 1 | D49: x | E49: 1 | F49: 1.5 | G49: 3.66 | H49: 0.5 | I49: =ROUND(IF(AND(F49:H49),C49*E49*F49*G49*H49,IF(AND(F49,G49),C49*E49*F49*G49,IF(AND(F49,H49),C49*E49*F49*H49,IF(AND(G49,H49),C49*E49*G49*H49,IF(F49,C49*E49*F49,IF(G49,C49*E49*G49,IF(H49,C49*E49*H49,C49*E49))))))),2) -> 2.75
B50: Sarpanch room | C50: 1 | D50: x | E50: 1 | F50: 3.66 | G50: 3.66 | H50: 0.5 | I50: =ROUND(IF(AND(F50:H50),C50*E50*F50*G50*H50,IF(AND(F50,G50),C50*E50*F50*G50,IF(AND(F50,H50),C50*E50*F50*H50,IF(AND(G50,H50),C50*E50*G50*H50,IF(F50,C50*E50*F50,IF(G50,C50*E50*G50,IF(H50,C50*E50*H50,C50*E50))))))),2) -> 6.7
B51: Meeting Hall | C51: 1 | D51: x | E51: 1 | F51: 8.7 | G51: 4.155 | H51: 0.5 | I51: =ROUND(IF(AND(F51:H51),C51*E51*F51*G51*H51,IF(AND(F51,G51),C51*E51*F51*G51,IF(AND(F51,H51),C51*E51*F51*H51,IF(AND(G51,H51),C51*E51*G51*H51,IF(F51,C51*E51*F51,IF(G51,C51*E51*G51,IF(H51,C51*E51*H51,C51*E51))))))),2) -> 18.07
B52: Toilet | C52: 1 | D52: x | E52: 1 | F52: 1.35 | G52: 1.65 | H52: 0.5 | I52: =ROUND(IF(AND(F52:H52),C52*E52*F52*G52*H52,IF(AND(F52,G52),C52*E52*F52*G52,IF(AND(F52,H52),C52*E52*F52*H52,IF(AND(G52,H52),C52*E52*G52*H52,IF(F52,C52*E52*F52,IF(G52,C52*E52*G52,IF(H52,C52*E52*H52,C52*E52))))))),2) -> 1.11
B53: Toilet | C53: 1 | D53: x | E53: 1 | F53: 1.35 | G53: 1.95 | H53: 0.5 | I53: =ROUND(IF(AND(F53:H53),C53*E53*F53*G53*H53,IF(AND(F53,G53),C53*E53*F53*G53,IF(AND(F53,H53),C53*E53*F53*H53,IF(AND(G53,H53),C53*E53*G53*H53,IF(F53,C53*E53*F53,IF(G53,C53*E53*G53,IF(H53,C53*E53*H53,C53*E53))))))),2) -> 1.32
I54: =SUM(I46:I53) -> 49.1 | J54: =data1!G39 -> 25.59 | K54: =ROUND((J54*I54)/1,0) -> 1256 | L54: =K54 -> 1256 | U54: =SUM(L54:T54) -> 1256
I55: cum | J55: cum
A56: 5 | B56: PCC (1:4:8) using well graded aggregate with maximum nominal size of aggregates (MSA) of 20mm HBG metal using Ordinary Portland Cement confirming to IS 455-1989 and the cement content in the mix to be not less than 250 kg/cum with maximum water cement ratio of 0.5, incl cost and conveyance of all materials to site, seignorage charges, sales and other taxes, steel centering, m/c mixing, concrete laying, tamping, vibrating, watering, curing and all labour charges, hire and operational charges of machinery, water lead charges and incl all taxes, bailing of water.etc., complete for finished item of work for Foundation concrete (BLD-CSTN).
B57: PCC for foundations and flooring
B58: F1 | C58: 1 | D58: x | E58: 3 | F58: 2.05 | G58: 2.05 | H58: 0.15 | I58: =ROUND(IF(AND(F58:H58),C58*E58*F58*G58*H58,IF(AND(F58,G58),C58*E58*F58*G58,IF(AND(F58,H58),C58*E58*F58*H58,IF(AND(G58,H58),C58*E58*G58*H58,IF(F58,C58*E58*F58,IF(G58,C58*E58*G58,IF(H58,C58*E58*H58,C58*E58))))))),2) -> 1.89
B59: F2 | C59: 1 | D59: x | E59: 5 | F59: 1.7 | G59: 1.7 | H59: 0.15 | I59: =ROUND(IF(AND(F59:H59),C59*E59*F59*G59*H59,IF(AND(F59,G59),C59*E59*F59*G59,IF(AND(F59,H59),C59*E59*F59*H59,IF(AND(G59,H59),C59*E59*G59*H59,IF(F59,C59*E59*F59,IF(G59,C59*E59*G59,IF(H59,C59*E59*H59,C59*E59))))))),2) -> 2.17
B60: F3 | C60: 1 | D60: x | E60: 4 | F60: 1.55 | G60: 1.55 | H60: 0.15 | I60: =ROUND(IF(AND(F60:H60),C60*E60*F60*G60*H60,IF(AND(F60,G60),C60*E60*F60*G60,IF(AND(F60,H60),C60*E60*F60*H60,IF(AND(G60,H60),C60*E60*G60*H60,IF(F60,C60*E60*F60,IF(G60,C60*E60*G60,IF(H60,C60*E60*H60,C60*E60))))))),2) -> 1.44
B62: Building alround | C62: 1 | D62: x | E62: 1 | F62: 41.86 | G62: 0.45 | H62: 0.15 | I62: =ROUND(IF(AND(F62:H62),C62*E62*F62*G62*H62,IF(AND(F62,G62),C62*E62*F62*G62,IF(AND(F62,H62),C62*E62*F62*H62,IF(AND(G62,H62),C62*E62*G62*H62,IF(F62,C62*E62*F62,IF(G62,C62*E62*G62,IF(H62,C62*E62*H62,C62*E62))))))),2) -> 2.83
B63: Deduct Column C1 | C63: 1 | D63: x | E63: 3 | F63: 0.45 | G63: 0.3 | H63: 0.15 | I63: =-ROUND(IF(AND(F63:H63),C63*E63*F63*G63*H63,IF(AND(F63,G63),C63*E63*F63*G63,IF(AND(F63,H63),C63*E63*F63*H63,IF(AND(G63,H63),C63*E63*G63*H63,IF(F63,C63*E63*F63,IF(G63,C63*E63*G63,IF(H63,C63*E63*H63,C63*E63))))))),2) -> -0.06
B64: Deduct Column C2 | C64: 1 | D64: x | E64: 7 | F64: 0.38 | G64: 0.3 | H64: 0.15 | I64: =-ROUND(IF(AND(F64:H64),C64*E64*F64*G64*H64,IF(AND(F64,G64),C64*E64*F64*G64,IF(AND(F64,H64),C64*E64*F64*H64,IF(AND(G64,H64),C64*E64*G64*H64,IF(F64,C64*E64*F64,IF(G64,C64*E64*G64,IF(H64,C64*E64*H64,C64*E64))))))),2) -> -0.12
B65: Deduct Column C3 | C65: 1 | D65: x | E65: 2 | F65: 0.38 | G65: 0.3 | H65: 0.15 | I65: =-ROUND(IF(AND(F65:H65),C65*E65*F65*G65*H65,IF(AND(F65,G65),C65*E65*F65*G65,IF(AND(F65,H65),C65*E65*F65*H65,IF(AND(G65,H65),C65*E65*G65*H65,IF(F65,C65*E65*F65,IF(G65,C65*E65*G65,IF(H65,C65*E65*H65,C65*E65))))))),2) -> -0.03
B67: Center wall | C67: 1 | D67: x | E67: 1 | F67: 8.92 | G67: 0.45 | H67: 0.15 | I67: =ROUND(IF(AND(F67:H67),C67*E67*F67*G67*H67,IF(AND(F67,G67),C67*E67*F67*G67,IF(AND(F67,H67),C67*E67*F67*H67,IF(AND(G67,H67),C67*E67*G67*H67,IF(F67,C67*E67*F67,IF(G67,C67*E67*G67,IF(H67,C67*E67*H67,C67*E67))))))),2) -> 0.6
B68: Center wall | C68: 1 | D68: x | E68: 1 | F68: 7.67 | G68: 0.45 | H68: 0.15 | I68: =ROUND(IF(AND(F68:H68),C68*E68*F68*G68*H68,IF(AND(F68,G68),C68*E68*F68*G68,IF(AND(F68,H68),C68*E68*F68*H68,IF(AND(G68,H68),C68*E68*G68*H68,IF(F68,C68*E68*F68,IF(G68,C68*E68*G68,IF(H68,C68*E68*H68,C68*E68))))))),2) -> 0.52
B69: Center wall | C69: 1 | D69: x | E69: 2 | F69: 3.44 | G69: 0.45 | H69: 0.15 | I69: =ROUND(IF(AND(F69:H69),C69*E69*F69*G69*H69,IF(AND(F69,G69),C69*E69*F69*G69,IF(AND(F69,H69),C69*E69*F69*H69,IF(AND(G69,H69),C69*E69*G69*H69,IF(F69,C69*E69*F69,IF(G69,C69*E69*G69,IF(H69,C69*E69*H69,C69*E69))))))),2) -> 0.46
B71: Outside Toilet | C71: 1 | D71: x | E71: 1 | F71: 4.51 | G71: 0.45 | H71: 0.15 | I71: =ROUND(IF(AND(F71:H71),C71*E71*F71*G71*H71,IF(AND(F71,G71),C71*E71*F71*G71,IF(AND(F71,H71),C71*E71*F71*H71,IF(AND(G71,H71),C71*E71*G71*H71,IF(F71,C71*E71*F71,IF(G71,C71*E71*G71,IF(H71,C71*E71*H71,C71*E71))))))),2) -> 0.3
B72: Cross wall | C72: 1 | D72: x | E72: 3 | F72: 1.08 | G72: 0.45 | H72: 0.15 | I72: =ROUND(IF(AND(F72:H72),C72*E72*F72*G72*H72,IF(AND(F72,G72),C72*E72*F72*G72,IF(AND(F72,H72),C72*E72*F72*H72,IF(AND(G72,H72),C72*E72*G72*H72,IF(F72,C72*E72*F72,IF(G72,C72*E72*G72,IF(H72,C72*E72*H72,C72*E72))))))),2) -> 0.22
B73: Inner Toilet | C73: 1 | D73: x | E73: 1 | F73: 2.435 | G73: 0.45 | H73: 0.15 | I73: =ROUND(IF(AND(F73:H73),C73*E73*F73*G73*H73,IF(AND(F73,G73),C73*E73*F73*G73,IF(AND(F73,H73),C73*E73*F73*H73,IF(AND(G73,H73),C73*E73*G73*H73,IF(F73,C73*E73*F73,IF(G73,C73*E73*G73,IF(H73,C73*E73*H73,C73*E73))))))),2) -> 0.16
B75: Steps Front and Side | C75: 1 | D75: x | E75: 2 | F75: 2.1 | G75: 1 | H75: 0.1 | I75: =ROUND(IF(AND(F75:H75),C75*E75*F75*G75*H75,IF(AND(F75,G75),C75*E75*F75*G75,IF(AND(F75,H75),C75*E75*F75*H75,IF(AND(G75,H75),C75*E75*G75*H75,IF(F75,C75*E75*F75,IF(G75,C75*E75*G75,IF(H75,C75*E75*H75,C75*E75))))))),2) -> 0.42
B76: Steps Back Side | C76: 1 | D76: x | E76: 1 | F76: 1.5 | G76: 1 | H76: 0.1 | I76: =ROUND(IF(AND(F76:H76),C76*E76*F76*G76*H76,IF(AND(F76,G76),C76*E76*F76*G76,IF(AND(F76,H76),C76*E76*F76*H76,IF(AND(G76,H76),C76*E76*G76*H76,IF(F76,C76*E76*F76,IF(G76,C76*E76*G76,IF(H76,C76*E76*H76,C76*E76))))))),2) -> 0.15
B78: MGS room | C78: 1 | D78: x | E78: 1 | F78: 8.34 | G78: 3.66 | H78: 0.1 | I78: =ROUND(IF(AND(F78:H78),C78*E78*F78*G78*H78,IF(AND(F78,G78),C78*E78*F78*G78,IF(AND(F78,H78),C78*E78*F78*H78,IF(AND(G78,H78),C78*E78*G78*H78,IF(F78,C78*E78*F78,IF(G78,C78*E78*G78,IF(H78,C78*E78*H78,C78*E78))))))),2) -> 3.05
B79: Deduct Toilet room | C79: 1 | D79: x | E79: 1 | F79: 2.365 | G79: 1.43 | H79: 0.1 | I79: =-ROUND(IF(AND(F79:H79),C79*E79*F79*G79*H79,IF(AND(F79,G79),C79*E79*F79*G79,IF(AND(F79,H79),C79*E79*F79*H79,IF(AND(G79,H79),C79*E79*G79*H79,IF(F79,C79*E79*F79,IF(G79,C79*E79*G79,IF(H79,C79*E79*H79,C79*E79))))))),2) -> -0.34
B80: VO Room | C80: 1 | D80: x | E80: 1 | F80: 3.05 | G80: 3.66 | H80: 0.1 | I80: =ROUND(IF(AND(F80:H80),C80*E80*F80*G80*H80,IF(AND(F80,G80),C80*E80*F80*G80,IF(AND(F80,H80),C80*E80*F80*H80,IF(AND(G80,H80),C80*E80*G80*H80,IF(F80,C80*E80*F80,IF(G80,C80*E80*G80,IF(H80,C80*E80*H80,C80*E80))))))),2) -> 1.12
B81: Carridor | C81: 1 | D81: x | E81: 1 | F81: 1.5 | G81: 3.66 | H81: 0.1 | I81: =ROUND(IF(AND(F81:H81),C81*E81*F81*G81*H81,IF(AND(F81,G81),C81*E81*F81*G81,IF(AND(F81,H81),C81*E81*F81*H81,IF(AND(G81,H81),C81*E81*G81*H81,IF(F81,C81*E81*F81,IF(G81,C81*E81*G81,IF(H81,C81*E81*H81,C81*E81))))))),2) -> 0.55
B82: Sarpanch room | C82: 1 | D82: x | E82: 1 | F82: 3.66 | G82: 3.66 | H82: 0.1 | I82: =ROUND(IF(AND(F82:H82),C82*E82*F82*G82*H82,IF(AND(F82,G82),C82*E82*F82*G82,IF(AND(F82,H82),C82*E82*F82*H82,IF(AND(G82,H82),C82*E82*G82*H82,IF(F82,C82*E82*F82,IF(G82,C82*E82*G82,IF(H82,C82*E82*H82,C82*E82))))))),2) -> 1.34
B83: Meeting Hall | C83: 1 | D83: x | E83: 1 | F83: 8.7 | G83: 4.155 | H83: 0.1 | I83: =ROUND(IF(AND(F83:H83),C83*E83*F83*G83*H83,IF(AND(F83,G83),C83*E83*F83*G83,IF(AND(F83,H83),C83*E83*F83*H83,IF(AND(G83,H83),C83*E83*G83*H83,IF(F83,C83*E83*F83,IF(G83,C83*E83*G83,IF(H83,C83*E83*H83,C83*E83))))))),2) -> 3.61
B84: Toilet | C84: 1 | D84: x | E84: 1 | F84: 1.35 | G84: 1.65 | H84: 0.1 | I84: =ROUND(IF(AND(F84:H84),C84*E84*F84*G84*H84,IF(AND(F84,G84),C84*E84*F84*G84,IF(AND(F84,H84),C84*E84*F84*H84,IF(AND(G84,H84),C84*E84*G84*H84,IF(F84,C84*E84*F84,IF(G84,C84*E84*G84,IF(H84,C84*E84*H84,C84*E84))))))),2) -> 0.22
B85: Toilet | C85: 1 | D85: x | E85: 1 | F85: 1.35 | G85: 1.95 | H85: 0.1 | I85: =ROUND(IF(AND(F85:H85),C85*E85*F85*G85*H85,IF(AND(F85,G85),C85*E85*F85*G85,IF(AND(F85,H85),C85*E85*F85*H85,IF(AND(G85,H85),C85*E85*G85*H85,IF(F85,C85*E85*F85,IF(G85,C85*E85*G85,IF(H85,C85*E85*H85,C85*E85))))))),2) -> 0.26
I86: =SUM(I58:I85) -> 20.76 | J86: =data1!G169 -> 3943.61 | K86: =ROUND(J86*I86,0) -> 81869 | L86: =ROUND($I$86*data1!H169,2) -> 0 | M86: =ROUND($I$86*data1!I169,2) -> 14461.42 | N86: =ROUND($I$86*data1!J169,2) -> 0 | O86: =ROUND($I$86*data1!K169,2) -> 0 | P86: =ROUND($I$86*data1!L169,2) -> 13727.13 | Q86: =ROUND($I$86*data1!M169,2) -> 0 | R86: =ROUND($I$86*data1!N169,2) -> 27637.37 | S86: =ROUND($I$86*data1!O169,2) -> 0 | T86: =ROUND($I$86*data1!P169,2) -> 26043.42 | U86: =SUM(L86:T86) -> 81869.34
I87: cum | J87: cum
A88: 6 | B88: Supply and placing of the VRCC M20 design mix Concrete corresponding to Table 9 of IS 456 using with 20mm size graded machine crushed hard granite metal (coarse aggregate) from approved quarry including cost and conveyance of all materials like cement, fine aggregate (sand) coarse aggregate, water etc., to site including cost and conveyance of all materials, including all operational, incidental and labour charges such as , machine mixing, laying concrete, curing, including contractor profit and over head charges etc.,complete but excluding cost of steel and its fabrication charges for finished item of work with minimum cement content as per IS code from standard suppliers approved by the department including pumping, centering, shuttering, laying concrete, vibrating, curing etc. complete but excluding VAT and seignorage charges for finished item of work. For FOUNDATIONS, PLINTH, PEDESTALS (Below Plinth).
B89: for building
B90: Footings
B91: F1 | C91: 1 | D91: x | E91: 3 | F91: 2.05 | G91: 2.05 | H91: 0.425 | I91: =ROUND(IF(AND(F91:H91),C91*E91*F91*G91*H91,IF(AND(F91,G91),C91*E91*F91*G91,IF(AND(F91,H91),C91*E91*F91*H91,IF(AND(G91,H91),C91*E91*G91*H91,IF(F91,C91*E91*F91,IF(G91,C91*E91*G91,IF(H91,C91*E91*H91,C91*E91))))))),2) -> 5.36
B92: F2 | C92: 1 | D92: x | E92: 5 | F92: 1.7 | G92: 1.7 | H92: 0.35 | I92: =ROUND(IF(AND(F92:H92),C92*E92*F92*G92*H92,IF(AND(F92,G92),C92*E92*F92*G92,IF(AND(F92,H92),C92*E92*F92*H92,IF(AND(G92,H92),C92*E92*G92*H92,IF(F92,C92*E92*F92,IF(G92,C92*E92*G92,IF(H92,C92*E92*H92,C92*E92))))))),2) -> 5.06
B93: F3 | C93: 1 | D93: x | E93: 4 | F93: 1.55 | G93: 1.55 | H93: 0.3 | I93: =ROUND(IF(AND(F93:H93),C93*E93*F93*G93*H93,IF(AND(F93,G93),C93*E93*F93*G93,IF(AND(F93,H93),C93*E93*F93*H93,IF(AND(G93,H93),C93*E93*G93*H93,IF(F93,C93*E93*F93,IF(G93,C93*E93*G93,IF(H93,C93*E93*H93,C93*E93))))))),2) -> 2.88
I94: =SUM(I91:I93) -> 13.3 | J94: =data1!G200 -> 6625.33 | K94: =ROUND((J94*I94)/1,0) -> 88117 | L94: =ROUND($I$94*data1!H200,2) -> 0 | M94: =ROUND($I$94*data1!I200,2) -> 18872.7 | N94: =ROUND($I$94*data1!J200,2) -> 0 | O94: =ROUND($I$94*data1!K200,2) -> 0 | P94: =ROUND($I$94*data1!L200,2) -> 7817.21 | Q94: =ROUND($I$94*data1!M200,2) -> 15540.39 | R94: =ROUND($I$94*data1!N200,2) -> 0 | S94: =ROUND($I$94*data1!O200,2) -> 0 | T94: =ROUND($I$94*data1!P200,2) -> 45886.6 | U94: =SUM(L94:T94) -> 88116.9
B95: Pedastal concrete
B96: F1P1 | C96: 1 | D96: x | E96: 3 | F96: 0.6 | G96: 0.6 | H96: 0.6 | I96: =ROUND(IF(AND(F96:H96),C96*E96*F96*G96*H96,IF(AND(F96,G96),C96*E96*F96*G96,IF(AND(F96,H96),C96*E96*F96*H96,IF(AND(G96,H96),C96*E96*G96*H96,IF(F96,C96*E96*F96,IF(G96,C96*E96*G96,IF(H96,C96*E96*H96,C96*E96))))))),2) -> 0.65
B97: F2P1 | C97: 1 | D97: x | E97: 5 | F97: 0.6 | G97: 0.6 | H97: 0.6 | I97: =ROUND(IF(AND(F97:H97),C97*E97*F97*G97*H97,IF(AND(F97,G97),C97*E97*F97*G97,IF(AND(F97,H97),C97*E97*F97*H97,IF(AND(G97,H97),C97*E97*G97*H97,IF(F97,C97*E97*F97,IF(G97,C97*E97*G97,IF(H97,C97*E97*H97,C97*E97))))))),2) -> 1.08
B98: F3P1 | C98: 1 | D98: x | E98: 4 | F98: 0.6 | G98: 0.6 | H98: 0.6 | I98: =ROUND(IF(AND(F98:H98),C98*E98*F98*G98*H98,IF(AND(F98,G98),C98*E98*F98*G98,IF(AND(F98,H98),C98*E98*F98*H98,IF(AND(G98,H98),C98*E98*G98*H98,IF(F98,C98*E98*F98,IF(G98,C98*E98*G98,IF(H98,C98*E98*H98,C98*E98))))))),2) -> 0.86
I99: =SUM(I96:I98) -> 2.59 | J99: =data1!G208 -> 7038.33 | K99: =ROUND((J99*I99)/1,0) -> 18229 | L99: =ROUND($I$99*data1!H180,2) -> 0 | M99: =ROUND($I$99*data1!I208,2) -> 3675.21 | N99: =ROUND($I$99*data1!J208,2) -> 0 | O99: =ROUND($I$99*data1!K208,2) -> 0 | P99: =ROUND($I$99*data1!L208,2) -> 1522.3 | Q99: =ROUND($I$99*data1!M208,2) -> 3026.29 | R99: =ROUND($I$99*data1!N208,2) -> 0 | S99: =ROUND($I$99*data1!O208,2) -> 0 | T99: =ROUND($I$99*data1!P208,2) -> 10005.48 | U99: =ROUND($I$99*data1!Q208,2) -> 18229.27
I100: cum
B101: Plinth Beams in between grids
B102: Building alround | C102: 1 | D102: x | E102: 1 | F102: 41.86 | G102: 0.23 | H102: 0.3 | I102: =ROUND(IF(AND(F102:H102),C102*E102*F102*G102*H102,IF(AND(F102,G102),C102*E102*F102*G102,IF(AND(F102,H102),C102*E102*F102*H102,IF(AND(G102,H102),C102*E102*G102*H102,IF(F102,C102*E102*F102,IF(G102,C102*E102*G102,IF(H102,C102*E102*H102,C102*E102))))))),2) -> 2.89
B103: Deduct Column C1 | C103: 1 | D103: x | E103: 3 | F103: 0.45 | G103: 0.23 | H103: 0.3 | I103: =-ROUND(IF(AND(F103:H103),C103*E103*F103*G103*H103,IF(AND(F103,G103),C103*E103*F103*G103,IF(AND(F103,H103),C103*E103*F103*H103,IF(AND(G103,H103),C103*E103*G103*H103,IF(F103,C103*E103*F103,IF(G103,C103*E103*G103,IF(H103,C103*E103*H103,C103*E103))))))),2) -> -0.09
B104: Deduct Column C2 | C104: 1 | D104: x | E104: 7 | F104: 0.38 | G104: 0.23 | H104: 0.3 | I104: =-ROUND(IF(AND(F104:H104),C104*E104*F104*G104*H104,IF(AND(F104,G104),C104*E104*F104*G104,IF(AND(F104,H104),C104*E104*F104*H104,IF(AND(G104,H104),C104*E104*G104*H104,IF(F104,C104*E104*F104,IF(G104,C104*E104*G104,IF(H104,C104*E104*H104,C104*E104))))))),2) -> -0.18
B105: Deduct Column C3 | C105: 1 | D105: x | E105: 2 | F105: 0.38 | G105: 0.23 | H105: 0.3 | I105: =-ROUND(IF(AND(F105:H105),C105*E105*F105*G105*H105,IF(AND(F105,G105),C105*E105*F105*G105,IF(AND(F105,H105),C105*E105*F105*H105,IF(AND(G105,H105),C105*E105*G105*H105,IF(F105,C105*E105*F105,IF(G105,C105*E105*G105,IF(H105,C105*E105*H105,C105*E105))))))),2) -> -0.05
B107: Center wall | C107: 1 | D107: x | E107: 1 | F107: 8.92 | G107: 0.23 | H107: 0.3 | I107: =ROUND(IF(AND(F107:H107),C107*E107*F107*G107*H107,IF(AND(F107,G107),C107*E107*F107*G107,IF(AND(F107,H107),C107*E107*F107*H107,IF(AND(G107,H107),C107*E107*G107*H107,IF(F107,C107*E107*F107,IF(G107,C107*E107*G107,IF(H107,C107*E107*H107,C107*E107))))))),2) -> 0.62
B108: Center wall | C108: 1 | D108: x | E108: 1 | F108: 7.67 | G108: 0.23 | H108: 0.3 | I108: =ROUND(IF(AND(F108:H108),C108*E108*F108*G108*H108,IF(AND(F108,G108),C108*E108*F108*G108,IF(AND(F108,H108),C108*E108*F108*H108,IF(AND(G108,H108),C108*E108*G108*H108,IF(F108,C108*E108*F108,IF(G108,C108*E108*G108,IF(H108,C108*E108*H108,C108*E108))))))),2) -> 0.53
B109: Center wall | C109: 1 | D109: x | E109: 2 | F109: 3.44 | G109: 0.23 | H109: 0.3 | I109: =ROUND(IF(AND(F109:H109),C109*E109*F109*G109*H109,IF(AND(F109,G109),C109*E109*F109*G109,IF(AND(F109,H109),C109*E109*F109*H109,IF(AND(G109,H109),C109*E109*G109*H109,IF(F109,C109*E109*F109,IF(G109,C109*E109*G109,IF(H109,C109*E109*H109,C109*E109))))))),2) -> 0.47
B111: Outside Toilet | C111: 1 | D111: x | E111: 1 | F111: 4.51 | G111: 0.23 | H111: 0.3 | I111: =ROUND(IF(AND(F111:H111),C111*E111*F111*G111*H111,IF(AND(F111,G111),C111*E111*F111*G111,IF(AND(F111,H111),C111*E111*F111*H111,IF(AND(G111,H111),C111*E111*G111*H111,IF(F111,C111*E111*F111,IF(G111,C111*E111*G111,IF(H111,C111*E111*H111,C111*E111))))))),2) -> 0.31
B112: Cross wall | C112: 1 | D112: x | E112: 3 | F112: 1.08 | G112: 0.23 | H112: 0.3 | I112: =ROUND(IF(AND(F112:H112),C112*E112*F112*G112*H112,IF(AND(F112,G112),C112*E112*F112*G112,IF(AND(F112,H112),C112*E112*F112*H112,IF(AND(G112,H112),C112*E112*G112*H112,IF(F112,C112*E112*F112,IF(G112,C112*E112*G112,IF(H112,C112*E112*H112,C112*E112))))))),2) -> 0.22
B113: Inner Toilet | C113: 1 | D113: x | E113: 1 | F113: 2.435 | G113: 0.23 | H113: 0.3 | I113: =ROUND(IF(AND(F113:H113),C113*E113*F113*G113*H113,IF(AND(F113,G113),C113*E113*F113*G113,IF(AND(F113,H113),C113*E113*F113*H113,IF(AND(G113,H113),C113*E113*G113*H113,IF(F113,C113*E113*F113,IF(G113,C113*E113*G113,IF(H113,C113*E113*H113,C113*E113))))))),2) -> 0.17
...

Sheet first floor
A1: DETAILED ESTIMATE
A2: ='ground floor'!A2:K2 -> Name of the Work: Constrution of Bharat Nirman Seva Kendra (BNSK) Grama Panchayat building in Gayamvaripalli GP of H.M.Padu Mandal
B3: NAME OF THE SUB WORK | C3: CONSTRUCTION OF FIRST FLOOR
A5: SL NO | B5: Description of work | C5: Nos | F5: Measurements | I5: Qty | J5: Rate | K5: Amount | L5: CW 01 wage Compont (34816) | M5: CW 02 cement /bags (34817) | N5: CW 03 Sand filling (34818) | O5: CW 04 Sand Mortar (34819) | P5: CW -G19 Sand for concrete (34832) | Q5: CW 07 20 mm(60%) and 12 mm(40%) (34822) | R5: CW 09 40 mm HBG (34824) | S5: CW-G20 Cost and supply of steel | T5: CW 10 for Skilled & Unskilled labour and other maireals (34825) | U5: Subtotal of all iteams
F6: L | G6: B | H6: D
A7: 1 | B7: 2 | C7: 3 | F7: 4 | G7: 5 | H7: 6 | I7: 7 | J7: 8 | K7: 9
A8: 1 | B8: Supply and placing of the VRCC M20 design mix Concrete corresponding to Table 9 of IS 456 using with 20mm size graded machine crushed hard granite metal (coarse aggregate) from approved quarry including cost and conveyance of all materials like cement, fine aggregate (sand) coarse aggregate, water etc., to site including cost and conveyance of all materials, including all operational, incidental and labour charges such as , machine mixing, laying concrete, curing, including contractor profit and over head charges etc.,complete but excluding cost of steel and its fabrication charges for finished item of work with minimum cement content as per IS code from standard suppliers approved by the department including pumping, centering, shuttering, laying concrete, vibrating, curing etc. complete but excluding VAT and seignorage charges for finished item of work. For COLUMNS, LINTELS, WATER TANKS, RCC WALLS IN BUILDINGS.
B9: Columns in First Floor
B10: C1 Columns E1(F1 Footing) | C10: 1 | F10: 0.23 | G10: 0.23 | H10: 3.3 | I10: =ROUND(C10*F10*G10*H10,2) -> 0.17
B11: C1 Columns A1,B1,B2,C1,D1,E2(F2 Footing) | C11: 6 | F11: 0.23 | G11: 0.23 | H11: 3.3 | I11: =ROUND(C11*F11*G11*H11,2) -> 1.05
B12: C1 Columns C2(F3 Footing) | C12: 1 | F12: 0.23 | G12: 0.23 | H12: 3.3 | I12: =ROUND(C12*F12*G12*H12,2) -> 0.17
B13: C2 Columns A3,B3,C3,D3,E3(F2 Footing) | C13: 5 | F13: 0.23 | G13: 0.23 | H13: 3.3 | I13: =ROUND(C13*F13*G13*H13,2) -> 0.87
B14: C2 Columns A2,D2,(F3 Footing) | C14: 2 | F14: 0.23 | G14: 0.23 | H14: 3.3 | I14: =ROUND(C14*F14*G14*H14,2) -> 0.35
B15: Miscellaneous | I15: 0.04
J16: =data1!F256 -> 9429.562 | K16: =ROUND((J16*I16),0) -> 0 | L16: =ROUND($I$16*J321,2) -> 0 | M16: =ROUND(data1!I257*'first floor'!$I$16,0) -> 0 | N16: =ROUND(data1!J257*'first floor'!$I$16,2) -> 0 | O16: =ROUND(data1!K257*'first floor'!$I$16,2) -> 0 | P16: =ROUND(data1!L257*'first floor'!$I$16,0) -> 0 | Q16: =ROUND(data1!M257*'first floor'!$I$16,0) -> 0 | R16: =ROUND(data1!N257*'first floor'!$I$16,2) -> 0 | S16: =ROUND(data1!O257*'first floor'!$I$16,2) -> 0 | T16: =ROUND(data1!P257*'first floor'!$I$16,0) -> 0 | U16: =SUM(L16:T16) -> 0
I17: cum | J17: cum
B18: Lintels in between grids
B19: Staircase Landing | C19: 1 | F19: 2.95 | G19: 0.115 | H19: 0.15 | I19: =ROUND(C19*F19*G19*H19,2) -> 0.05
B20: B1 to E1,B3 to E3 | C20: 2 | F20: =2.82+3.01+3.465+0.23 -> 9.525 | G20: 0.23 | H20: 0.15 | I20: =ROUND(C20*F20*G20*H20,2) -> 0.66
B21: B2 to E2, B2' to E2' | C21: 2 | F21: =2.82+3.01+3.465+0.23 -> 9.525 | G21: 0.115 | H21: 0.15 | I21: =ROUND(C21*F21*G21*H21,2) -> 0.33
B22: B2 to B3 | C22: 1 | F22: 5.45 | G22: 0.23 | H22: 0.15 | I22: =ROUND(C22*F22*G22*H22,2) -> 0.19
B23: E1 to E3 | C23: 1 | F23: =3.39+5.22+0.23 -> 8.84 | G23: 0.23 | H23: 0.15 | I23: =ROUND(C23*F23*G23*H23,2) -> 0.3
B24: deductions | C24: 12 | F24: 0.23 | G24: 0.23 | H24: 0.15 | I24: =-ROUND(C24*F24*G24*H24,2) -> -0.1
B25: Miscellaneous | I25: 0.02
J26: =data1!F245 -> 9471.262 | K26: =ROUND((J26*I26),0) -> 0 | L26: =ROUND($I$26*data1!H246,2) -> 0 | M26: =ROUND($I$26*data1!I246,2) -> 0 | N26: =ROUND($I$26*data1!J246,2) -> 0 | O26: =ROUND($I$26*data1!K246,2) -> 0 | P26: =ROUND($I$26*data1!L246,2) -> 0 | Q26: =ROUND($I$26*data1!M246,2) -> 0 | R26: =ROUND($I$26*data1!N246,2) -> 0 | S26: =ROUND($I$26*data1!O246,2) -> 0 | T26: =ROUND($I$26*data1!P246,2) -> 0 | U26: =SUM(L26:T26) -> 0
I27: cum | J27: cum
A28: 2 | B28: Supply and placing of the RCC M20 design mix Concrete corresponding to Table 9 of IS 456 using with 20mm size graded machine crushed hard granite metal (coarse aggregate) from approved quarry including cost and conveyance of all materials like cement, fine aggregate (sand) coarse aggregate, water etc., to site including cost and conveyance of all materials, including all operational, incidental and labour charges such as , machine mixing, laying concrete, curing, including contractor profit and over head charges etc.,complete but excluding cost of steel and its fabrication charges for finished item of work with minimum cement content as per IS code from standard suppliers approved by the department including pumping, centering, shuttering, laying concrete, vibrating, curing etc. complete for laying of concrete 75 mm thick at fixed end and 50 mm thick at free end with an average thickness of 62.5mm including royalties and all taxes and all charges for finished item of work for 60.0 cm wide Sun-shade and Lofts but excluding VAT and seignorage charges
B29: Sunshades in First Floor
B30: over windows | C30: 8 | F30: 1.8 | I30: =ROUND(F30*C30,2) -> 14.4
B31: Visitors waiting | C31: 1 | F31: 8.7 | I31: =ROUND(F31*C31,2) -> 8.7
J32: =data1!F331 -> 818.208 | K32: =ROUND((J32*I32),0) -> 0 | L32: =ROUND($I$32*data1!H332,2) -> 0 | M32: =ROUND($I$32*data1!I332,2) -> 0 | N32: =ROUND($I$32*data1!J332,2) -> 0 | O32: =ROUND($I$32*data1!K332,2) -> 0 | P32: =ROUND($I$32*data1!L332,2) -> 0 | Q32: =ROUND($I$32*data1!M332,2) -> 0 | R32: =ROUND($I$32*data1!N332,2) -> 0 | S32: =ROUND($I$32*data1!O332,2) -> 0 | T32: =ROUND($I$32*data1!P332,2) -> 0 | U32: =SUM(L32:T32) -> 0
I33: rm | J33: rm
A34: 3 | B34: Supply and placing of the VRCC M20 design mix Concrete corresponding to Table 9 of IS 456 using with 20mm size graded machine crushed hard granite metal (coarse aggregate) from approved quarry including cost and conveyance of all materials like cement, fine aggregate (sand) coarse aggregate, water etc., to site including cost and conveyance of all materials, including all operational, incidental and labour charges such as , machine mixing, laying concrete, curing, including contractor profit and over head charges etc.,complete but excluding cost of steel and its fabrication charges for finished item of work with minimum cement content as per IS code from standard suppliers approved by the department including pumping, centering, shuttering, laying concrete, vibrating, curing etc. complete but excluding VAT and seignorage charges for finished item of work. For RCC SLABS, BEAMS
B35: FF Roof slab of 125mm thick
B36: A1A3 to E1E3 | C36: 1 | F36: 12.475 | G36: 8.84 | I36: =ROUND(C36*F36*G36,2) -> 110.28
J37: =data1!F295 -> 1185.448 | K37: =ROUND((J37*I37),0) -> 0 | L37: =ROUND($I$37*data1!H296,2) -> 0 | M37: =ROUND($I$37*data1!I296,2) -> 0 | N37: =ROUND($I$37*data1!J296,2) -> 0 | O37: =ROUND($I$37*data1!K296,2) -> 0 | P37: =ROUND($I$37*data1!L296,2) -> 0 | Q37: =ROUND($I$37*data1!M296,2) -> 0 | R37: =ROUND($I$37*data1!N296,2) -> 0 | S37: =ROUND($I$37*data1!O296,2) -> 0 | T37: =ROUND($I$37*data1!P296,2) -> 0 | U37: =SUM(L37:T37) -> 0
I38: sqm | J38: 1sqm
A39: 4 | B39: FF LADDER slab of 150mm thick | C39: 1 | F39: 1.15 | G39: 1 | I39: =ROUND(G39*F39*C39,2) -> 1.15
J40: =data1!F307 -> 1684.1236 | K40: =ROUND((J40*I40),0) -> 0 | L40: =ROUND($I$40*data1!H308,2) -> 0 | M40: =ROUND($I$40*data1!I308,2) -> 0 | N40: =ROUND($I$40*data1!J308,2) -> 0 | O40: =ROUND($I$40*data1!K308,2) -> 0 | P40: =ROUND($I$40*data1!L308,2) -> 0 | Q40: =ROUND($I$40*data1!M308,2) -> 0 | R40: =ROUND($I$40*data1!N308,2) -> 0 | S40: =ROUND($I$40*data1!O308,2) -> 0 | ... U40: =ROUND($I$40*data1!Q308,2) -> 0
I41: sqm | J41: sqm
A42: 5 | B42: FF Roof beams
B43: Staircase beam | C43: 1 | F43: 3.18 | G43: 0.23 | H43: 0.3 | I43: =ROUND(C43*F43*G43*H43,2) -> 0.22
B44: A1 to E1,A2 to E2,A3 to E3 | C44: 3 | F44: 12.475 | G44: 0.23 | H44: 0.3 | I44: =ROUND(C44*F44*G44*H44,2) -> 2.58
B45: A1 to A 2,B1 to B2,C1 to C2,D1 to D2,E1 to E2 | C45: 5 | F45: 3.24 | G45: 0.23 | H45: 0.3 | I45: =ROUND(C45*F45*G45*H45,2) -> 1.12
B46: A2 to A3, B2 to B3,C2 to C3,D2 to D3,E2 to E3 | C46: 5 | F46: 5.6 | G46: 0.23 | H46: 0.38 | I46: =ROUND(C46*F46*G46*H46,2) -> 2.45
B47: Ladder beam | C47: 1 | F47: 1 | G47: 0.23 | H47: 0.38 | I47: =ROUND(C47*F47*G47*H47,2) -> 0.09
B48: staircase beams | C48: 2 | F48: 1 | G48: 0.23 | H48: 0.3 | I48: =ROUND(C48*F48*G48*H48,2) -> 0.14
B49: Deduct for columns | C49: 15 | F49: 0.23 | G49: 0.23 | H49: 0.38 | I49: =-ROUND(C49*F49*G49*H49,2) -> -0.3
J50: =data1!F283 -> 9094.588 | K50: =ROUND((J50*I50)/1,0) -> 0 | L50: =ROUND($I$50*data1!H284,2) -> 0 | M50: =ROUND($I$50*data1!I284,2) -> 0 | N50: =ROUND($I$50*data1!J284,2) -> 0 | O50: =ROUND($I$50*data1!K284,2) -> 0 | P50: =ROUND($I$50*data1!L284,2) -> 0 | Q50: =ROUND($I$50*data1!M284,2) -> 0 | R50: =ROUND($I$50*data1!N284,2) -> 0 | S50: =ROUND($I$50*data1!O284,2) -> 0 | T50: =ROUND($I$50*data1!P284,2) -> 0 | U50: =SUM(L50:T50) -> 0
I51: cum | J51: cum
A52: 6 | B52: Brick masonry for panel walls in superstructure in C.M (1:6) prop. (Cement : Screened sand) with Cement confirming to IS 455-1989 using 2nd class common burnt clay bricks of class as per Table- I of IS:1077-1992, Non- Modular or traditional size 23 x 11 x 7 cms from approved source having minimum crushing strength of 40 Kg/Sqcm. like cement, screened sand, bricks, water etc., to site, seignorage charges, sales & other taxes on all materials, mixing of cement mortar, Scaffolding charges constructing masonry, lift charges, curing, including hire and operational charges of machinery, all taxes and all labour charges and all water lead charges Excluding GST etc., complete for finished item of work (APSS No. 501 & 504) (As per BLD-CSTN)for super structure For First Floor
B53: Grid B1 to E1 | C53: 1 | F53: =2.82+3.01+3.465+0.23 -> 9.525 | G53: 0.23 | H53: =3.3-0.425 -> 2.875 | I53: =ROUND(F53*G53*H53*C53,2) -> 6.3
B54: Grid E1 to E2 | C54: 1 | F54: =3.39+0.23 -> 3.62 | G54: 0.23 | H54: =H53 -> 2.875 | I54: =ROUND(F54*G54*H54*C54,2) -> 2.39
B55: Grid E2 to E3 & A3 to A2 | C55: 2 | F55: 5.22 | G55: 0.23 | H55: =3.3-0.505 -> 2.795 | I55: =ROUND(F55*G55*H55*C55,2) -> 6.71
B56: Grid E3 to A3 | C56: 1 | F56: =3.465+3.01+2.82+2.95 -> 12.245 | G56: 0.23 | H56: =3.3-0.425 -> 2.875 | I56: =ROUND(F56*G56*H56*C56,2) -> 8.1
B57: Grid A2 to A1 | C57: 1 | F57: =F54 -> 3.62 | G57: 0.23 | H57: =3.3-0.505 -> 2.795 | I57: =ROUND(F57*G57*H57*C57,2) -> 2.33
B58: deduction for windows 1. Secretariat Staff 2. Sarpamch Room - 2 No's 3. Digital Store - 2 No's 4. Meeting Hall - 2 No's 5. Visitors waiting - 2 No's 6. Corridor | C58: 10 | F58: 1.5 | G58: 0.23 | H58: 1.35 | I58: =-ROUND(F58*G58*H58*C58,2) -> -4.66
B59: Miscellaneous | I59: 0.03
J60: =data1!F383 -> 6021.88 | K60: =ROUND((J60*I60)/1,0) -> 0 | L60: =ROUND($I$60*data1!H384,2) -> 0 | M60: =ROUND($I$60*data1!I384,2) -> 0 | N60: =ROUND($I$60*data1!J384,2) -> 0 | O60: =ROUND($I$60*data1!K384,2) -> 0 | P60: =ROUND($I$60*data1!L384,2) -> 0 | Q60: =ROUND($I$60*data1!M384,2) -> 0 | R60: =ROUND($I$60*data1!N384,2) -> 0 | S60: =ROUND($I$60*data1!O384,2) -> 0 | T60: =ROUND($I$60*data1!P384,2) -> 0 | U60: =SUM(L60:T60) -> 0
I61: cum | J61: cum
A62: 7 | B62: Reinforced Brick Masonry for partition walls (11.5 cm thick) in CM (1:4) prop. (Cement : Screened sand) using common burnt clay bricks of class as per Table- I of IS:1077-1992, Non- Modular or traditional size 23 x 11 x 7 cms from approved source having minimum crushing strength of 40 Kg/Sq.cm and placing 2 Nos. of 6mm M.S plain rods Fe 500 steel coated with cement slurry in every third layer with free ends of the reinforcement pegged into mortar joints of main brick walls where applicable including cost and conveyance of all materials like cement, steel, sand, bricks, water etc., to site, including sales & other taxes on all materials, all operational, incidental charges such as labour charges for mixing cement mortar, scaffolding charges, constructing masonry, lift charges, curing, etc., but excluding cost of steel and its fabrication charges Excluding GST complete for finished item of work (APSS No. of 501 & 509)
B63: Super structure in First Floor
B64: Grid B1 to B2, C1 to C2 & D1 to D2 | C64: 3 | F64: =3.39-2*0.265 -> 2.86 | H64: =3.3-0.425 -> 2.875 | I64: =ROUND(C64*F64*H64,2) -> 24.67
B65: Toilet partition wall | C65: 1 | F65: 3.39 | H65: =3.3-0.125 -> 3.175 | I65: =ROUND(C65*F65*H65,2) -> 10.76
B66: Grid B2 to E2, | C66: 1 | F66: =2.82+3.01+3.465+0.23 -> 9.525 | H66: =3.3-0.425 -> 2.875 | I66: =ROUND(C66*F66*H66,2) -> 27.38
B67: B2' to E2' | C67: 1 | F67: =2.82+3.01+3.465+0.23 -> 9.525 | H67: =3.3-0.125 -> 3.175 | I67: =ROUND(C67*F67*H67,2) -> 30.24
B68: Grid B2 to B3 | C68: 1 | F68: =5.22-0.23 -> 4.99 | H68: =3.3-0.425 -> 2.875 | I68: =ROUND(C68*F68*H68,2) -> 14.35
B69: Grid D2' to D3 | C69: 1 | F69: =5.22-0.15-1.83-0.115 -> 3.125 | H69: =3.3-0.505 -> 2.795 | I69: =ROUND(C69*F69*H69,2) -> 8.73
B70: Starir case 3 sides | C70: 1 | F70: =1+2.95+1 -> 4.95 | H70: =3.3-0.425 -> 2.875 | I70: =ROUND(C70*F70*H70,2) -> 14.23
B71: Parapet wall around | C71: 1 | F71: =2*(12.245+0.23+8.61) -> 42.17 | H71: 0.9 | I71: =ROUND(C71*F71*H71,2) -> 37.95
B72: deduct for door of Size 1.20 x 2.10 at 1.Corridor Entrance 2. Meeting Hall Entrance 2 No's | C72: 3 | F72: 1.2 | H72: 2.1 | I72: =-ROUND(C72*F72*H72,2) -> -7.56
B73: deduct for door of Size 1.05 x 2.10 at 1.Sarpanch Room 2. Digital Store 3. Opening at Secretariat Staff | C73: 3 | F73: 1.05 | H73: 2.1 | I73: =-ROUND(C73*F73*H73,2) -> -6.62
B74: deduct for door of Size 0.75 x 2.10 at 1. Sarpanch Room Toilet 2. Ladies Toilet 3. Gents Toilet & Uninals | C74: 4 | F74: 0.75 | H74: 2.1 | I74: =-ROUND(C74*F74*H74,2) -> -6.3
B75: Miscellaneous | I75: 0.12
J76: =data1!F416 -> 7692.13 | K76: =ROUND(I76*J76/10,0) -> 0 | L76: =ROUND(data1!H417*$I$76/10,2) -> 0 | M76: =ROUND(data1!I417*$I$76/10,2) -> 0 | N76: =ROUND(data1!J417*$I$76/10,2) -> 0 | O76: =ROUND(data1!K417*$I$76/10,2) -> 0 | P76: =ROUND(data1!L417*$I$76/10,2) -> 0 | Q76: =ROUND(data1!M417*$I$76/10,2) -> 0 | R76: =ROUND(data1!N417*$I$76/10,2) -> 0 | S76: =ROUND(data1!O417*$I$76/10,2) -> 0 | T76: =ROUND(data1!P417*$I$76/10,2) -> 0 | U76: =SUM(L76:T76) -> 0
I77: 1 Sqm
A78: 8 | B78: Flooring with vitrified tiles of 1st quality and of size not less than 598 x 598 mm x 8 mm thickness glossy finish permium colours, set over base coat of cement mortar (1:8), 12 mm thick over CC bed already laid or RCC roof slab, including neat cement slurry of honey like consistency spread @ 3.3.kgs per sqm & jointed neatly with white cement paste to full depth mixed with pigment of matching shade, including cost and conveyance of all materials like cement, sand, and water and flooring tiles etc., complete, including over heads & contractor profit, labour charges etc., complete for finished item of work, but excluding VAT and seignorage charges.
B79: Vitrified tiles flooring in First Floor
B80: Secretariat Staff | C80: 1 | F80: =3.39-0.115 -> 3.275 | G80: 2.82 | I80: =ROUND(F80*G80*C80,2) -> 9.24
B81: Sarpanch room | C81: 1 | F81: =3.39-0.115 -> 3.275 | G81: =3.465-0.115 -> 3.35 | I81: =ROUND(F81*G81*C81,2) -> 10.97
B82: Corridor | C82: 1 | F82: =2.82+3.01+3.465-0.115 -> 9.18 | G82: 1.83 | I82: =ROUND(F82*G82*C82,2) -> 16.8
B83: Digital Store | C83: 1 | F83: 3.16 | G83: =G81 -> 3.35 | I83: =ROUND(F83*G83*C83,2) -> 10.59
B84: Meeting Hall | C84: 1 | F84: =2.82+3.01-0.115 -> 5.715 | G84: =G83 -> 3.35 | I84: =ROUND(F84*G84*C84,2) -> 19.15
B85: Visitors waiting | C85: 1 | F85: =5.22 -> 5.22 | G85: =2.95-0.115 -> 2.835 | I85: =ROUND(F85*G85*C85,2) -> 14.8
B86: Add for door jambs of 1.20x2.10 1.Corridor Entrance 2.Secretary staff 3. Meeting Hall -2 no's | C86: 4 | F86: =2*2.1+1.2 -> 5.4 | G86: 0.05 | I86: =ROUND(F86*G86*C86,2) -> 1.08
B87: Add for door jambs of 1.05x2.10 1. Sarpanch Room 2. Digital Stores | C87: 2 | F87: =2*2.1+1.05 -> 5.25 | G87: 0.05 | I87: =ROUND(F87*G87*C87,2) -> 0.53
B88: Deduct Column projections in
B89: Secretariat Staff | C89: 2 | F89: 0.15 | G89: 0.115 | I89: =-ROUND(C89*F89*G89,2) -> -0.03
C90: 1 | F90: 0.265 | G90: 0.115 | I90: =-ROUND(C90*F90*G90,2) -> -0.03
C91: 1 | F91: 0.38 | G91: 0.115 | I91: =-ROUND(C91*F91*G91,2) -> -0.04
B92: Sarpanch room | C92: 2 | F92: 0.15 | G92: 0.115 | I92: =-ROUND(C92*F92*G92,2) -> -0.03
C93: 2 | F93: 0.265 | G93: 0.115 | I93: =-ROUND(C93*F93*G93,2) -> -0.06
B94: Digital Store | C94: 2 | F94: 0.15 | G94: 0.115 | I94: =-ROUND(C94*F94*G94,2) -> -0.03
B95: Meeting Hall | C95: 1 | F95: 0.38 | G95: 0.115 | I95: =-ROUND(C95*F95*G95,2) -> -0.04
C96: 1 | F96: 0.265 | G96: 0.115 | I96: =-ROUND(C96*F96*G96,2) -> -0.03
B97: Visitors waiting | C97: 1 | F97: 0.265 | G97: 0.115 | I97: =-ROUND(C97*F97*G97,2) -> -0.03
C98: 1 | F98: 0.38 | G98: 0.115 | I98: =-ROUND(C98*F98*G98,2) -> -0.04
B99: Miscellaneous | I99: 0.2
J100: =data1!F497 -> 1008.95 | K100: =ROUND(I100*J100,0) -> 0 | L100: =ROUND(data1!H499*$I$100,2) -> 0 | M100: =ROUND(data1!I499*$I$100,2) -> 0 | N100: =ROUND(data1!J499*$I$100,2) -> 0 | O100: =ROUND(data1!K499*$I$100,2) -> 0 | P100: =ROUND(data1!L499*$I$100,2) -> 0 | Q100: =ROUND(data1!M499*$I$100,2) -> 0 | R100: =ROUND(data1!N499*$I$100,2) -> 0 | S100: =ROUND(data1!O499*$I$100,2) -> 0 | ... U100: =ROUND(data1!Q499*$I$100,2) -> 0
I101: 1 Sqm
...

Sheet Store
A1: DETAILED ESTIMATE
A2: ='Title page'!D20 -> CONSTRUCTION OF NEW SACHIVALAYAM IN SALIPETA(V)-II IN GUDLUR (M)
B3: Est Cost: | C3: ='Title page'!H22 -> 35 | D3: Lakhs
B4: NAME OF THE SUB WORK | C4: CONSTRUCTION OF STORE
A5: SL NO | B5: Description of work | C5: Nos | D5: Measurements | G5: Qty | H5: Rate | I5: Amount | J5: CW 01 wage Compont (34816) | K5: CW 02 cement /bags (34817) | L5: CW 03 Sand filling (34818) | M5: CW 04 Sand Mortar (34819) | N5: CW -G19 Sand for concrete (34832) | O5: CW 07 20 mm(60%) and 12 mm(40%) (34822) | P5: CW 09 40 mm HBG (34824) | Q5: CW-G20 Cost and supply of steel | R5: CW 10 for Skilled & Unskilled labour and other maireals (34825) | S5: Subtotal of all iteams
D6: L | E6: B | F6: D
A7: 1 | B7: 2 | C7: 3 | D7: 4 | E7: 5 | F7: 6 | G7: 7 | H7: 8 | I7: 9
A8: 1 | B8: Earth work excavation for foundations (Manual Means) of buildings, septic tank, sump, compound wall in ordinary soils and depositing on bank with an initial lead of 10m and 1m additional lift charges over the initial depth up to 3m including all operational, incidental, labour charges such as shoring, sheeting, planking, strutting etc., and overheads & contractors profit complete for finished item of work excluding dewatering charges etc., as per SS 20 B(APSS 308)
B9: Footings
B10: Footing | C10: 6 | D10: 1.7 | E10: 1.7 | F10: 1.65 | G10: =ROUND(C10*D10*E10*F10,2) -> 28.61
B11: External Plinth wall Long | C11: 2 | D11: =6.56+2*0.24 -> 7.04 | E11: 0.6 | F11: 0.9 | G11: =ROUND(C11*D11*E11*F11,2) -> 7.6
B12: External Plinth wall short | C12: 2 | D12: =4.57+1*0.23-2*0.36 -> 4.08 | E12: 0.6 | F12: 0.9 | G12: =ROUND(C12*D12*E12*F12,2) -> 4.41
B13: Front Steps | C13: 1 | D13: 5.03 | E13: 1.8 | F13: 0.3 | G13: =ROUND(C13*D13*E13*F13,2) -> 2.72
B14: Miscellaneous | G14: 0.34
G15: 0 | H15: =data1!G23 -> 124.4 | I15: =ROUND(H15*G15,0) -> 0 | J15: =I15 -> 0 | S15: =SUM(J15:R15) -> 0
G16: nos | H16: 1no
A17: 2 | B17: Filling with useful available excavated earth (Excluding rock) in trenches, sides of foundations and basement with initial lead in layers not exceeding 15cm thick, consolidating each deposited layers by watering, ramming incl cost and conveyance of water to work site and all operational incidental, labour charges, hire charges of T & P etc., incl taxes complete for finished item of work (APSS No. 309 & 310)
B18: =B10 -> Footing | C18: =C10 -> 6 | D18: =D10 -> 1.7 | E18: =E10 -> 1.7 | F18: =F10 -> 1.65 | G18: =ROUND(C18*D18*E18*F18,2) -> 28.61
B19: =B11 -> External Plinth wall Long | C19: =C11 -> 2 | D19: =D11 -> 7.04 | E19: =E11 -> 0.6 | F19: =F11 -> 0.9 | G19: =ROUND(C19*D19*E19*F19,2) -> 7.6
B20: =B12 -> External Plinth wall short | C20: =C12 -> 2 | D20: =D12 -> 4.08 | E20: =E12 -> 0.6 | F20: =F12 -> 0.9 | G20: =ROUND(C20*D20*E20*F20,2) -> 4.41
B21: =B13 -> Front Steps | C21: =C13 -> 1 | D21: =D13 -> 5.03 | E21: =E13 -> 1.8 | F21: =F13 -> 0.3 | G21: =ROUND(C21*D21*E21*F21,2) -> 2.72
G22: =SUM(G18:G20) -> 40.62
B23: Deduct Sand filling in footings
B24: =B18 -> Footing | C24: =C18 -> 6 | D24: =D18 -> 1.7 | E24: =E18 -> 1.7 | F24: 0.15 | G24: =-ROUND(C24*D24*E24*F24,2) -> -2.6
B25: =B19 -> External Plinth wall Long | C25: =C19 -> 2 | D25: =D19 -> 7.04 | E25: =E19 -> 0.6 | F25: 0.15 | G25: =-ROUND(C25*D25*E25*F25,2) -> -1.27
B26: =B20 -> External Plinth wall short | C26: =C20 -> 2 | D26: =D20 -> 4.08 | E26: =E20 -> 0.6 | F26: 0.15 | G26: =-ROUND(C26*D26*E26*F26,2) -> -0.73
B27: Deduct PCC (1:4:8)filling in footings
B28: =B24 -> Footing | C28: =C24 -> 6 | D28: =D24 -> 1.7 | E28: =E24 -> 1.7 | F28: 0.15 | G28: =-ROUND(C28*D28*E28*F28,2) -> -2.6
B29: =B25 -> External Plinth wall Long | C29: =C25 -> 2 | D29: =D25 -> 7.04 | E29: =E25 -> 0.6 | F29: 0.15 | G29: =-ROUND(C29*D29*E29*F29,2) -> -1.27
B30: =B26 -> External Plinth wall short | C30: =C26 -> 2 | D30: =D26 -> 4.08 | E30: =E26 -> 0.6 | F30: 0.15 | G30: =-ROUND(C30*D30*E30*F30,2) -> -0.73
B31: Deduct for RCC M30 footings
B32: =B24 -> Footing | C32: =C28 -> 6 | D32: =D24-2*0.1 -> 1.5 | E32: =E24-2*0.1 -> 1.5 | F32: 0.35 | G32: =-ROUND(C32*D32*E32*F32,2) -> -4.73
B33: Deduct for RCC M30 Pedastals | C33: =C32 -> 6 | D33: 0.45 | E33: 0.45 | F33: 0.45 | G33: =-ROUND(C33*D33*E33*F33,2) -> -0.55
B34: Deduct for RCC M25 Columns upto GL | C34: =C33 -> 6 | D34: 0.38 | E34: 0.23 | F34: 0.55 | G34: =-ROUND(C34*D34*E34*F34,2) -> -0.29
B35: Miscellaneous | G35: 0.15
G36: 0 | H36: =data1!G57 -> 25.59 | I36: =ROUND(G36*H36,0) -> 0 | J36: =I36 -> 0 | S36: =J36 -> 0
A38: 3 | B38: Filling with carted coarse sand in trenches, sides of foundations and basement with initial lead in layers not exceeding 15cm thick, watering, ramming incl cost and conveyance of water to work site incl cost and conveyance of all materials, Seigniorage charges, sales and other taxes, operational, incidental, labour charges, hire charges of T&P etc., complete for fnished item of work (APSS NO.309&310).
B39: =B10 -> Footing | C39: =C10 -> 6 | D39: =D10 -> 1.7 | E39: =E10 -> 1.7 | F39: 0.15 | G39: =ROUND(C39*D39*E39*F39,2) -> 2.6
B40: =B11 -> External Plinth wall Long | C40: =C11 -> 2 | D40: =D11 -> 7.04 | E40: =E11 -> 0.6 | F40: 0.15 | G40: =ROUND(C40*D40*E40*F40,2) -> 1.27
B41: =B12 -> External Plinth wall short | C41: =C12 -> 2 | D41: =D12 -> 4.08 | E41: =E12 -> 0.6 | F41: 0.15 | G41: =ROUND(C41*D41*E41*F41,2) -> 0.73
B42: =B13 -> Front Steps | C42: =C13 -> 1 | D42: =D13 -> 5.03 | E42: =E13 -> 1.8 | F42: 0.15 | G42: =ROUND(C42*D42*E42*F42,2) -> 1.36
B43: Basement filling | C43: 1 | D43: =6.33-1*0.23 -> 6.1 | E43: =4.8-0.23 -> 4.57 | F43: 0.28 | G43: =ROUND(C43*D43*E43*F43,2) -> 7.81
B44: Deductions
B45: Middle Plinth beam | C45: 1 | D45: =4.8-1*0.23 -> 4.57 | E45: 0.23 | F45: 0.28 | G45: =-ROUND(C45*D45*E45*F45,2) -> -0.29
B46: Miscellaneous | G46: 0.02
G47: 0 | H47: =data1!G45-data1!G39 -> 1414.4 | I47: =ROUND((H47*G47)/1,0) -> 0 | L47: =I47 -> 0 | S47: =SUM(J47:R47) -> 0
G48: cum | H48: cum
A49: 4 | B49: labour charges for filling of sand in trenches, sides of foundations and basement with initial lead in layers not exceeding 15 cm thick, consolidating each deposited layer by watering and ramming including cost and conveyance of water to work site and all operational, incidental, labour charges, hire charges of T & P etc., complete for finished item of work. (APSS NO. 309 & 310) including cost and conveyance of all material and labour charges,and contractors profit & over heads but excluding seignorage charges and VAT etc., complete.
B50: qty same as item no 25 | G50: =G47 -> 0 | H50: =data1!G39 -> 25.59 | I50: =ROUND((H50*G50)/1,0) -> 0 | J50: =I50 -> 0 | S50: =SUM(J50:R50) -> 0
G51: cum | H51: cum
A52: 4 | B52: PCC (1:4:8) using well graded aggregate with maximum nominal size of aggregates (MSA) of 20mm HBG metal using Ordinary Portland Cement confirming to IS 455-1989 and the cement content in the mix to be not less than 250 kg/cum with maximum water cement ratio of 0.5, incl cost and conveyance of all materials to site, seignorage charges, sales and other taxes, steel centering, m/c mixing, concrete laying, tamping, vibrating, watering, curing and all labour charges, hire and operational charges of machinery, water lead charges and incl all taxes, bailing of water.etc., complete for finished item of work for Foundation concrete (BLD-CSTN).
B53: PCC for foundations and flooring
B54: =B39 -> Footing | C54: =C39 -> 6 | D54: =D39 -> 1.7 | E54: =E39 -> 1.7 | F54: =F39 -> 0.15 | G54: =ROUND(C54*D54*E54*F54,2) -> 2.6
B55: =B40 -> External Plinth wall Long | C55: =C40 -> 2 | D55: =D40 -> 7.04 | E55: =E40 -> 0.6 | F55: =F40 -> 0.15 | G55: =ROUND(C55*D55*E55*F55,2) -> 1.27
B56: =B41 -> External Plinth wall short | C56: =C41 -> 2 | D56: =D41 -> 4.08 | E56: =E41 -> 0.6 | F56: =F41 -> 0.15 | G56: =ROUND(C56*D56*E56*F56,2) -> 0.73
B57: =B42 -> Front Steps | C57: =C42 -> 1 | D57: =D42 -> 5.03 | E57: =E42 -> 1.8 | F57: =F42 -> 0.15 | G57: =ROUND(C57*D57*E57*F57,2) -> 1.36
B58: Deduct for columns | C58: 6 | D58: 0.15 | E58: 0.23 | F58: 0.15 | G58: =-ROUND(C58*D58*E58*F58,2) -> -0.03
B59: Basement flooring | C59: =C43 -> 1 | D59: =D43 -> 6.1 | E59: =E43 -> 4.57 | F59: 0.1 | G59: =ROUND(C59*D59*E59*F59,2) -> 2.79
B60: =B44 -> Deductions
B61: =B45 -> Middle Plinth beam | C61: =C45 -> 1 | D61: =D45 -> 4.57 | E61: =E45 -> 0.23 | F61: 0.1 | G61: =-ROUND(C61*D61*E61*F61,2) -> -0.11
B62: Miscellaneous | G62: 0.09
G63: 0 | H63: =data1!G169 -> 3943.61 | I63: =ROUND(H63*G63,0) -> 0 | J63: =ROUND($G$63*data1!H169,2) -> 0 | K63: =ROUND($G$63*data1!I169,2) -> 0 | L63: =ROUND($G$63*data1!J169,2) -> 0 | M63: =ROUND($G$63*data1!K169,2) -> 0 | N63: =ROUND($G$63*data1!L169,2) -> 0 | O63: =ROUND($G$63*data1!M169,2) -> 0 | P63: =ROUND($G$63*data1!N169,2) -> 0 | Q63: =ROUND($G$63*data1!O169,2) -> 0 | R63: =ROUND($G$63*data1!P169,2) -> 0 | S63: =SUM(J63:R63) -> 0
G64: cum | H64: cum
A65: 4 | B65: Supply and placing of the VRCC M30 mix Concrete corresponding to Table 9 of IS 456 using with 20mm size graded machine crushed hard granite metal (coarse aggregate) from approved quarry including cost and conveyance of all materials like cement, fine aggregate (sand) coarse aggregate, water etc., to site including cost and conveyance of all materials, including all operational, incidental and labour charges such as , machine mixing, laying concrete, curing, including contractor profit and over head charges etc.,complete but excluding cost of steel and its fabrication charges for finished item of work with minimum cement content as per IS code from standard suppliers approved by the department including pumping, centering, shuttering, laying concrete, vibrating, curing etc. complete but excluding VAT and seignorage charges for finished item of work. For FOUNDATIONS, PLINTH, PEDESTALS (Below Plinth).
B66: for building
B67: Footings
B68: Footing | C68: 6 | D68: 1.5 | E68: 1.5 | F68: 0.35 | G68: =ROUND(F68*E68*D68*C68,2) -> 4.73
B69: Miscellaneous | G69: 0.02
G70: 0 | H70: =data1!G200 -> 6625.33 | I70: =ROUND((H70*G70)/1,0) -> 0 | J70: =ROUND($G$70*data1!H200,2) -> 0 | K70: =ROUND($G$70*data1!I200,2) -> 0 | L70: =ROUND($G$70*data1!J200,2) -> 0 | M70: =ROUND($G$70*data1!K200,2) -> 0 | N70: =ROUND($G$70*data1!L200,2) -> 0 | O70: =ROUND($G$70*data1!M200,2) -> 0 | P70: =ROUND($G$70*data1!N200,2) -> 0 | Q70: =ROUND($G$70*data1!O200,2) -> 0 | R70: =ROUND($G$70*data1!P200,2) -> 0 | S70: =SUM(J70:R70) -> 0
G71: cum
B72: Pedastals | C72: =C68 -> 6 | D72: 0.45 | E72: 0.45 | F72: 0.45 | G72: 0 | H72: =data1!G208 -> 7038.33 | I72: =ROUND((H72*G72)/1,0) -> 0 | J72: =ROUND($G$72*data1!H180,2) -> 0 | K72: =ROUND($G$72*data1!I208,2) -> 0 | L72: =ROUND($G$72*data1!J208,2) -> 0 | M72: =ROUND($G$72*data1!K208,2) -> 0 | N72: =ROUND($G$72*data1!L208,2) -> 0 | O72: =ROUND($G$72*data1!M208,2) -> 0 | P72: =ROUND($G$72*data1!N208,2) -> 0 | Q72: =ROUND($G$72*data1!O208,2) -> 0 | R72: =ROUND($G$72*data1!P208,2) -> 0 | S72: =ROUND($G$72*data1!Q208,2) -> 0
G73: cum
B74: Plinth Beams in between grids
B75: Short Beams | C75: 3 | D75: =4.8-0.23 -> 4.57 | E75: 0.23 | F75: 0.38 | G75: =ROUND(F75*E75*D75*C75,2) -> 1.2
B76: Long beams | C76: 2 | D76: =6.33+0.23 -> 6.56 | E76: 0.23 | F76: 0.38 | G76: =ROUND(F76*E76*D76*C76,2) -> 1.15
B77: Deduct columns | C77: 6 | D77: 0.23 | E77: 0.38 | F77: 0.38 | G77: =-ROUND(F77*E77*D77*C77,2) -> -0.2
B78: Miscellaneous | G78: 0
G79: 0 | H79: =data1!G216 -> 8617.33 | I79: =ROUND((H79*G79)/1,0) -> 0 | J79: =ROUND($G$79*data1!H216,2) -> 0 | K79: =ROUND($G$79*data1!I216,2) -> 0 | L79: =ROUND($G$79*data1!J216,2) -> 0 | M79: =ROUND($G$79*data1!K216,2) -> 0 | N79: =ROUND($G$79*data1!L216,2) -> 0 | O79: =ROUND($G$79*data1!M216,2) -> 0 | P79: =ROUND($G$79*data1!N216,2) -> 0 | Q79: =ROUND($G$79*data1!O216,2) -> 0 | ... S79: =ROUND($G$79*data1!Q216,2) -> 0
G80: cum
B81: Supply and placing of the VRCC M30mix Concrete corresponding to Table 9 of IS 456 using with 20mm size graded machine crushed hard granite metal (coarse aggregate) from approved quarry including cost and conveyance of all materials like cement, fine aggregate (sand) coarse aggregate, water etc., to site including cost and conveyance of all materials, including all operational, incidental and labour charges such as , machine mixing, laying concrete, curing, including contractor profit and over head charges etc.,complete but excluding cost of steel and its fabrication charges for finished item of work with minimum cement content as per IS code from standard suppliers approved by the department including pumping, centering, shuttering, laying concrete, vibrating, curing etc. complete but excluding VAT and seignorage charges for finished item of work. For COLUMNS, LINTELS, WATER TANKS, RCC WALLS IN BUILDINGS.
B82: Columns in Ground Floor
B83: Columns | C83: =C72 -> 6 | D83: 0.23 | E83: 0.38 | F83: =0.55+0.3+0.6+3.3 -> 4.75 | G83: =ROUND(C83*D83*E83*F83,2) -> 2.49
G84: 0 | H84: =data1!E256 -> 8762.33 | I84: =ROUND((H84*G84)/1,0) -> 0 | J84: =ROUND($G$84*data1!H256,2) -> 0 | K84: =ROUND($G$84*data1!I256,2) -> 0 | L84: =ROUND($G$84*data1!J256,2) -> 0 | M84: =ROUND($G$84*data1!K256,2) -> 0 | N84: =ROUND($G$84*data1!L256,2) -> 0 | O84: =ROUND($G$84*data1!M256,2) -> 0 | P84: =ROUND($G$84*data1!N256,2) -> 0 | Q84: =ROUND($G$84*data1!O256,2) -> 0 | ... S84: =ROUND($G$84*data1!Q256,2) -> 0
G85: cum
B86: Lintels in between grids
B87: Long beams | C87: 2 | D87: =D76 -> 6.56 | E87: 0.23 | F87: 0.15 | G87: =ROUND(C87*D87*E87*F87,2) -> 0.45
B88: Short Beams | C88: 2 | D88: =D75 -> 4.57 | E88: 0.23 | F88: 0.15 | G88: =ROUND(C88*D88*E88*F88,2) -> 0.32
B89: =B77 -> Deduct columns | C89: =C77 -> 6 | D89: =D77 -> 0.23 | E89: =E77 -> 0.38 | F89: =F88 -> 0.15 | G89: =-ROUND(C89*D89*E89*F89,2) -> -0.08
B90: Miscellaneous | G90: 0.01
G91: 0 | H91: =data1!E245 -> 8934.33 | I91: =ROUND(H91*G91,0) -> 0 | J91: =ROUND($G$91*data1!H245,2) -> 0 | K91: =ROUND($G$91*data1!I245,2) -> 0 | L91: =ROUND($G$91*data1!J245,2) -> 0 | M91: =ROUND($G$91*data1!K245,2) -> 0 | N91: =ROUND($G$91*data1!L245,2) -> 0 | O91: =ROUND($G$91*data1!M245,2) -> 0 | P91: =ROUND($G$91*data1!N245,2) -> 0 | Q91: =ROUND($G$91*data1!O245,2) -> 0 | ... S91: =ROUND($G$91*data1!Q245,2) -> 0
G92: cum
B93: Supply and placing of the VRCC M30 mix Concrete corresponding to Table 9 of IS 456 using with 20mm size graded machine crushed hard granite metal (coarse aggregate) from approved quarry including cost and conveyance of all materials like cement, fine aggregate (sand) coarse aggregate, water etc., to site including cost and conveyance of all materials, including all operational, incidental and labour charges such as , machine mixing, laying concrete, curing, including contractor profit and over head charges etc.,complete but excluding cost of steel and its fabrication charges for finished item of work with minimum cement content as per IS code from standard suppliers approved by the department including pumping, centering, shuttering, laying concrete, vibrating, curing etc. complete but excluding VAT and seignorage charges for finished item of work. For RCC SLABS, BEAMS
B94: StairCase slab of 150mm thick
B95: First Flight | C95: 1 | D95: 3.56 | E95: 1.475 | G95: =ROUND(C95*D95*E95,2) -> 5.25
B96: Landing slab | C96: 1 | D96: 3.18 | E96: 1 | G96: =ROUND(C96*D96*E96,2) -> 3.18
B97: Second Flight | C97: 1 | D97: 3.56 | E97: 1.475 | G97: =ROUND(C97*D97*E97,2) -> 5.25
B98: Ladder slab | C98: 1 | D98: 1 | E98: 1.15 | G98: =ROUND(C98*D98*E98,2) -> 1.15
B99: Miscellaneous | G99: 0.02
G100: 0 | H100: =data1!E307 -> 1142.77 | I100: =ROUND(H100*G100,0) -> 0 | J100: =ROUND($G$100*data1!H307,2) -> 0 | K100: =ROUND($G$100*data1!I307,2) -> 0 | L100: =ROUND($G$100*data1!J307,2) -> 0 | M100: =ROUND($G$100*data1!K307,2) -> 0 | N100: =ROUND($G$100*data1!L307,2) -> 0 | O100: =ROUND($G$100*data1!M307,2) -> 0 | P100: =ROUND($G$100*data1!N307,2) -> 0 | Q100: =ROUND($G$100*data1!O307,2) -> 0 | ... S100: =ROUND($G$100*data1!Q307,2) -> 0
G101: Sqm
...

Sheet Ele Estimate
A1: DETAILED ESTIMATE
A2: Name of the work | B2: ='lead 1'!C2 -> Constrution of Bharat Nirman Seva Kendra (BNSK) Grama Panchayat building in Gayamvaripalli GP of H.M.Padu Mandal
A3: Name of the sub work | B3: Providing Electrification Items
A4: S.NO | B4: DESCRIPTION OF WORK | C4: QTY | D4: RATE | E4: PER | F4: AMOUNT
A5: 1 | B5: Supply and Fixing of ISI 25mm outer dia medium (1.80mm thickness) grade with IS:9537 part 3 regid PVC pipe with PVC / Metallic Junction boxes and all accessories including Fixing of existing suitable size Consealed box PVC / MS with hook for fan including all labour charges etc., complete.(Data No.12-13-3.1.3) | C5: 50 | D5: ='Ele Data'!I20 -> 57.7 | E5: RMT | F5: =ROUND(C5*D5,0) -> 2885
A7: 2 | B7: Labour charges for Grooves 2-3mm thick for PVC pipes | C7: 50 | D7: ='Ele Data'!I24 -> 55 | E7: RMT | F7: =ROUND(C7*D7,0) -> 2750
A9: 3 | B9: Supply and laying of ISI 25mm outer dia medium (1.80mm thickness) grade with IS:9537 part 3 regid PVC pipe concealed in wall with PVC / Metallic junction boxes and all required accessories including masonary work for light, fan and separate plug point including Fixing of existing suitable size moduler box for fix the Modular type switches including all labour charges etc., complete.(Data No. ) | C9: 40 | D9: ='Ele Data'!I44 -> 72.2 | E9: RMT | F9: =ROUND(C9*D9,0) -> 2888
A11: 4 | B11: Wiring with run of 2 of 14/0.3mm (1.0 Sq.mm) FRLS / HFFR PVC insulated flexible ISI mark copper cable in existing PVC conduit pipe including Supply and fixing of Jumbo Ceiling rose and 6A/10A ISI Mark 1way Modular switch with required modular box and cover frame in existing Surface or Concealed pipe wiring including cost and conveyance of all material and all labour charges etc., complete for light and bell points in N.R.B.(Data No. ) | C11: 20 | D11: ='Ele Data'!I65 -> 522 | E11: EACH | F11: =ROUND(C11*D11,0) -> 10440
A13: 5 | B13: Supply and fixing of 6A/10A ISI Mark 3/2 pin Modular socket with 6A/10A 1way Modular switch, 3 Module box with cover frame on a Common switch board including cost and conveyance of all materials and all labour charges etc., complete in N.R.B.(Data No. ) | C13: 6 | D13: ='Ele Data'!I81 -> 431 | E13: EACH | F13: =ROUND(C13*D13,0) -> 2586
A15: 5 | B15: Wiring with run of 3 of 14/0.3mm (1.0 Sq.mm) FRLS / HFFR PVC insulated flexible ISI mark copper cable in existing PVC Surface / Consealed conduit pipe wiring including supply and fixing of 6A/10A ISI Mark 3/2 pin Modular socket, 6A/10A 1way Modular switch, 3 Module box with required cover frame including cost and conveyance of all material and all labour charges etc., complete for seperate plug points in N.R.B. (Data No. ) | D15: ='Ele Data'!I104 -> 564 | E15: EACH | F15: =ROUND(C15*D15,0) -> 0
F16: =ROUND(C16*D16,0) -> 0
A17: 6 | B17: Supply and Run of 3 of 22/0.3mm (1.50 Sq.mm) FRLS / HFFR PVC insulated flexible ISI mark copper cable in existing pipe for run of mains inlcuding all labour charges etc., complete.(Data No. ) | C17: 30 | D17: ='Ele Data'!I122 -> 67 | E17: RMT | F17: =ROUND(C17*D17,0) -> 2010
A19: 7 | B19: Supply and Run of 2 of 36/0.3mm (2.50 Sq.mm) with Run 1 of 22/0.3mm(1.5Sqmm) FRLS / HFFR PVC insulated flexible ISI mark copper cable in existing pipe for run of mains inlcuding all labour charges etc., complete.(Data No. ) | D19: ='Ele Data'!I140 -> 85.6 | E19: RMT | F19: =ROUND(C19*D19,0) -> 0
A21: 8 | B21: Supply and Run of 2 of 56/0.3mm (4.00 Sq.mm) with Run 1 of 22/0.3mm(1.5Sqmm) FRLS / HFFR PVC insulated flexible ISI mark copper cable in existing pipe for run of mains inlcuding all labour charges etc., complete.(Data No. ) | D21: ='Ele Data'!I158 -> 113 | E21: RMT | F21: =ROUND(C21*D21,0) -> 0
A23: 7 | B23: Supply and fixing of ISI mark batten holder / angle holder on existing block, but without bulb including all connections etc., complete (For replacement).(Data No. ) | C23: 8 | D23: ='Ele Data'!I172 -> 67 | E23: EACH | F23: =ROUND(C23*D23,0) -> 536
A25: 10 | B25: Supply and fixing of Modular telephone Jack with connector on existing Metallic deep box in existing surface / consealed pipe wiring including cost and coveyance of all material and all labour charges etc., complete in N.R.B. / R.B. (Data No. ) | D25: ='Ele Data'!I185 -> 113.6 | E25: EACH | F25: =ROUND(C25*D25,0) -> 0
A27: 8 | B27: Supply and Transportation and fixing of 1200 mm length,Box type powder coatedtube light luminaire with necessary wiring suitable for fixing 2 Nos retrofit T8 LED tubes but without tube and choke Makes: Phillips / Crompton /Bajaj/Surya/Havells/HPL | C27: 6 | D27: ='Ele Data'!I279 -> 405 | E27: EACH | F27: =ROUND(C27*D27,0) -> 2430
A29: 9 | B29: Supply, Transportation and Fixing of 48" (1200mm) Sweep 5 Star rated Ceiling Fan with double ball bearings but without regulator including all standard accessories and all labour charges etc., complete.(Data No. ) | C29: 4 | D29: ='Ele Data'!I202 -> 2457 | E29: EACH | F29: =ROUND(C29*D29,0) -> 9828
A31: 10 | B31: Supply & Fixing of Modular type Stepped electronic regulator for sweep AC ceiling fans of 900mm / 1200mm / 1400mm. (Data No. ) | C31: 4 | D31: ='Ele Data'!I216 -> 497 | E31: EACH | F31: =ROUND(C31*D31,0) -> 1988
A33: 11 | B33: Supply and fixing of Consealed box PVC / MS with hook for fan grouted in RCC slab with making the slab as original.(Data No. ) | C33: 4 | D33: ='Ele Data'!I230 -> 272.8 | E33: EACH | F33: =ROUND(C33*D33,0) -> 1091
A35: 12 | B35: Supply and fixing of 19/20mm dia steel tube down rod for ceiling fan of 1 Mtr Length with bolts and nuts duly painted with matching colour of fan including all labour charges etc., complete.(Data No. ) | C35: 4 | D35: ='Ele Data'!I242 -> 132 | E35: EACH | F35: =ROUND(C35*D35,0) -> 528
A37: 16 | B37: Supply, Transportation and Fixing of 12" (300mm) ISI, Fresh Air fan with metallic body and blades including making hole in wall and masonary work and all labour charges etc., complete. (Data No. ) | C37: 2 | D37: ='Ele Data'!I263 -> 2076 | E37: EACH
A39: 13 | B39: Supply and fixing of DB with 1 No 20A single phase plug and Socket, in sheet steel enclosure with 1 No 10A to 20A 10 KA SP MCB including internal connection and labour charges for Surface Mounting etc., complete. (Data No. ) | C39: 1 | D39: ='Ele Data'!I295 -> 1227 | E39: EACH | F39: =ROUND(C39*D39,0) -> 1227
A41: 14 | B41: Supply and fixing of 8 Way TPN DB Horizontal with IP 20 / 43 Protection as per IS:13032 and suitable for 24 Nos S.P. out goings and for 1 No 4 pole Incommer with 1 No 40A / 63A / 80A / 100A FP Isolator and 24 Nos 6-32 A 10kA SP MCBs of including internal connections and labour charges for Flush Mounting etc., complete. (Data No. 6.2.1) | C41: 1 | D41: ='Ele Data'!I315 -> 10532 | E41: EACH | F41: =ROUND(C41*D41,0) -> 10532
A43: 19 | B43: Supply and Run of 4 of 84/0.3mm (6.0 Sq.mm) with Run 1 of 36/0.3mm(2.5 Sqmm) FRLS / HFFR PVC insulated flexible ISI mark copper cable in existing pipe for run of mains inlcuding all labour charges etc., complete.(Data No. ) | D43: ='Ele Data'!I333 -> 297.8 | E43: RMT | F43: =ROUND(C43*D43,0) -> 0
A45: 15 | B45: Providing independent earthling by excavating a pit to a depth of 2.25Mt in all soils, as per size specified in the Data, using 40mm dia 'B' class GI pipe of 2.5 Mtrs length with necessary No.8 G.I. double earth wire and accessories with 18" dia 2" thick hume pipe ring duly providing staggered holes including filling with 20Kg Salt and 40Kg Charcoal or 40Kg bentonite powder in layers and all labour charges etc., complete.(Data No. ) | C45: 1 | D45: ='Ele Data'!I357 -> 3390 | E45: EAH | F45: =ROUND(C45*D45,0) -> 3390
A47: 21 | B47: Supply,laying ,testing and commisioning of 4-pair, Cat6 Solid (Third party ETL Intertek tested 600 MHZ above) to support 1Gbps with Cross (+) filler pair seperator & PVC sheath 23 AWG, STP/UTP Cable , Meets or exceeds NSI/TIA- 568-C.2 and UL Listed &RoHS Compliant in the existing raceways /pvc conduits including making connections to information outlets and patch panels with erruling at both ends for identifiation with necessary tools for punching stripping crimping and testing required etc., complete Makes: Systimax /AMP/ Panduit/ Siemond/ Molex/Legrand | D47: ='Ele Data'!I391 -> 32 | E47: RMT | F47: =ROUND(C47*D47,0) -> 0
A49: 22 | B49: Supply and run of 5 pair telephone copper wire in existing pipe inlcuding all labour charges etc., complete. Makes:Finolex / Delton / Surabi / Polycab / Nakoda / GM. | D49: ='Ele Data'!I371 -> 29.7 | E49: RMT | F49: =ROUND(C49*D49,0) -> 0
A51: 23 | B51: APSPDCL ELECTRICAL CHARGES | H51: =F51+G54 -> 294891
B52: TOTAL | F52: =SUM(F5:F51) -> 55109
G54: =350000-F52 -> 294891
B56: ='lead 1'!I37 -> Deputy Executive Engineer | E56: ='lead 1'!L37 -> Assistant Engineer
B57: ='lead 1'!I38 -> PRI Sub Division | E57: ='lead 1'!L38 -> Mandal Praja parishad
B58: ='lead 1'!I39 -> Kanigiri | E58: ='lead 1'!L39 -> H.M.Padu

Sheet SEIG
A1: SEIGNEORAGE STATEMENT
A2: ='lead 1'!B2&'lead 1'!C2 -> Name of the Work: Constrution of Bharat Nirman Seva Kendra (BNSK) Grama Panchayat building in Gayamvaripalli GP of H.M.Padu Mandal
A3: S.No | B3: Description of Item | C3: Ground Floor | D3: First Floor | E3: Head Room | F3: Septic tank | G3: Total | H3: Unit | I3: Sand for Filling | K3: Sand for Mortor | M3: Sand for concrete | O3: 40 MM HBG Metal | Q3: 20, 12, 10, 6MM HBG Metal | S3: Brick | U3: Cement | W3: Steel
I4: ratio | J4: Qty | K4: ratio | L4: Qty | M4: ratio | N4: Qty | O4: ratio | P4: Qty | Q4: ratio | R4: Qty | S4: ratio | T4: Qty | U4: ratio | V4: Qty | W4: Qty
A5: 1 | B5: 2 | C5: 3 | D5: 4 | E5: 5 | F5: 6 | G5: 4 | H5: 5 | I5: 6 | J5: 7 | K5: 8 | L5: 9 | M5: 10 | N5: 11 | O5: 12 | P5: 13 | Q5: 14 | R5: 15 | S5: 16 | T5: 17 | U5: 18 | V5: 19 | W5: 20
A6: 1 | B6: Sand filling | C6: ='ground floor'!I43 -> 49.1 | G6: =C6+D6+E6+F6 -> 49.1 | H6: Cum | I6: 1 | J6: =ROUND(G6*I6,2) -> 49.1
A7: 2 | B7: CC (1:4:8) | C7: ='ground floor'!I86 -> 20.76 | G7: =C7+D7+E7+F7 -> 20.76 | H7: Cum | M7: 0.45 | N7: =ROUND(G7*M7,2) -> 9.34 | O7: 0.9 | P7: =ROUND(G7*O7,2) -> 18.68 | U7: 162 | V7: =ROUND(G7*U7,2) -> 3363.12
A8: 3 | B8: M20 mix - Column Footings | C8: ='ground floor'!I94 -> 13.3 | G8: =C8+D8+E8+F8 -> 13.3 | H8: Cum | M8: 0.4 | N8: =ROUND(G8*M8,2) -> 5.32 | Q8: 0.8 | R8: =ROUND(G8*Q8,2) -> 10.64 | U8: 330 | V8: =ROUND(G8*U8,2) -> 4389
A9: 4 | B9: M20 mix - Column Pedastal | C9: ='ground floor'!I99 -> 2.59 | G9: =C9+D9+E9+F9 -> 2.59 | H9: Cum | M9: 0.4 | N9: =ROUND(G9*M9,2) -> 1.04 | Q9: 0.8 | R9: =ROUND(G9*Q9,2) -> 2.07 | U9: =U8 -> 330 | V9: =ROUND(G9*U9,2) -> 854.7
A10: 5 | B10: M20 mix - Plinth Beam | C10: ='ground floor'!I114 -> 4.89 | G10: =C10+D10+E10+F10 -> 4.89 | H10: Cum | M10: 0.4 | N10: =ROUND(G10*M10,2) -> 1.96 | Q10: 0.8 | R10: =ROUND(G10*Q10,2) -> 3.91 | U10: =U9 -> 330 | V10: =ROUND(G10*U10,2) -> 1613.7
A11: 6 | B11: M20 mix - Columns | C11: ='ground floor'!I122 -> 5.87 | D11: ='first floor'!I16 -> 0 | G11: =C11+D11+E11+F11 -> 5.87 | H11: Cum | M11: 0.4 | N11: =ROUND(G11*M11,2) -> 2.35 | Q11: 0.8 | R11: =ROUND(G11*Q11,2) -> 4.7 | U11: =U10 -> 330 | V11: =ROUND(G11*U11,2) -> 1937.1
A12: 7 | B12: M20 mix - Lintels | C12: ='ground floor'!I138 -> 2.26 | D12: ='first floor'!I26 -> 0 | G12: =C12+D12+E12+F12 -> 2.26 | H12: Cum | M12: 0.4 | N12: =ROUND(G12*M12,2) -> 0.9 | Q12: 0.8 | R12: =ROUND(G12*Q12,2) -> 1.81 | U12: =U11 -> 330 | V12: =ROUND(G12*U12,2) -> 745.8
A13: 8 | B13: M20 mix - Roof slab 150 mm | C13: ='ground floor'!I147 -> 0 | D13: ='first floor'!I40 -> 0 | G13: =C13+D13+E13+F13 -> 0 | H13: Sqm | M13: =ROUND(0.4*0.15,3) -> 0.06 | N13: =ROUND(G13*M13,2) -> 0 | Q13: =ROUND(0.8*0.15,3) -> 0.12 | R13: =ROUND(G13*Q13,2) -> 0 | U13: =ROUND(330*0.15,2) -> 49.5 | V13: =ROUND(G13*U13,2) -> 0
A14: 8 | B14: M20 mix - Roof slab 125 mm | C14: ='ground floor'!I152 -> 131.91 | D14: ='first floor'!I37 -> 0 | G14: =C14+D14+E14+F14 -> 131.91 | H14: Sqm | M14: =ROUND(0.4*0.125,3) -> 0.05 | N14: =ROUND(G14*M14,2) -> 6.6 | Q14: =ROUND(0.8*0.125,3) -> 0.1 | R14: =ROUND(G14*Q14,2) -> 13.19 | U14: =ROUND(330*0.125,2) -> 41.25 | V14: =ROUND(G14*U14,2) -> 5441.29
A15: 9 | B15: M20 mix - Roof level beams | C15: ='ground floor'!I160 -> 5.39 | D15: ='first floor'!I50 -> 0 | G15: =C15+D15+E15+F15 -> 5.39 | H15: Cum | M15: 0.4 | N15: =ROUND(G15*M15,2) -> 2.16 | Q15: 0.8 | R15: =ROUND(G15*Q15,2) -> 4.31 | U15: =U12 -> 330 | V15: =ROUND(G15*U15,2) -> 1778.7
A16: 10 | B16: M20 mix - Sunshades | C16: ='ground floor'!I172 -> 20.24 | D16: ='first floor'!I32 -> 0 | G16: =C16+D16+E16+F16 -> 20.24 | H16: Rm | M16: =ROUND(0.4*0.0375,3) -> 0.015 | N16: =ROUND(G16*M16,2) -> 0.3 | Q16: =ROUND(0.8*0.0375,3) -> 0.03 | R16: =ROUND(G16*Q16,2) -> 0.61 | U16: =ROUND(330*0.0375,2) -> 12.38 | V16: =ROUND(G16*U16,2) -> 250.57
A17: 11 | B17: Brick Masonery in C.M (1:8) | C17: ='ground floor'!I212 -> 32.12 | G17: =C17+D17+E17+F17 -> 32.12 | H17: Cum | K17: 0.2 | L17: =ROUND(G17*K17,2) -> 6.42 | S17: 0.512 | T17: =ROUND(G17*S17,2) -> 16.45 | U17: 36 | V17: =ROUND(G17*U17,2) -> 1156.32
A18: 12 | B18: Brick Masonery in C.M (1:6) | C18: ='ground floor'!I227 -> 9.77 | D18: ='first floor'!I60 -> 0 | G18: =C18+D18+E18+F18 -> 9.77 | H18: Cum | K18: 0.2 | L18: =ROUND(G18*K18,2) -> 1.95 | S18: 0.512 | T18: =ROUND(G18*S18,2) -> 5 | U18: 48 | V18: =ROUND(G18*U18,2) -> 468.96
A19: 13 | B19: RCC Brick Masonery 115mm | C19: ='ground floor'!I238 -> 0 | D19: ='first floor'!I76 -> 0 | G19: =C19+D19+E19+F19 -> 0 | H19: Sqm | K19: =ROUND(0.2*0.1,3) -> 0.02 | L19: =ROUND(G19*K19,2) -> 0 | S19: =ROUND(0.565*0.1,3) -> 0.057 | T19: =ROUND(G19*S19,2) -> 0 | U19: =ROUND(72*0.1,2) -> 7.2 | V19: =ROUND(G19*U19,2) -> 0
A20: 14 | B20: Impervious coat with C.M ( 1;3 ), 20 mm thick | C20: ='ground floor'!I165 -> 131.91 | G20: =C20+D20+E20+F20 -> 131.91 | H20: Sqm | K20: 0.021 | L20: =ROUND(G20*K20,2) -> 2.77 | U20: 10.08 | V20: =ROUND(G20*U20,2) -> 1329.65
A21: 15 | B21: Plastering 12 mm two coats | C21: ='ground floor'!I253 -> 324.55 | D21: ='first floor'!I154 -> 0 | G21: =C21+D21+E21+F21 -> 324.55 | H21: Sqm | K21: =ROUND(0.015*1,3) -> 0.015 | L21: =ROUND(G21*K21,2) -> 4.87 | U21: 5.09 | V21: =ROUND(G21*U21,2) -> 1651.96
A22: 16 | B22: Plastering 20 mm two coats | C22: ='ground floor'!I262 -> 184.73 | D22: ='first floor'!I162 -> 0 | G22: =C22+D22+E22+F22 -> 184.73 | H22: Sqm | K22: =ROUND(0.021*1.05,3) -> 0.022 | L22: =ROUND(G22*K22,2) -> 4.06 | U22: 5.75 | V22: =ROUND(G22*U22,2) -> 1062.2
A23: 17 | B23: Ornamental plastering with C. M ( 1:3 ), 12 mm thick | C23: ='ground floor'!I287 -> 176.97 | D23: ='first floor'!I126 -> 0 | G23: =C23+D23+E23+F23 -> 176.97 | H23: Sqm | K23: =ROUND(0.015*1.05,3) -> 0.016 | L23: =ROUND(G23*K23,2) -> 2.83 | U23: 7.2 | V23: =ROUND(G23*U23,2) -> 1274.18
A24: 18 | B24: Flooring with Virtified tiles | C24: ='ground floor'!I299 -> 98.2 | D24: ='first floor'!I100 -> 0 | G24: =C24+D24+E24+F24 -> 98.2 | H24: Sqm | K24: 0.014 | L24: =ROUND(G24*K24,2) -> 1.37 | U24: 6.06 | V24: =ROUND(G24*U24,2) -> 595.09
A25: 19 | B25: Skirting with Polishde stone | C25: ='ground floor'!I312 -> 11.94 | D25: ='first floor'!I114 -> 0 | G25: =C25+D25+E25+F25 -> 11.94 | H25: Sqm | K25: 0.012 | L25: =ROUND(G25*K25,2) -> 0.14 | U25: 9.06 | V25: =ROUND(G25*U25,2) -> 108.18
A26: 20 | B26: Granolithic Concrete Flooring | C26: ='ground floor'!I318 -> 0 | D26: ='first floor'!I52 -> 0 | G26: =C26+D26+E26+F26 -> 0 | H26: Sqm | M26: =ROUND(0.085*0.1,4) -> 0.0085 | N26: =ROUND(G26*M26,2) -> 0 | Q26: =ROUND(0.17*0.1,3) -> 0.017 | R26: =ROUND(G26*Q26,2) -> 0 | U26: =ROUND(120*0.1,2) -> 12 | V26: =ROUND(G26*U26,2) -> 0
A27: 21 | B27: Ceramic tiled flooring | C27: ='ground floor'!I323 -> 0 | D27: ='first floor'!I170 -> 0 | G27: =C27+D27+E27+F27 -> 0 | H27: Sqm | K27: 0.012 | L27: =ROUND(G27*K27,2) -> 0 | U27: 5.46 | V27: =ROUND(G27*U27,2) -> 0
A28: 22 | B28: Daddoing with tiles | C28: ='ground floor'!I328 -> 0 | D28: ='first floor'!I178 -> 0 | G28: =C28+D28+E28+F28 -> 0 | H28: Sqm | K28: 0.012 | L28: =ROUND(G28*K28,2) -> 0 | U28: 9.06 | V28: =ROUND(G28*U28,2) -> 0
A29: 23 | B29: Impervious coat with C.M ( 1;3 ), 20 mm thick | D29: ='first floor'!I118 -> 0 | G29: =C29+D29+E29+F29 -> 0 | H29: Sqm | K29: 0.021 | L29: =ROUND(G29*K29,2) -> 0 | U29: 10.08 | V29: =ROUND(G29*U29,2) -> 0
A30: 1 | B30: CC (1:5:10) | G30: =C30+D30+E30+F30 -> 0 | H30: Cum | M30: 0.45 | N30: =ROUND(G30*M30,2) -> 0 | O30: 0.9 | P30: =ROUND(G30*O30,2) -> 0 | U30: 129.6 | V30: =ROUND(G30*U30,2) -> 0
A31: 11 | B31: M20 mix - Roof slab 115 mm | G31: =C31+D31+E31+F31 -> 0 | H31: Sqm | M31: =ROUND(0.45*0.115,3) -> 0.052 | N31: =ROUND(G31*M31,2) -> 0 | Q31: =ROUND(0.9*0.115,3) -> 0.104 | R31: =ROUND(G31*Q31,2) -> 0 | U31: =ROUND(330*0.115,2) -> 37.95 | V31: =ROUND(G31*U31,2) -> 0
A32: 12 | B32: M20 mix - Roof slab 100 mm | G32: =C32+D32+E32+F32 -> 0 | H32: Sqm | M32: =ROUND(0.45*0.1,3) -> 0.045 | N32: =ROUND(G32*M32,2) -> 0 | Q32: =ROUND(0.9*0.1,3) -> 0.09 | R32: =ROUND(G32*Q32,2) -> 0 | U32: =ROUND(330*0.1,2) -> 33 | V32: =ROUND(G32*U32,2) -> 0
A33: 14 | B33: PCC M20 mix - Staircase step | G33: =C33+D33+E33+F33 -> 0 | H33: Cum | M33: 0.45 | N33: =ROUND(G33*M33,2) -> 0 | Q33: 0.9 | R33: =ROUND(G33*Q33,2) -> 0 | U33: 330 | V33: =ROUND(G33*U33,2) -> 0
A34: 20 | B34: Steel | C34: ='ground floor'!I407/1000 -> 4 | D34: ='first floor'!I257/1000 -> 0 | G34: =C34+D34+E34+F34 -> 4 | H34: MT | W34: =G34 -> 4
J35: =SUM(J6:J34) -> 49.1 | L35: =SUM(L6:L34) -> 24.41 | N35: =SUM(N6:N34) -> 29.97 | P35: =SUM(P6:P34) -> 18.68 | R35: =SUM(R6:R34) -> 41.24 | T35: =SUM(T6:T34) -> 21.45 | V35: =SUM(V6:V34) -> 28020.52 | W35: =SUM(W6:W34) -> 4
J36: 100 | L36: 100 | N36: 100 | P36: 90 | R36: 90 | T36: 80 | V36: 50 | W36: 1
J37: =ROUND(J35*J36,2) -> 4910 | L37: =ROUND(L35*L36,2) -> 2441 | N37: =ROUND(N35*N36,2) -> 2997 | P37: =ROUND(P35*P36,2) -> 1681.2 | R37: =ROUND(R35*R36,2) -> 3711.6 | T37: =ROUND(T35*T36,2) -> 1716 | V37: =ROUND(V35/V36,2) -> 560.41 | W37: =ROUND(W35/W36,2) -> 4
J38: =J37+L37+N37+T37+P37+R37 -> 17456.8 | K38: Or | L38: =ROUND(J38,0) -> 17457 | V38: Bags | W38: MT
N42: ='lead 1'!I37 -> Deputy Executive Engineer | T42: ='lead 1'!L37 -> Assistant Engineer
N43: ='lead 1'!I38 -> PRI Sub Division | T43: ='lead 1'!L38 -> Mandal Praja parishad
N44: ='lead 1'!I39 -> Kanigiri | T44: ='lead 1'!L39 -> H.M.Padu

Sheet GST Sheet
A1: GST CALCULATION SHEET
A2: ='lead 1'!B2 -> Name of the Work: | C2: ='lead 1'!C2 -> Constrution of Bharat Nirman Seva Kendra (BNSK) Grama Panchayat building in Gayamvaripalli GP of H.M.Padu Mandal
A3: S.No. | B3: Description of item | C3: Quantity | E3: Rate | F3: GST percentage | G3: Amount
A4: 1 | B4: Metal( 20, 12, 10, 6 mm ) | C4: =SEIG!R35 -> 41.24 | D4: x | E4: =data1!F13 -> 1460.56 | F4: 0.05 | G4: =ROUND(E4*C4*F4,2) -> 3011.67
A5: 2 | B5: Metal( 40 mm ) | C5: =SEIG!P35 -> 18.68 | D5: x | E5: ='lead 1'!M16 -> 1479.2 | F5: 0.05 | G5: =ROUND(E5*C5*F5,2) -> 1381.57
A6: 3 | B6: sand for concrete | C6: =SEIG!N35 -> 29.97 | D6: x | E6: ='lead 1'!M13 -> 1469.4 | F6: 0.05 | G6: =ROUND(E6*C6*F6,2) -> 2201.9
A7: 4 | B7: sand for filling | C7: =SEIG!J35 -> 49.1 | D7: x | E7: ='lead 1'!M14 -> 1334.4 | F7: 0.05 | G7: =ROUND(E7*C7*F7,2) -> 3275.95
A8: 5 | B8: sand for plastering | C8: =SEIG!L35 -> 24.41 | D8: x | E8: ='lead 1'!M12 -> 1549.4 | F8: 0.05 | G8: =ROUND(E8*C8*F8,2) -> 1891.04
A9: 6 | B9: bricks | C9: =SEIG!T35 -> 21.45 | D9: x | E9: ='lead 1'!M15 -> 7114.6 | F9: 0.05 | G9: =ROUND(E9*C9*F9,2) -> 7630.41
A10: 7 | B10: Cement | C10: =SEIG!V35/1000 -> 28.02052 | D10: x | E10: 3750 | F10: 0.28 | G10: =ROUND(E10*C10*F10,2) -> 29421.55
A11: 8 | B11: vtrified tiles | C11: =(SEIG!G24*10.5)/10 -> 103.11 | D11: x | E11: =data1!F476 -> 612 | F11: 0.28 | G11: =ROUND(E11*C11*F11,2) -> 17668.93
A12: 9 | B12: vtrified Skriting tiles | C12: =(SEIG!G25*10.5)/10 -> 12.537 | D12: x | E12: =E11 -> 612 | F12: 0.28 | G12: =ROUND(E12*C12*F12,2) -> 2148.34
A13: 10 | B13: Ceramic tiles | C13: =(SEIG!G27*10.5)/10 -> 0 | D13: x | E13: =data1!F528 -> 323 | F13: 0.28 | G13: =ROUND(E13*C13*F13,2) -> 0
A14: 11 | B14: Dadoing | C14: =(SEIG!G28*10.5)/10 -> 0 | D14: x | E14: =data1!F552 -> 323 | F14: 0.28 | G14: =ROUND(E14*C14*F14,2) -> 0
A15: 10 | B15: Door 0.90 x 2.10 (Rate Excluding labour amount) | C15: ='ground floor'!I356 -> 2 | D15: x | E15: =data1!G1042-data1!G1034-data1!G1022 -> 5187.36 | F15: 0.28 | G15: =ROUND(E15*C15*F15,2) -> 2904.92
A16: 11 | B16: Door 1.20 x 2.10 (Rate Excluding labour amount) | C16: ='ground floor'!I360 -> 5 | D16: x | E16: =data1!G1075-data1!G1067-data1!G1055 -> 7434.26 | F16: 0.28 | G16: =ROUND(E16*C16*F16,2) -> 10407.96
A17: 12 | B17: Door 0.75 x 2.10 (Rate Excluding labour amount) | C17: ='ground floor'!I364 -> 3 | D17: x | E17: =data1!G1104-data1!G1096 -> 5141.14 | F17: 0.28 | G17: =ROUND(E17*C17*F17,2) -> 4318.56
A18: 13 | B18: window 0.90 x 1.35 (Rate Excluding labour amount) | C18: ='ground floor'!I368 -> 9 | D18: x | E18: =data1!G1135-data1!G1128 -> 6065.97 | F18: 0.28 | G18: =ROUND(E18*C18*F18,2) -> 15286.24
A20: 12 | B20: Door 1.20 x 2.10 (Rate Excluding labour amount) | C20: ='ground floor'!I371+'first floor'!I237 -> 0 | D20: x | E20: ='ground floor'!J371-data1!G973 -> 8812.2 | F20: 0.28 | G20: =ROUND(E20*C20*F20,2) -> 0
A21: 13 | B21: Door 1.05 x 2.10 (Rate Excluding labour amount) | C21: ='ground floor'!I374+'first floor'!I240 -> 0 | D21: x | E21: =data1!G939-data1!G926 -> 7893.5 | F21: 0.28 | G21: =ROUND(E21*C21*F21,2) -> 0
A22: 14 | B22: Door 0.75 x 2.10 (Rate Excluding labour amount) | C22: ='first floor'!I243 -> 0 | D22: x | E22: =data1!G898-data1!G885 -> 6076.5 | F22: 0.28 | G22: =ROUND(E22*C22*F22,2) -> 0
A23: 15 | B23: wondows | C23: ='ground floor'!I380 -> 0 | D23: x | E23: ='ground floor'!J380 -> 7288 | F23: 0.28 | G23: =ROUND(E23*C23*F23,2) -> 0
A24: 16 | B24: wondows | C24: ='first floor'!I246 -> 0 | D24: x | E24: =E23 -> 7288 | F24: 0.28 | G24: =ROUND(E24*C24*F24,2) -> 0
A25: 14 | B25: GF & FF Painting Primary | C25: ='ground floor'!I343+'ground floor'!I351 -> 0 | D25: x | E25: =data1!F653 -> 141 | F25: 0.28 | G25: =ROUND(E25*C25*F25,2) -> 0
A26: 15 | B26: GF & FF interier Emulsion paint | C26: =SUM('ground floor'!I343+'first floor'!I226)/10*0.8 -> 0 | D26: x | E26: =data1!F631 -> 168 | F26: 0.28 | G26: =ROUND(E26*C26*F26,2) -> 0
A27: 16 | B27: GF & FF Exterier Emulsion paint | C27: =SUM('ground floor'!I351+'first floor'!I234)/10*0.8 -> 0 | D27: x | E27: =data1!F666 -> 194 | F27: 0.28 | G27: =ROUND(E27*C27*F27,2) -> 0
A28: 20 | B28: Paining to Iron work | C28: =SUM('ground floor'!I398)/10*0.8 -> 0 | D28: x | E28: ='ground floor'!J398 -> 133.92 | F28: 0.28 | G28: =ROUND(E28*C28*F28,2) -> 0
A29: 14 | B29: TMT fe 500 GF & FF | C29: =('ground floor'!I407+'ground floor'!I404+'first floor'!I257)*1.05/1000 -> 4.2 | D29: x | E29: ='lead 1'!M9 -> 38500 | F29: 0.18 | G29: =ROUND(E29*C29*F29,2) -> 29106
A30: 22 | B30: Black bowl urinal | C30: ='first floor'!I260 -> 0 | D30: x | E30: ='first floor'!J260 -> 810 | F30: 0.28 | G30: =ROUND(E30*C30*F30,2) -> 0 | AS30: `
A31: 23 | B31: European Water Closet | C31: ='first floor'!I266 -> 0 | D31: x | E31: ='first floor'!J266 -> 1784 | F31: 0.28 | G31: =ROUND(E31*C31*F31,2) -> 0
A32: 24 | B32: Flat Back Wash Hand Basin | C32: ='first floor'!I269 -> 0 | D32: x | E32: ='first floor'!J269 -> 2551 | F32: 0.28 | G32: =ROUND(E32*C32*F32,2) -> 0
A33: 25 | B33: Plastic seat and lid for European water closets with rubber or plastic Buffers | C33: ='first floor'!I272 -> 0 | D33: x | E33: ='first floor'!J272 -> 766 | F33: 0.28 | G33: =ROUND(E33*C33*F33,2) -> 0
B34: Electrification items (excluding labour rates)
A35: 26 | B35: 25mm dia PVC PIPes | C35: ='Ele Estimate'!C5 -> 50 | D35: x | E35: ='Ele Data'!I17 -> 28.36 | G35: =ROUND(E35*C35*F35,2) -> 0
A36: 27 | B36: 25mm dia PVC PIPes | C36: ='Ele Estimate'!C9 -> 40 | D36: x | E36: ='Ele Data'!I41 -> 32.96 | G36: =ROUND(E36*C36*F36,2) -> 0
F37: Total | G37: =SUM(G4:G36) -> 130655.04
F38: Or Say | G38: =ROUND(G37,0) -> 130655
B42: ='lead 1'!I37 -> Deputy Executive Engineer | E42: ='lead 1'!L37 -> Assistant Engineer
B43: ='lead 1'!I38 -> PRI Sub Division | E43: ='lead 1'!L38 -> Mandal Praja parishad
B44: ='lead 1'!I39 -> Kanigiri | E44: ='lead 1'!L39 -> H.M.Padu

Sheet seignorage
A1: SEIGNORAGE CHARGES
A2: ='Title page'!A20:B20 -> NAME OF THE WORK | F2: ='Title page'!D20:D20 -> CONSTRUCTION OF NEW SACHIVALAYAM IN SALIPETA(V)-II IN GUDLUR (M)
A3: S.No. | B3: Type of Material | F3: Qty | H3: Material
C4: GF | D4: FF | E4: Store | G4: Units | H4: Metal ( 20&12 mm ) | I4: Metal( 40 mm ) | J4: sand for concrete | K4: sand for filling | L4: sand for plastering | M4: Bricks | N4: Cement
A5: 1 | B5: Sand filling | C5: ='ground floor'!I43 -> 49.1 | E5: =Store!G47 -> 0 | F5: =SUM(C5:E5) -> 49.1 | G5: cum | K5: =ROUND(F5,2) -> 49.1
A6: =A5+1 -> 2 | B6: CC (1:4:8) | C6: ='ground floor'!I86 -> 20.76 | E6: =Store!G63 -> 0 | F6: =SUM(C6:E6) -> 20.76 | G6: cum | I6: =ROUND(F6*0.9,2) -> 18.68 | J6: =ROUND(F6*0.45,2) -> 9.34 | N6: =ROUND(F6*162,2) -> 3363.12
A7: =A6+1 -> 3 | B7: RCC M25 Footings | C7: ='ground floor'!I94 -> 13.3 | E7: =Store!G70 -> 0 | F7: =SUM(C7:E7) -> 13.3
A8: =A7+1 -> 4 | B8: RCC M25 Pedastals | C8: ='ground floor'!I99 -> 2.59 | E8: =Store!G72 -> 0 | F8: =SUM(C8:E8) -> 2.59
A9: =A8+1 -> 5 | B9: RCC M25 Plinth beams | C9: ='ground floor'!I114 -> 4.89 | E9: =Store!G79 -> 0 | F9: =SUM(C9:E9) -> 4.89 | G9: cum | H9: =ROUND(F9*0.9,2) -> 4.4 | J9: =ROUND(F9*0.45,2) -> 2.2 | N9: =ROUND(F9*350,2) -> 1711.5
A10: =A9+1 -> 6 | B10: RCC M25 Columns | C10: ='ground floor'!I122 -> 5.87 | D10: ='first floor'!I16 -> 0 | E10: =Store!G84 -> 0 | F10: =SUM(C10:E10) -> 5.87 | G10: cum | H10: =ROUND(F10*0.9,2) -> 5.28 | J10: =ROUND(F10*0.45,2) -> 2.64 | N10: =ROUND(F10*350,2) -> 2054.5
A11: =A10+1 -> 7 | B11: RCC M25 Lintels | C11: ='ground floor'!I138 -> 2.26 | D11: ='first floor'!I26 -> 0 | E11: =Store!G91 -> 0 | F11: =SUM(C11:E11) -> 2.26 | G11: cum | H11: =ROUND(F11*0.9,2) -> 2.03 | J11: =ROUND(F11*0.45,2) -> 1.02 | N11: =ROUND(F11*350,2) -> 791
A12: =A11+1 -> 8 | B12: RCC M25 stair case 150 mm thick | C12: ='ground floor'!I147*0.15 -> 0 | D12: =ROUND('first floor'!I40*0.15,2) -> 0 | F12: =SUM(C12:E12) -> 0
A13: =A12+1 -> 9 | B13: RCC M25 Slab of 125 mm thick | C13: ='ground floor'!I152*0.125 -> 16.48875 | D13: ='first floor'!I37*0.125 -> 0 | E13: =Store!G105 -> 0 | F13: =SUM(C13:E13) -> 16.48875 | G13: sqm | H13: =ROUND(F13*0.125*0.9,2) -> 1.85 | J13: =ROUND(F13*0.125*0.45,2) -> 0.93 | N13: =ROUND(F13*0.125*350,2) -> 721.38
A14: =A13+1 -> 10 | B14: RCC M25 Roof beams concrete | C14: ='ground floor'!I160 -> 5.39 | D14: ='first floor'!I50 -> 0 | E14: =Store!G112 -> 0 | F14: =SUM(C14:E14) -> 5.39 | G14: cum | H14: =ROUND(F14*0.9,2) -> 4.85 | J14: =ROUND(F14*0.45,2) -> 2.43 | N14: =ROUND(F14*350,2) -> 1886.5
A15: =A14+1 -> 11 | B15: RCC M25 Sun shade concrete | C15: =ROUND('ground floor'!I172*(0.075+0.05)/2*0.05,2) -> 0.06 | D15: =ROUND('first floor'!I32*(0.075+0.05)/2,2) -> 0 | E15: =Store!G118 -> 0 | F15: =SUM(C15:E15) -> 0.06 | G15: Rm | H15: =ROUND(F15*0.0375*0.9,2) -> 0 | J15: =ROUND(F15*0.0375*0.45,2) -> 0 | N15: =ROUND(F15*0.0375*350,2) -> 0.79
A16: =A15+1 -> 12 | B16: BM in CM (1:8)with country bricks Super structure | C16: ='ground floor'!I212 -> 32.12 | D16: ='first floor'!I60 -> 0 | E16: =Store!G138 -> 0 | F16: =SUM(C16:E16) -> 32.12 | G16: cum | J16: =ROUND(F16*0.2,2) -> 6.42 | M16: =ROUND(F16*512,0) -> 16445 | N16: =ROUND(F16*36,2) -> 1156.32
A17: =A16+1 -> 13 | B17: BM in CM (1:6)with country bricks up to Basement | C17: ='ground floor'!I227 -> 9.77 | E17: =Store!G130 -> 0 | F17: =SUM(C17:E17) -> 9.77 | G17: cum | J17: =ROUND(F17*0.2,2) -> 1.95 | M17: =ROUND(F17*512,0) -> 5002 | N17: =ROUND(F17*48,2) -> 468.96
A18: =A17+1 -> 14 | B18: RBM in CM (1:4) with Country bricks | C18: ='ground floor'!I238*0.115 -> 0 | D18: ='first floor'!I76*0.115 -> 0 | E18: =Store!G145 -> 0 | F18: =SUM(C18:E18) -> 0 | G18: cum
A19: =A18+1 -> 15 | B19: Plastering with CM 2 coats, 12 mm thick, base coat in CM (1:5), 8mm thick and top coat in CM (1:3), 4mm thick internal walls | C19: ='ground floor'!I253 -> 324.55 | D19: ='first floor'!I154 -> 0 | E19: =Store!G154 -> 0 | F19: =SUM(C19:E19) -> 324.55 | G19: sqm | L19: =ROUND(F19*0.15/10,2) -> 4.87 | N19: =ROUND(F19*(50.9/10),2) -> 1651.96
A20: =A19+1 -> 16 | B20: Plastering with CM 2 coats,20 mm thick, base coat in CM (1:6), 8mm thick and top coat in CM (1:4), 4mm thick external walls | C20: ='ground floor'!I262 -> 184.73 | D20: ='first floor'!I162 -> 0 | E20: =Store!G164 -> 0 | F20: =SUM(C20:E20) -> 184.73 | G20: sqm | L20: =ROUND(F20*0.22/10,2) -> 4.06 | N20: =ROUND(F20*(57.5/10),2) -> 1062.2
A21: =A20+1 -> 17 | B21: Plastering in CM (1:3) 12mm thick ornamental ceiling Plastering | C21: ='ground floor'!I287 -> 176.97 | D21: ='first floor'!I126 -> 0 | E21: =Store!G175 -> 0 | F21: =SUM(C21:E21) -> 176.97 | G21: sqm | L21: =ROUND(F21*0.15/10,2) -> 2.65 | N21: =ROUND(F21*(0.15/10)*480,2) -> 1274.18
A22: =A21+1 -> 18 | B22: vtrified tiles flooring | C22: ='ground floor'!I299 -> 98.2 | D22: ='first floor'!I100 -> 0 | E22: =Store!G185 -> 0 | F22: =SUM(C22:E22) -> 98.2 | G22: sqm | L22: =ROUND(F22*0.14/10,2) -> 1.37 | N22: =ROUND(F22*(60.6/10),2) -> 595.09
A23: =A22+1 -> 19 | B23: vertified tiles Skirting | C23: ='ground floor'!I312 -> 11.94 | D23: ='first floor'!I114 -> 0 | F23: =SUM(C23:E23) -> 11.94 | G23: sqm | L23: =ROUND(F23*0.12/10,2) -> 0.14 | N23: =ROUND(F23*(67.56/10),2) -> 80.67
A24: =A23+1 -> 20 | B24: Granolithic Concrete of 20mm thick | C24: ='ground floor'!I318 -> 0 | F24: =SUM(C24:E24) -> 0 | G24: sqm
A25: =A24+1 -> 21 | B25: Imprevious coat plastering (1:3) | D25: ='first floor'!I118 -> 0 | E25: =Store!G178 -> 0 | F25: =SUM(C25:E25) -> 0 | G25: sqm | L25: =ROUND(F25*0.21/10,2) -> 0 | N25: =ROUND(F25*0.21*480/10,2) -> 0
A26: =A25+1 -> 22 | B26: Ceramic tiles flooring | D26: ='first floor'!I170 -> 0 | F26: =SUM(C26:E26) -> 0 | G26: sqm | L26: =ROUND(F26*0.14/10,2) -> 0 | N26: =ROUND(F26*(56.6/10),2) -> 0
A27: =A26+1 -> 23 | B27: Dadoing with ceramic tiles | D27: ='first floor'!I178 -> 0 | F27: =SUM(C27:E27) -> 0 | G27: sqm | L27: =ROUND(F27*0.12/10,2) -> 0 | N27: =ROUND(F27*(90.6/10),2) -> 0
H28: =SUM(H5:H27) -> 18.41 | I28: =SUM(I5:I27) -> 18.68 | J28: =SUM(J5:J27) -> 26.93 | K28: =SUM(K5:K27) -> 49.1 | L28: =SUM(L5:L27) -> 13.09 | M28: =SUM(M5:M27) -> 21447 | N28: =SUM(N9:N27) -> 13455.05
N29: =N28/50 -> 269.101
B30: Metal( 20&12 mm ) | F30: =H28 -> 18.41 | G30: x | H30: 75 | J30: =ROUND(H30*F30,2) -> 1380.75
B31: Metal( 40 mm ) | F31: =I28 -> 18.68 | H31: 75 | J31: =ROUND(H31*F31,2) -> 1401
B32: sand for concrete | F32: =J28 -> 26.93 | G32: x | H32: 50 | J32: =ROUND(H32*F32,2) -> 1346.5
B33: sand for filling | F33: =K28 -> 49.1 | G33: x | H33: 50 | J33: =ROUND(H33*F33,2) -> 2455
B34: sand for plastering | F34: =L28 -> 13.09 | H34: 50 | J34: =ROUND(H34*F34,2) -> 654.5
B35: bricks | F35: =M28 -> 21447 | G35: x | H35: 60 | J35: =ROUND(H35*F35/1000,2) -> 1286.82
J36: =ROUND(SUM(J30:J35),0) -> 8525
F38: Deputy Executive Engineer, | J38: Asst eEngineer
F39: PRI Sub-Division, Kandukur | L39: MPP/ Gudlur

Sheet data(new)
B1: Civil work Datas
A2: ='Title page'!D20 -> CONSTRUCTION OF NEW SACHIVALAYAM IN SALIPETA(V)-II IN GUDLUR (M)
A4: Index-code | B4: Sl No | D4: Unit | E4: Quantity | F4: Rate Rs. | G4: Amount Rs.
B5: 1 | C5: 2 | D5: 3 | E5: 4 | F5: 5 | G5: 6 | H5: 7
B6: 1 | C6: Earth work excavation and depositing the soil on banks with an initial lead of 10m and initial lift of 2m in loamy and clay soils like BC soils, red earth and ordinary gravel SS 20B including shoring ,strutting,sheeting ,planking and dewatering cost of hire charges of T&P labour charges etc. complete for finished item of work for foundation of building (APSS NO.308)
C7: Initial cost | D7: Cum | E7: 3.64 | F7: 280 | G7: =F7*E7/10 -> 101.92
C8: Add Municipal Allowance on labour at 20%
C9: add contractor's profit14%
G10: =SUM(G7:G9) -> 101.92
B11: b | C11: Filling with useful available excavated earth (excluding rock) in trenches, sides of foundations and basement with initial lead in layers not exceeding 15cm thick, consolidating each deposited layer by watering and ramming including cost and Cost and Conveyance of water to site and all operational, incidental, labour charges, sales and other taxes etc, hire charges of T & P etc., complete for finished item of work. (APSS NO. 309 & 310)
C12: Filling charges | D12: cum | F12: 14 | G12: 14
C13: Add Municipal Allowance on labour at 20%
G14: =SUM(G12:G13) -> 14 | H14: =G14 -> 14
B15: 2 | C15: Filling with gravel (excluding rock) in trenches, sides of foundations and basement with initial lead in layers not exceeding 15cm thick, consolidating each deposited layer by watering and ramming including cost and Cost and Conveyance of water to site and all operational, incidental, labour charges, , sales and other taxes etc, hire charges of T & P etc., complete for finished item of work. (APSS NO. 309 & 310)
C16: Gravel | D16: cum | E16: 1 | F16: ='lead(new)'!P16 -> #N/A | G16: =F16 -> #N/A
C17: Labour charges | D17: 1 cum | F17: 14 | G17: 14
C18: Add Municipal Allowance on labour at 20%
G19: =SUM(G16:G18) -> #N/A
B20: 3 | C20: Filling with Sand (excluding rock) in trenches, sides of foundations and basement with initial lead in layers not exceeding 15cm thick, consolidating each deposited layer by watering and ramming including cost and Cost and Conveyance of water to site and all operational, incidental, labour charges, Seigoirage charges, sales and other taxes etc, hire charges of T & P etc., complete for finished item of work. (APSS NO. 309 & 310)
C21: Sand | D21: cum | E21: 1 | F21: ='lead(new)'!P11 -> #N/A | G21: =F21 -> #N/A
C22: Labour charges mazdoor unskilled | D22: 1 cum | E22: 0.31 | F22: 280 | G22: =F22*E22 -> 86.8
C23: add contractor's profit14%
G24: =SUM(G21:G23) -> #N/A
A25: BLD-CSTN-1 | C25: MORTARS
A26: BLD-CSTN-1-3 | B26: 3 | C26: Cement Mortar (1 : 2)
C27: Unit : 1cum
C28: A. MATERIALS:
C29: Cement | D29: kg. | E29: 720 | F29: ='lead(new)'!P7/1000 -> 5.2 | G29: =E29*F29 -> 3744
C30: Sand (including 5% wastage) | D30: cum | E30: 1.05 | F30: ='lead(new)'!P9 -> #N/A | G30: =E30*F30 -> #N/A
C31: Seigniorage charges for sand | D31: cum | E31: =E30 -> 1.05 | G31: =E31*F31 -> 0
C32: B. MACHINERY
C33: - Nil - | D33: -
C34: C. LABOUR:
C35: Man mazdoor for mixing mortar | D35: day | E35: 0.2 | F35: 280 | G35: =E35*F35 -> 56
C36: Add Municipal Allowance on labour at 20%
C37: Grand Total | G37: =SUM(G29:G36) -> #N/A
A38: BLD-CSTN-1-4 | B38: 4 | C38: Cement Mortar (1 : 3)
C39: Unit : 1cum
C40: A. MATERIALS:
C41: Cement | D41: kg. | E41: 480 | F41: =F29 -> 5.2 | G41: =ROUND(E41*F41,2) -> 2496
C42: Sand (including 5% wastage) | D42: cum | E42: 1.05 | F42: ='lead(new)'!P9 -> #N/A | G42: =ROUND(E42*F42,2) -> #N/A
C43: Seigniorage charges for sand | D43: cum | E43: 1.05 | G43: =E43*F43 -> 0
C44: B. MACHINERY
C45: - Nil - | D45: -
C46: C. LABOUR:
C47: Man mazdoor for mixing mortar | D47: day | E47: 0.2 | F47: 280 | G47: =E47*F47 -> 56
C48: Add Municipal Allowance on labour at 20%
C49: Grand Total | G49: =SUM(G41:G48) -> #N/A
A50: BLD-CSTN-1-5 | B50: 5 | C50: Cement Mortar (1 : 4)
C51: Unit : 1cum
C52: A. MATERIALS:
C53: Cement | D53: kg. | E53: 360 | F53: =F41 -> 5.2 | G53: =E53*F53 -> 1872
C54: Sand (including 5% wastage) | D54: cum | E54: 1.05 | F54: =F42 -> #N/A | G54: =E54*F54 -> #N/A
C55: Seigniorage charges for sand | D55: cum | E55: 1.05 | G55: =E55*F55 -> 0
C56: B. MACHINERY
C57: - Nil - | D57: - | E57: -
C58: C. LABOUR:
C59: Man mazdoor for mixing mortar | D59: day | E59: 0.2 | F59: =F47 -> 280 | G59: =E59*F59 -> 56
C60: Add Municipal Allowance on labour at 20%
C61: Grand Total | G61: =SUM(G53:G60) -> #N/A
A62: BLD-CSTN-1-6 | B62: 6 | C62: Cement Mortar (1 : 5)
C63: Unit : 1cum
C64: A. MATERIALS:
C65: Cement | D65: kg. | E65: 288 | F65: =F53 -> 5.2 | G65: =E65*F65 -> 1497.6
C66: Sand (including 5% wastage) | D66: cum | E66: 1.05 | F66: =F54 -> #N/A | G66: =E66*F66 -> #N/A
C67: Seigniorage charges for sand | D67: cum | E67: 1.05 | G67: =F67*E67 -> 0
C68: B. MACHINERY
C69: - Nil - | D69: -
C70: C. LABOUR:
C71: Man mazdoor for mixing mortar | D71: day | E71: 0.2 | F71: =F59 -> 280 | G71: =E71*F71 -> 56
C72: Add Municipal Allowance on labour at 20%
C73: Grand Total | G73: =SUM(G65:G72) -> #N/A
A74: BLD-CSTN-1-7 | B74: 7 | C74: Cement Mortar (1 : 6)
C75: Unit : 1cum
C76: A. MATERIALS:
C77: Cement | D77: kg. | E77: 240 | F77: =F65 -> 5.2 | G77: =E77*F77 -> 1248
C78: Sand (including 5% wastage) | D78: cum | E78: 1.05 | F78: =F66 -> #N/A | G78: =E78*F78 -> #N/A
C79: Seigniorage charges for sand | D79: cum | E79: 1.05 | G79: =E79*F79 -> 0
C80: B. MACHINERY
C81: - Nil - | D81: -
C82: C. LABOUR:
C83: Man mazdoor for mixing mortar | D83: day | E83: 0.2 | F83: =F71 -> 280 | G83: =E83*F83 -> 56
C84: Add Municipal Allowance on labour at 20%
C85: Grand Total | G85: =SUM(G77:G84) -> #N/A
A86: BLD-CSTN-1-8 | B86: 8 | C86: Cement Mortar (1 : 8)
C87: Unit : 1cum
C88: A. MATERIALS:
C89: Cement | D89: kg. | E89: 180 | F89: =F77 -> 5.2 | G89: =E89*F89 -> 936
C90: Sand (including 5% wastage) | D90: cum | E90: 1.05 | F90: =F78 -> #N/A | G90: =E90*F90 -> #N/A
C91: Seigniorage charges for sand | D91: cum | E91: 1.05 | G91: =F91*E91 -> 0
C92: B. MACHINERY
C93: - Nil - | D93: -
C94: C. LABOUR:
C95: Man mazdoor for mixing mortar | D95: day | E95: 0.2 | F95: =F83 -> 280 | G95: =E95*F95 -> 56
C96: Add Municipal Allowance on labour at 20%
C97: Grand Total | G97: =SUM(G89:G96) -> #N/A
A98: BLD-CSTN-2 | C98: CONCRETE, DAMP PROOF COURSE & REINFORCEMENT
A99: BLD-CSTN-2-1 | B99: 9 | C99: Plain Cement concrete Grade M20 - Nominal Mix
C100: using 20mm metal with hand mixing
C101: Unit : 1cum
...

Sheet lead 1
A1: LEAD STATEMENT
B2: Name of the Work: | C2: Constrution of Bharat Nirman Seva Kendra (BNSK) Grama Panchayat building in Gayamvaripalli GP of H.M.Padu Mandal
C3: Lead Chart based on Common SOR-2019-20 | N3: Sand | O3: 94
J4: Est. Rs. | K4: 17.00 Lakhs | N4: Metal | O4: 61
A5: Sl. No. | B5: Description | C5: unit | D5: Quarry | E5: Lead in KM | F5: Convey-ance Charges | G5: Initial Cost | H5: Blasting charges | I5: Crushing charges | J5: Loading charges Excluding 13.615 % O H | K5: un loading charges Excluding 13.615 % O H | L5: Deduction for stacking | M5: Total | N5: Brick | O5: 58
N6: 215.74 | O6: 180 | P6: =abstract!D21 -> 13862
A7: 1 | B7: 2 | C7: 3 | D7: 4 | E7: 5 | F7: 6 | G7: 7 | H7: 8 | I7: 9 | J7: 10 | K7: 11 | L7: 12 | M7: 13
A8: 1 | B8: Cement | C8: MT | D8: Local | E8: - | F8: 0 | G8: 4300 | M8: =ROUND(F8+G8+H8+I8+J8+K8-J8,2) -> 4300
A9: 2 | B9: Steel Fe 415 AUGUST 2019 | C9: MT | D9: Local | E9: - | F9: 0 | G9: 38500 | H9: Jan.20 | M9: =ROUND(F9+G9+I9+J9+K9-J9,2) -> 38500
A10: 3 | B10: MS Flats | C10: MT | D10: Local | G10: 40000 | H10: Jan.20 | M10: =ROUND(F10+G10+I10+J10+K10-J10,2) -> 40000
A11: 4 | B11: 6mm Ms roads | C11: MT | D11: Local | G11: 40000 | H11: Jan.20 | M11: =ROUND(F11+G11+I11+J11+K11-J11,2) -> 40000
A12: 5 | B12: Sand for Mortar (screened) | C12: Cum | D12: K.Bitragunta | E12: =O3 -> 94 | F12: =LOOKUP(E12,SSR!A5:F104,SSR!B5:B104) -> 959.4 | G12: 590 | L12: =ROUND(SSR!B107,2) -> 9.9 | M12: =ROUND(F12+G12+H12+I12+J12+K12-J12,2) -> 1549.4
A13: 5 | B13: Sand for Mortar (concrete) | C13: Cum | D13: =D12 -> K.Bitragunta | E13: =E12 -> 94 | F13: =LOOKUP(E13,SSR!A6:F105,SSR!B6:B105) -> 959.4 | G13: 510 | L13: =ROUND(SSR!B107,2) -> 9.9 | M13: =ROUND(F13+G13+H13+I13+J13+K13-J13,2) -> 1469.4 | O13: =O14+80 -> 590
A14: 6 | B14: Sand for Filling | C14: Cum | D14: =D13 -> K.Bitragunta | E14: =E13 -> 94 | F14: =LOOKUP(E14,SSR!A5:F104,SSR!B5:B104) -> 959.4 | G14: 375 | L14: =ROUND(SSR!B107,2) -> 9.9 | M14: =ROUND(F14+G14+H14+I14+J14+K14-J14,2) -> 1334.4 | O14: 510
A15: 7 | B15: Common burnt clay bricks of class (Non-Modular or traditional size 23 x 11 x 7 cm) | C15: 1000 nos | D15: Motravulapadu | E15: =O5 -> 58 | F15: =LOOKUP(E15,SSR!A5:F104,SSR!D5:D104) -> 1005 | G15: =H71 -> 6000 | J15: =ROUND(SSR!D106,2) -> 54.8 | K15: =ROUND(SSR!D107,2) -> 54.8 | M15: =ROUND(F15+G15+H15+I15+J15+K15,2) -> 7114.6
A16: 9 | B16: 40mm HBG metal SS5, M/C | C16: Cum | D16: Ramatheerdham | E16: =O4 -> 61 | F16: =LOOKUP(E16,SSR!A4:F104,SSR!C4:C104) -> 649.2 | G16: =H52 -> 608 | H16: 70 | I16: =ROUND(G16*0.25,2) -> 152 | L16: =ROUND(SSR!C107,2) -> 19.95 | M16: =ROUND(F16+G16+H16+I16+J16+K16-J16,2) -> 1479.2
A17: 10 | B17: 20mm HBG SS5 M/c chips | C17: Cum | D17: Ramatheerdham | E17: =E16 -> 61 | F17: =LOOKUP(E17,SSR!A4:F104,SSR!C4:C104) -> 649.2 | G17: =H56 -> 1016 | H17: 70 | I17: =ROUND(G17*0.25,2) -> 254 | L17: =ROUND(SSR!$C$107,2) -> 19.95 | M17: =ROUND(F17+G17+H17+I17+J17+K17-J17,2) -> 1989.2
A18: 11 | B18: Aggregates 12 mm nominal size | C18: Cum | D18: Ramatheerdham | E18: =E17 -> 61 | F18: =LOOKUP(E18,SSR!A4:F104,SSR!C4:C104) -> 649.2 | G18: =H61 -> 808 | H18: 70 | I18: =ROUND(G18*0.25,2) -> 202 | L18: =ROUND(SSR!$C$107,2) -> 19.95 | M18: =ROUND(F18+G18+H18+I18+J18+K18-J18,2) -> 1729.2
A19: 12 | B19: Aggregates 10mm nominal size | C19: Cum | D19: Ramatheerdham | E19: =E18 -> 61 | F19: =LOOKUP(E19,SSR!A4:F104,SSR!C4:C104) -> 649.2 | G19: =H58 -> 680 | H19: 70 | I19: =ROUND(G19*0.25,2) -> 170 | L19: =ROUND(SSR!$C$107,2) -> 19.95 | M19: =ROUND(F19+G19+H19+I19+J19+K19-J19,2) -> 1569.2
A20: 13 | B20: Aggregates 6mm nominal size | C20: Cum | D20: Ramatheerdham | E20: =E19 -> 61 | F20: =LOOKUP(E20,SSR!A4:F104,SSR!C4:C104) -> 649.2 | G20: =H64 -> 524 | H20: 70 | I20: =ROUND(G20*0.25,2) -> 131 | L20: =ROUND(SSR!$C$107,2) -> 19.95 | M20: =ROUND(F20+G20+H20+I20+J20+K20-J20,2) -> 1374.2
B21: Stone dust of 2.36 mm and its below size | C21: Cum | D21: Ramatheerdham | E21: =E20 -> 61 | F21: =LOOKUP(E21,SSR!A4:F104,SSR!C4:C104) -> 649.2 | G21: =H67 -> 350 | L21: =ROUND(SSR!$C$107,2) -> 19.95 | M21: =ROUND(F21+G21+H21+I21+J21+K21-J21,2) -> 999.2
A22: 14 | B22: Gravel | C22: Cum | D22: Local | E22: 5 | F22: =LOOKUP(E22,SSR!A4:F104,SSR!B4:B104) -> 75.3 | G22: =H68 -> 113 | L22: =ROUND(SSR!B107,2) -> 9.9 | M22: =ROUND(F22+G22+H22+I22+J22+K22-J22,2) -> 188.3
A23: 15 | B23: Polished Bethamcherla slab (white) (0.254 x 0.254m) | C23: 10 Sqm | G23: 3834 | M23: =ROUND(F23+G23+H23+I23+J23+K23-J23,2) -> 3834
A24: 16 | B24: High Polished Granite 16 to 18 mm thick up to 8'-00 (2.43 M) other than black/ premium colours | C24: Sqm | G24: 2695 | M24: =ROUND(F24+G24+H24+I24+J24+K24-J24,2) -> 2695
A25: 17 | B25: High Polished Granite 16 to 18 mm thick up to 8'-00 (2.43 M) black | C25: Sqm | G25: 1991 | M25: =ROUND(F25+G25+H25+I25+J25+K25-J25,2) -> 1991
A26: 18 | B26: Supply of vitrified polished floor tiles of size not less than 800x800x(9 ) mm thickness glossy finish permium colours | C26: Sqm | G26: 718 | M26: =ROUND(F26+G26+H26+I26+J26+K26-J26,2) -> 718
A27: 19 | B27: Granite stone tiles 8 mm thick (mirror polished of all shades) | C27: Sqm | G27: 1005 | M27: =ROUND(F27+G27+H27+I27+J27+K27-J27,2) -> 1005
A28: 20 | B28: Man mazdoor | G28: =C42 -> 420 | M28: =G28 -> 420
A29: 21 | B29: Woman mazdoor | G29: =C43 -> 420 | M29: =G29 -> 420
A30: 22 | B30: Semi skilled Mason/Electrician / 2nd Class Carpentor or Painter /Balck smith/Bar bender /Helper | G30: =C49 -> 460 | M30: =G30 -> 460
A31: 23 | B31: Skilled Mason /1st Class Carpentor / /Concrete operater | G31: =C44 -> 500 | M31: =G31 -> 500
A32: 24 | B32: 1st Class Painter/ | G32: =C48 -> 580 | M32: =G32 -> 580
A33: 25 | B33: Skilled Electrician | G33: 575 | M33: =G33 -> 575
A34: 26 | B34: Allowance Over Heads
B35: 1) Leads are as per lead statement submitted by the Superintending Engineer, PR, Guntur.
I37: Deputy Executive Engineer | L37: Assistant Engineer
I38: PRI Sub Division | L38: Mandal Praja parishad
I39: Kanigiri | L39: H.M.Padu
B42: Mazdoor | C42: 420 | D42: Cost of Saal wood scantels+planks | G42: cum | H42: =(46217+58690)/2 -> 52453.5
B43: Women Mazdoor | C43: 420 | D43: Binding wire | G43: kg | H43: 55 | J43: Tractor with grader | K43: hour | L43: 423.6
B44: Mason first class / Brick layer | C44: 500 | D44: Curing compound | G44: lit | H44: 107 | J44: Tractor with rotavator | K44: hour | L44: 423.6
B45: Mason Second class | C45: 460 | D45: Sand for filling | G45: cum | H45: 100 | J45: Water tanker 6Kl | K45: hour | L45: 655.2
B46: Black smith | C46: 495 | D46: Sand for concrete | G46: cum | H46: 100 | J46: Water tanker 8Kl | K46: hour | L46: 937
B47: Bar bender | C47: 625 | D47: Sand for Mortar | G47: cum | H47: 182 | J47: 8-10 tonnes roller | K47: hour | L47: 1285.4
B48: Painter | C48: 580 | D48: 60 mm metal (ss5) | G48: cum | H48: 399.05 | J48: Vibrator roller 8Tonnes | K48: hour | L48: 2688.5
B49: Painter second class | C49: 460 | D49: 60-63 mm (IRC) | G49: cum | H49: 399.05 | J49: Dozer (D80) | K49: hour | L49: 2454.7
B50: Carpenter first class | C50: 580 | D50: 50 mm metal (ss5) | G50: cum | H50: 434.3 | J50: Dozer (D50) | K50: hour | L50: 1546.8
B51: Carpenter second class | C51: 460 | D51: 50-55 mm (IRC) | G51: cum | H51: 434.3 | J51: Motor grader | K51: hour | L51: 3020.4
B52: Concrete mixer | C52: 394.4 | D52: 40 mm metal (ss5) | G52: cum | H52: 608 | J52: Hydralic Excavator | K52: hour | L52: 2761.2
B53: Concrete mixer 600/400 lit | C53: 524.7 | D53: 40-45 mm (IRC) | G53: cum | H53: 560 | J53: Front end loader | K53: hour | L53: 1594.7
B54: Needle Vibrator 40 mm (diesel) | C54: 209.1 | D54: 25 mm metal (ss5) | G54: cum | H54: 976 | J54: Air compressor | K54: hour | L54: 566.2
B55: Needle Vibrator 60 mm (diesel) | C55: 220.1 | D55: 25-27 mm (IRC) | G55: cum | H55: 899.05 | J55: Concrete mixer 0.28 cum | K55: hour | L55: 394.4
B56: Surveyour | C56: 750 | D56: 20 mm metal (ss5) | G56: cum | H56: 1016 | J56: Concrete mixer 300/200 diesel | L56: 524.7
D57: 19--22 mm (IRC) | G57: cum | H57: 937.15 | J57: Jack hammer | K57: hour | L57: 394.8
D58: 10 mm metal (ss5) | G58: cum | H58: 680 | J58: Tractor | K58: hour | L58: 413.6
D59: 9.5-11.2 mm (IRC) | G59: cum | H59: 624.75 | J59: plate compactor | K59: hour | L59: 59.1
D60: 9.50 mm to 4.75 mm | G60: cum | H60: 565 | J60: Hydaulic broom | K60: hour | L60: 381.8
D61: 12 mm metal (ss5) | G61: cum | H61: 808 | J61: Bitumen pressure distributor | K61: hour | L61: 1527.1
D62: 12-14 mm (IRC) | G62: cum | H62: 742.85 | J62: Emulsion pressure distributor | K62: hour | L62: 875.6
D63: 5-7 mm (IRC) | G63: cum | H63: 480 | J63: Hot mix plant 4 0- 60 TPH | K63: hour | L63: 19546
D64: 6 mm metal (ss5) | G64: cum | H64: 524 | J64: Paver finisher | K64: hour | L64: 3115.2
D65: 2.36-5mm (IRC) | G65: cum | H65: 350 | J65: Wet mix plant | K65: hour | L65: 1679.7
D66: 4.75 mm to 2.36 mm HBG metal | G66: cum | H66: 465 | J66: Road cutting Mechine | K66: hour | L66: 135.5
D67: stone dust and 2.36mm below (IRC) | G67: cum | H67: 350
D68: Gravel | G68: cum | H68: 113
D69: Selected earth | G69: cum | H69: 86
D70: quarry rubbish | G70: cum | H70: 84.75
D71: Brick Country brick | G71: 1000 nos | H71: 6000
D72: Polythin sheet 125 micron | G72: sqm | H72: 15.25
D73: Jute rope | G73: mt | H73: 8.35
D74: Debonding strips | G74: rm | H74: 8.55
D75: RR RIVET MENT 225mm | G75: cum | H75: 168.55
D76: RR Masonary | G76: cum | H76: 250
D77: 40 mm KADAPA slabs | G77: sqm | H77: 96
D78: water proof compound | G78: kg | H78: 67
... D111: Vitrified polished floor tiles of size not less than 600mmx600mm x 8-10 mm thickness glossy finish permium colours BMT-C.09 | G111: 1Sqm | H111: 612

Sheet lead(new)
A1: LEAD STATEMENT ( BUILDINGS )
B3: Name of the work | C3: ='Title page'!D20:J20 -> #VALUE!
B4: Adusumalli | K4: ='Title page'!G22 -> Est Cost | M4: ='Title page'!H22 -> 35 | O4: ='Title page'!I22 -> Lakhs
A5: Sl. No | B5: Discription of Item | C5: Name of Quarry | D5: Lead in KM | E5: Initial Cost | F5: Initial Cost after deduction of 1st Km | G5: add C.P.&O.H. | H5: Add Conveyance Charges | I5: Conveyance charges after Deducting 14 % Overheads + Contractor’s profit | J5: Machine Crushing Charges | K5: Blasting Charges | L5: Add Loading Charges | M5: Add Unloading Charges | N5: Deduction for stacking | O5: Add Seigniorage Charges | P5: Total
A6: 1 | B6: 2 | D6: 5 | E6: 7 | H6: 8 | L6: 9 | M6: 10 | O6: 11 | P6: 12
A7: 1 | B7: Cement | C7: Local | D7: 1 | E7: 5200 | P7: =SUM(E7:O7) -> 5200
A8: =A7+1 -> 2 | B8: Steel Fe 415 | C8: Local | D8: 1 | E8: 43000 | P8: =SUM(E8:O8) -> 43000
A9: =A8+1 -> 3 | B9: Sand for Mortar - 93-36 A | C9: =LOOKUP(B4,QUARRY!A2:M28,QUARRY!B2:B28) -> #N/A | D9: =LOOKUP(B4,QUARRY!A2:M28,QUARRY!C2:C28) -> #N/A | E9: 505 | F9: =E9-SSR!B5 -> 476.7 | G9: =ROUND(SSR!B5*12.28%,2) -> 3.48 | H9: =LOOKUP(ROUNDUP(D9,0),SSR!A5:A105,SSR!B5:B105) -> #N/A | I9: =H9/1.14 -> #N/A | P9: =ROUND(E9+I9+J9+K9+L9+M9+O9,2) -> #N/A
A10: =A9+1 -> 4 | B10: Sand for Concrete | C10: =LOOKUP(B4,QUARRY!A2:M28,QUARRY!B2:B28) -> #N/A | D10: =LOOKUP(B4,QUARRY!A2:M28,QUARRY!C2:C28) -> #N/A | E10: 385 | F10: =E10-SSR!B6 -> 345.5 | G10: =ROUND(SSR!B5*12.28%,2) -> 3.48 | H10: =LOOKUP(ROUNDUP(D10,0),SSR!A5:A105,SSR!B5:B105) -> #N/A | I10: =H10/1.14 -> #N/A | P10: =ROUND(E10+I10+J10+K10+L10+M10+O10,2) -> #N/A
A11: =A9+1 -> 4 | B11: Sand for Filling - 94-B | C11: =LOOKUP(B4,QUARRY!A2:M28,QUARRY!D2:D28) -> #N/A | D11: =LOOKUP(B4,QUARRY!A2:M28,QUARRY!E2:E28) -> #N/A | E11: 285 | F11: =E11-SSR!B5 -> 256.7 | G11: =ROUND(SSR!B5*12.28%,2) -> 3.48 | H11: =LOOKUP(ROUNDUP(D11,0),SSR!A5:A105,SSR!B5:B105) -> #N/A | I11: =H11/1.14 -> #N/A | P11: =E11+I11+J11+K11+L11+M11+O11 -> #N/A
A12: =A11+1 -> 5 | B12: 2nd Class Bricks - BMT-A-01 | C12: =LOOKUP(B4,QUARRY!A2:M28,QUARRY!L2:L28) -> #N/A | D12: =LOOKUP(B4,QUARRY!A2:M28,QUARRY!M2:M28) -> #N/A | E12: 3707 | F12: =E12-SSR!D5 -> 3661.3 | G12: =ROUND(SSR!D5*12.28%,2) -> 5.61 | H12: =LOOKUP(ROUNDUP(D12,0),SSR!A5:A105,SSR!D5:D105) -> #N/A | I12: =H12/1.14 -> #N/A | L12: =SSR!D107/1.14 -> 48.070175 | M12: =SSR!D107/1.14 -> 48.070175 | P12: =E12+I12+J12+K12+L12+M12+O12 -> #N/A
A13: =A12+1 -> 6 | B13: 40mm HBG metal SS5 M/C Metal - 30 - F | C13: =LOOKUP(B4,QUARRY!A2:M28,QUARRY!J2:J28) -> #N/A | D13: =LOOKUP(B4,QUARRY!A2:M28,QUARRY!K2:K28) -> #N/A | E13: 588 | F13: =E13-SSR!C5 -> 560.6 | G13: =ROUND(SSR!C5*12.28%,2) -> 3.36 | H13: =LOOKUP(ROUNDUP(D13,0),SSR!A5:A105,SSR!C5:C105) -> #N/A | I13: =H13/1.14 -> #N/A | J13: =E13*25/100 -> 147 | K13: 70 | N13: =SSR!C107/1.14 -> 17.5 | P13: =E13+I13+J13+K13+L13+M13+O13-N13 -> #N/A
A14: =A13+1 -> 7 | B14: 20mm HBG SS5 M/C chips - 28 - D | C14: =LOOKUP(B4,QUARRY!A2:M28,QUARRY!J2:J28) -> #N/A | D14: =LOOKUP(B4,QUARRY!A2:M28,QUARRY!K2:K28) -> #N/A | E14: 984 | F14: =E14-SSR!C5 -> 956.6 | G14: =ROUND(SSR!C5*12.28%,2) -> 3.36 | H14: =LOOKUP(ROUNDUP(D14,0),SSR!A5:A105,SSR!C5:C105) -> #N/A | I14: =H14/1.14 -> #N/A | J14: =E14*25/100 -> 246 | K14: 70 | N14: =SSR!C107/1.14 -> 17.5 | P14: =E14+I14+J14+K14+L14+M14+O14-N14 -> #N/A
A15: =A14+1 -> 8 | B15: RR masonary | C15: =LOOKUP(B4,QUARRY!A2:M28,QUARRY!H2:H28) -> #N/A | D15: =LOOKUP(B4,QUARRY!A2:M28,QUARRY!I2:I28) -> #N/A | E15: 160 | F15: =E15-SSR!C5 -> 132.6 | G15: =ROUND(SSR!C5*12.28%,2) -> 3.36 | H15: =LOOKUP(ROUNDUP(D15,0),SSR!A5:A105,SSR!C5:C105) -> #N/A | I15: =H15/1.14 -> #N/A | J15: =E15*25/100 -> 40 | K15: 70 | N15: =SSR!C107/1.14 -> 17.5 | P15: =E15+I15+J15+K15+L15+M15+O15-N15 -> #N/A
A16: 9 | B16: Gravel - 90-34 | C16: =LOOKUP(B4,QUARRY!A2:M28,QUARRY!F2:F28) -> #N/A | D16: =LOOKUP(B4,QUARRY!A2:M28,QUARRY!G2:G28) -> #N/A | E16: 98 | F16: =E16-SSR!B5 -> 69.7 | G16: =ROUND(SSR!B5*12.28%,2) -> 3.48 | H16: =LOOKUP(ROUNDUP(D16,0),SSR!A5:A105,SSR!B5:B105) -> #N/A | I16: =H16/1.14 -> #N/A | N16: =SSR!B107/1.14 -> 8.6842105 | P16: =E16+I16+J16+K16+L16+M16+O16 -> #N/A
A17: 10 | B17: Fly ash cement solid bricks 290x225x140 | C17: Parchur | D17: 1 | E17: 19 | H17: =LOOKUP(ROUNDUP(D17,0),SSR!A5:A105,SSR!D5:D105) -> 45.7 | I17: =(H17/1.14)/1000 -> 0.040087719 | L17: =L12/1000 -> 0.048070175 | M17: =M12/1000 -> 0.048070175 | P17: =E17+I17+L17+M17 -> 19.136228
A18: 11 | B18: 12mm HBG metal | C18: =LOOKUP(B4,QUARRY!A2:M28,QUARRY!J2:J28) -> #N/A | D18: =LOOKUP(B4,QUARRY!A2:M28,QUARRY!K2:K28) -> #N/A | E18: 780 | F18: =E18-SSR!C5 -> 752.6 | G18: =ROUND(SSR!C5*12.28%,2) -> 3.36 | H18: =LOOKUP(ROUNDUP(D18,0),SSR!A5:A105,SSR!C5:C105) -> #N/A | I18: =H18/1.14 -> #N/A | J18: =E18*25/100 -> 195 | K18: 70 | N18: =SSR!C107/1.14 -> 17.5 | P18: =I18+J18+K18+L18+M18-N18+O18+E18 -> #N/A
A19: 12 | B19: 5 to7mm metal | C19: =LOOKUP(B4,QUARRY!A2:M28,QUARRY!J2:J28) -> #N/A | D19: =LOOKUP(B4,QUARRY!A2:M28,QUARRY!K2:K28) -> #N/A | E19: 430 | F19: =E19-SSR!C5 -> 402.6 | G19: =ROUND(SSR!C5*12.28%,2) -> 3.36 | H19: =LOOKUP(ROUNDUP(D19,0),SSR!A5:A105,SSR!C5:C105) -> #N/A | I19: =H19/1.14 -> #N/A | J19: =E19*25/100 -> 107.5 | K19: =K14 -> 70 | N19: =SSR!C107/1.14 -> 17.5 | P19: =I19+J19+K19+L19+M19-N19+O19+E19 -> #N/A
A20: 13 | B20: 40 mm thick Rough Cuddapah/Shabad stones, | C20: Parchur | D20: 7 | E20: 900 | F20: =E20-(SSR!E5*0.04) -> 898.384 | G20: =ROUND(SSR!E5*12.28%*0.025,2) -> 0.12 | H20: =LOOKUP(ROUNDUP(D20,0),SSR!A5:A105,SSR!C5:C105)*0.4 -> 39.16 | I20: =H20/1.14 -> 34.350877 | P20: =I20+J20+K20+L20+M20-N20+O20+E20 -> 934.35088
A21: 14 | B21: 2.36mm to 5mm metal | C21: =LOOKUP(B4,QUARRY!A2:M30,QUARRY!J2:J30) -> #N/A | D21: =LOOKUP(B4,QUARRY!A2:M30,QUARRY!K2:K30) -> #N/A | E21: 278 | F21: =E21-SSR!C5 -> 250.6 | G21: =ROUND(SSR!C5*12.28%,2) -> 3.36 | H21: =LOOKUP(ROUNDUP(D21,0),SSR!A1:A105,SSR!C1:C105) -> #N/A | I21: =H21/1.14 -> #N/A | J21: =E21*25/100 -> 69.5 | K21: 70 | N21: =SSR!C107/1.14 -> 17.5 | P21: =I21+J21+K21+L21+M21-N21+O21+E21 -> #N/A | Q21: =(P21+P19)/2 -> #N/A
A22: Certificates :
A23: 1. Certified that the above leads are shortest and correct to the best of my knowledge and belief.
A24: 2. Certified that the metal is obtained by blasting.
A25: 3. Certified that the seigniorage charges and TOT charges are actually payable.
H27: Deputy Executive Engineer P R I : Sub Division : Parchur | K27: Assistant Executive Engineer(Spl) PRISD Parchur

Sheet SSR
B1: CONVEYANCE CHARGES FOR 2019-20
A3: Length in KMs | B3: Sand / Gravel / Earth | C3: Metal | D3: Bricks | E3: Cuddapah slabs | F3: Water
A4: 1 | B4: 2 | C4: 3 | D4: 4 | E4: 5 | F4: 6
A5: 1 | B5: 28.3 | C5: 27.4 | D5: 45.7 | E5: 40.4 | F5: 17.6
A6: 2 | B6: 39.5 | C6: 38.4 | D6: 64 | E6: 56.5 | F6: 24.6
A7: 3 | B7: 52.7 | C7: 52.7 | D7: 85.4 | E7: 77.5 | F7: 32.8
A8: 4 | B8: 64 | C8: 64 | D8: 103.6 | E8: 94.2 | F8: 39.8
A9: 5 | B9: 75.3 | C9: 75.3 | D9: 121.9 | E9: 110.8 | F9: 46.9
A10: 6 | B10: =B9+11.3 -> 86.6 | C10: =C9+11.3 -> 86.6 | D10: =D9+18.3 -> 140.2 | E10: =E9+16.6 -> 127.4 | F10: =F9+7 -> 53.9
A11: 7 | B11: =B10+11.3 -> 97.9 | C11: =C10+11.3 -> 97.9 | D11: =D10+18.3 -> 158.5 | E11: =E10+16.6 -> 144 | F11: =F10+7 -> 60.9
A12: 8 | B12: =B11+11.3 -> 109.2 | C12: =C11+11.3 -> 109.2 | D12: =D11+18.3 -> 176.8 | E12: =E11+16.6 -> 160.6 | F12: =F11+7 -> 67.9
A13: 9 | B13: =B12+11.3 -> 120.5 | C13: =C12+11.3 -> 120.5 | D13: =D12+18.3 -> 195.1 | E13: =E12+16.6 -> 177.2 | F13: =F12+7 -> 74.9
A14: 10 | B14: =B13+11.3 -> 131.8 | C14: =C13+11.3 -> 131.8 | D14: =D13+18.3 -> 213.4 | E14: =E13+16.6 -> 193.8 | F14: =F13+7 -> 81.9
A15: 11 | B15: =B14+11.3 -> 143.1 | C15: =C14+11.3 -> 143.1 | D15: =D14+18.3 -> 231.7 | E15: =E14+16.6 -> 210.4 | F15: =F14+7 -> 88.9
A16: 12 | B16: =B15+11.3 -> 154.4 | C16: =C15+11.3 -> 154.4 | D16: =D15+18.3 -> 250 | E16: =E15+16.6 -> 227 | F16: =F15+7 -> 95.9
A17: 13 | B17: =B16+11.3 -> 165.7 | C17: =C16+11.3 -> 165.7 | D17: =D16+18.3 -> 268.3 | E17: =E16+16.6 -> 243.6 | F17: =F16+7 -> 102.9
A18: 14 | B18: =B17+11.3 -> 177 | C18: =C17+11.3 -> 177 | D18: =D17+18.3 -> 286.6 | E18: =E17+16.6 -> 260.2 | F18: =F17+7 -> 109.9
A19: 15 | B19: =B18+11.3 -> 188.3 | C19: =C18+11.3 -> 188.3 | D19: =D18+18.3 -> 304.9 | E19: =E18+16.6 -> 276.8 | F19: =F18+7 -> 116.9
A20: 16 | B20: =B19+11.3 -> 199.6 | C20: =C19+11.3 -> 199.6 | D20: =D19+18.3 -> 323.2 | E20: =E19+16.6 -> 293.4 | F20: =F19+7 -> 123.9
A21: 17 | B21: =B20+11.3 -> 210.9 | C21: =C20+11.3 -> 210.9 | D21: =D20+18.3 -> 341.5 | E21: =E20+16.6 -> 310 | F21: =F20+7 -> 130.9
... A34: 30 | B34: =B33+11.3 -> 357.8 | C34: =C33+11.3 -> 357.8 | D34: =D33+18.3 -> 579.4 | E34: =E33+16.6 -> 525.8 | F34: =F33+7 -> 221.9
A35: 31 | B35: =B34+9.4 -> 367.2 | C35: =C34+9.4 -> 367.2 | D35: =D34+15.2 -> 594.6 | E35: =E34+13.9 -> 539.7 | F35: =F34+5.9 -> 227.8
A36: 32 | B36: =B35+9.4 -> 376.6 | C36: =C35+9.4 -> 376.6 | D36: =D35+15.2 -> 609.8 | E36: =E35+13.9 -> 553.6 | F36: =F35+5.9 -> 233.7
A37: 33 | B37: =B36+9.4 -> 386 | C37: =C36+9.4 -> 386 | D37: =D36+15.2 -> 625 | E37: =E36+13.9 -> 567.5 | F37: =F36+5.9 -> 239.6
A38: 34 | B38: =B37+9.4 -> 395.4 | C38: =C37+9.4 -> 395.4 | D38: =D37+15.2 -> 640.2 | E38: =E37+13.9 -> 581.4 | F38: =F37+5.9 -> 245.5
A39: 35 | B39: =B38+9.4 -> 404.8 | C39: =C38+9.4 -> 404.8 | D39: =D38+15.2 -> 655.4 | E39: =E38+13.9 -> 595.3 | F39: =F38+5.9 -> 251.4
A40: 36 | B40: =B39+9.4 -> 414.2 | C40: =C39+9.4 -> 414.2 | D40: =D39+15.2 -> 670.6 | E40: =E39+13.9 -> 609.2 | F40: =F39+5.9 -> 257.3
A41: 37 | B41: =B40+9.4 -> 423.6 | C41: =C40+9.4 -> 423.6 | D41: =D40+15.2 -> 685.8 | E41: =E40+13.9 -> 623.1 | F41: =F40+5.9 -> 263.2
A42: 38 | B42: =B41+9.4 -> 433 | C42: =C41+9.4 -> 433 | D42: =D41+15.2 -> 701 | E42: =E41+13.9 -> 637 | F42: =F41+5.9 -> 269.1
A43: 39 | B43: =B42+9.4 -> 442.4 | C43: =C42+9.4 -> 442.4 | D43: =D42+15.2 -> 716.2 | E43: =E42+13.9 -> 650.9 | F43: =F42+5.9 -> 275
A44: 40 | B44: =B43+9.4 -> 451.8 | C44: =C43+9.4 -> 451.8 | D44: =D43+15.2 -> 731.4 | E44: =E43+13.9 -> 664.8 | F44: =F43+5.9 -> 280.9
A45: 41 | B45: =B44+9.4 -> 461.2 | C45: =C44+9.4 -> 461.2 | D45: =D44+15.2 -> 746.6 | E45: =E44+13.9 -> 678.7 | F45: =F44+5.9 -> 286.8
A46: 42 | B46: =B45+9.4 -> 470.6 | C46: =C45+9.4 -> 470.6 | D46: =D45+15.2 -> 761.8 | E46: =E45+13.9 -> 692.6 | F46: =F45+5.9 -> 292.7
... A104: 100 | B104: =B103+9.4 -> 1015.8 | C104: =C103+9.4 -> 1015.8 | D104: =D103+15.2 -> 1643.4 | E104: =E103+13.9 -> 1498.8 | F104: =F103+5.9 -> 634.9
A106: Loading | B106: 19.8 | C106: 39.9 | D106: 54.8
A107: Unloading | B107: 9.9 | C107: 19.95 | D107: 54.8

Sheet QUARRY
A1: Village | B1: Sand for Mortor | D1: Sand for Blindage | F1: Gravel | H1: HBG Metal | J1: HBG Metal | L1: Bricks | N1: Cement Napa slabs | P1: RCC pipes | R1: Municipal Allowance
A2: AKKIVARIPALEM | B2: Zoolapalem | C2: 10 | D2: Zoolapalem | E2: 10 | F2: Vejendala | G2: 44 | H2: Lam | I2: 67 | J2: Lam | K2: 67 | L2: Kollur | M2: 14 | P2: Repalle | Q2: 13
A3: ALLAMUDI | B3: Zoolapalem | C3: 20 | D3: Zillepalli | E3: 7 | F3: Vejendala | G3: 51 | H3: Lam | I3: 73 | J3: Lam | K3: 73 | L3: Kollur | M3: 21 | N3: Repalle | O3: 8 | P3: Repalle | Q3: 8 | R3: 0.2
A4: BHATTIPROLU | B4: Zoolapalem | C4: 11 | D4: Zoolapalem | E4: 11 | F4: Vejendala | G4: 43 | H4: Lam | I4: 65 | J4: Lam | K4: 65 | L4: Kollur | M4: 15 | N4: Repalle | O4: 15 | P4: Repalle | Q4: 15 | R4: 0.2
A5: CHINTHAMOTU | B5: Zoolapalem | C5: 4 | D5: Zoolapalem | E5: 4 | F5: Vejendala | G5: 46 | H5: Lam | I5: 70 | J5: Lam | K5: 70 | L5: Kollur | M5: 14 | N5: Repalle | P5: Repalle | Q5: 13 | R5: 0.2
A6: DASARIPALEM HARIZANAWADA H/O GORIGAPUDI | B6: Oleru | C6: 5 | D6: Oleru | E6: 5 | F6: Vejendala | G6: 57 | H6: Lam | I6: 76 | J6: Lam | K6: 76 | L6: Kollur | M6: 16 | P6: Repalle | Q6: 7
A7: GORIGAPUDI | B7: Oleru | C7: 6.5 | D7: Oleru | E7: 6.5 | F7: Vejendala | G7: 55 | H7: Lam | I7: 74 | J7: Lam | K7: 74 | L7: Kollur | M7: 16 | P7: Repalle | Q7: 8
A8: ILAVARAM | B8: Zoolapalem | C8: 13 | D8: Local | E8: 4 | F8: Vejendala | G8: 46 | H8: Lam | I8: 68 | J8: Lam | K8: 68 | L8: Kollur | M8: 18 | N8: Repalle | P8: Repalle | Q8: 18 | R8: 0.2
A9: KANNEGANTIVARIPALEM | B9: Penumudi | C9: 8.5 | D9: Penumudi | E9: 8.5 | F9: Vejendala | G9: 54 | H9: Lam | I9: 78 | J9: Lam | K9: 78 | L9: Kollur | M9: 18 | N9: Repalle | O9: 6 | P9: Repalle | Q9: 6 | R9: 0.2
A10: KOLLAPALEM | B10: Oleru | C10: 8 | D10: Oleru | E10: 8 | F10: Vejendala | G10: 48 | H10: Lam | I10: 71 | J10: Lam | K10: 71 | L10: Kollur | M10: 18 | P10: Repalle | Q10: 9
A11: KONETIPURAM | B11: Zoolapalem | C11: 17 | D11: Zillepalli | E11: 5 | F11: Vejendala | G11: 48 | H11: Lam | I11: 69 | J11: Lam | K11: 69 | L11: Kollur | M11: 19 | N11: Repalle | O11: 10 | P11: Repalle | Q11: 10 | R11: 0.2
A12: MALAPALLI H/O VELLATURU | B12: Zoolapalem | C12: 6 | D12: Zoolapalem | E12: 6 | F12: Vejendala | G12: 41 | H12: Lam | I12: 65 | J12: Lam | K12: 65 | L12: Kollur | M12: 10 | P12: Repalle | Q12: 19
A13: OLERU | B13: Oleru | C13: 8 | D13: Oleru | E13: 6 | F13: Vejendala | G13: 51 | H13: Lam | I13: 73 | J13: Lam | K13: 73 | L13: Kollur | M13: 18 | N13: Repalle | O13: 7 | P13: Repalle | Q13: 7 | R13: 0.2
A14: PADAMATIPALEM | B14: Zoolapalem | C14: 19 | D14: Zillepalli | E14: 4 | F14: Vejendala | G14: 50 | H14: Lam | I14: 71 | J14: Lam | K14: 71 | L14: Kollur | M14: 21 | P14: Repalle | Q14: 8
A15: PALLEKONA | B15: Zoolapalem | C15: 19 | D15: Zillepalli | E15: 6 | F15: Vejendala | G15: 50 | H15: Lam | I15: 72 | J15: Lam | K15: 72 | L15: Kollur | M15: 20 | N15: Repalle | O15: 8 | P15: Repalle | Q15: 8 | R15: 0.2
A16: PALLIPALEM | B16: Oleru | C16: 6 | D16: Oleru | E16: 6 | F16: Vejendala | G16: 53 | H16: Lam | I16: 75 | J16: Lam | K16: 75 | L16: Kollur | M16: 20 | P16: Repalle | Q16: 17
A17: PEDAPULIVARRU | B17: Zoolapalem | C17: 10 | D17: Zoolapalem | E17: 10 | F17: Vejendala | G17: 45 | H17: Lam | I17: 68 | J17: Lam | K17: 68 | L17: Kollur | M17: 13 | N17: Tenali | O17: 13.5 | P17: Repalle | Q17: 12 | R17: 0.2
A18: PEDALANKA | B18: Zoolapalem | C18: 4 | D18: Zoolapalem | E18: 4 | F18: Vejendala | G18: 47 | H18: Lam | I18: 71 | J18: Lam | K18: 71 | L18: Kollur | M18: 15 | N18: Repalle | O18: 23 | P18: Repalle | Q18: 13 | R18: 0.2
A19: PEDAPALEM H/O PEDAPULIVARRU | B19: Zoolapalem | C19: 8 | D19: Zoolapalem | E19: 8 | F19: Vejendala | G19: 43 | H19: Lam | I19: 67 | J19: Lam | K19: 67 | L19: Kollur | M19: 12 | P19: Repalle | Q19: 18
A20: PEASARLANKA | B20: Zoolapalem | C20: 5 | D20: Zoolapalem | E20: 5 | F20: Vejendala | G20: 48 | H20: Lam | I20: 72 | J20: Lam | K20: 72 | L20: Kollur | M20: 16 | N20: Repalle | O20: 24 | P20: Repalle | Q20: 14 | R20: 0.2
A21: RACHURU | B21: Zoolapalem | C21: 18 | D21: Zoolapalem | E21: 18 | F21: Vejendala | G21: 52 | H21: Lam | I21: 74 | J21: Lam | K21: 74 | L21: Kollur | M21: 22 | N21: Repalle | O21: 10 | P21: Repalle | Q21: 10 | R21: 0.2
A22: SUREPALLY | B22: Zoolapalem | C22: 13 | D22: Zillepalli | E22: 6 | F22: Vejendala | G22: 47 | H22: Lam | I22: 68 | J22: Lam | K22: 68 | L22: Kollur | M22: 18 | N22: Repalle | O22: 11 | P22: Repalle | Q22: 11 | R22: 0.2
A23: TATAVARIPALEM | B23: Zoolapalem | C23: 14 | D23: Zillepalli | E23: 5 | F23: Vejendala | G23: 48 | H23: Lam | I23: 69 | J23: Lam | K23: 69 | L23: Kollur | M23: 19 | P23: Repalle | Q23: 12
A24: THURUPUPALEM H/O OLERU | B24: Penumudi | C24: 4 | D24: Penumudi | E24: 4 | F24: Vejendala | G24: 53 | H24: Lam | I24: 75 | J24: Lam | K24: 75 | L24: Kollur | M24: 20 | P24: Repalle | Q24: 5
A25: VARIKUTIVARIPALEM | B25: Oleru | C25: 7 | D25: Oleru | E25: 7 | F25: Vejendala | G25: 57 | H25: Lam | I25: 76 | J25: Lam | K25: 76 | L25: Kollur | M25: 16 | P25: Repalle | Q25: 7
A26: VELLATURU | B26: Zoolapalem | C26: 6 | D26: Zoolapalem | E26: 6 | F26: Vejendala | G26: 41 | H26: Lam | I26: 65 | J26: Lam | K26: 65 | L26: Kollur | M26: 10 | N26: Repalle | O26: 19 | P26: Repalle | Q26: 19 | R26: 0.2
A27: VEMAVARAM | B27: Zoolapalem | C27: 12 | D27: Zillepalli | E27: 7 | F27: Vejendala | G27: 46 | H27: Lam | I27: 67 | J27: Lam | K27: 67 | L27: Kollur | M27: 17 | P27: Repalle | Q27: 12

Sheet data1
B1: D E T A I L E D D A T A S S S R - 2019-20
C2: Contractor profit | D2: 0
C3: Muncipal allowance | D3: 0
A4: Index-code | B4: S No | C4: Description | D4: Unit | E4: Qty | F4: Rate Rs. | G4: Amount Rs. | H4: CW 01 wage Compont (34816) | I4: CW 02 cement /bags (34817) | J4: CW 03 Sand filling (34818) | K4: CW 04 Sand Mortar (34819) | L4: CW -G19 Sand for concrete (34832) | M4: CW 07 20 mm(48%) and 12 mm(12%)10 mm(12%) 6 mm(8)% | N4: CW 09 40 mm HBG (34824) | O4: CW-G20 Cost and supply of steel | P4: CW 10 for Skilled & Unskilled labour and other maireals (34825) | Q4: Subtotal of all iteams
B5: 1 | C5: 2 | D5: 3 | E5: 4 | F5: 5 | G5: 6
B6: 1 | C6: 20 mm GRADED METAL( CW 07 20 mm(48%) and 12 mm(12%)10 mm(12%) 6 mm(8)% (34822)) | D6: Qt | E6: Rate | F6: Amount
C7: 20 mm HBG metal(SS 5) | D7: 0.48 | E7: ='lead 1'!M17 -> 1989.2 | F7: =ROUND(D7*E7,2) -> 954.82
C8: 12 mm HBG metal(SS 5) | D8: 0.12 | E8: ='lead 1'!M18 -> 1729.2 | F8: =ROUND(D8*E8,2) -> 207.5
C9: 10 mm HBG metal(SS 5) | D9: 0.15 | E9: ='lead 1'!M19 -> 1569.2
C10: 6 mm HBG metal(SS 5) | D10: 0.1 | E10: ='lead 1'!M20 -> 1374.2
C11: 10 mm HBG metal(SS 5) | D11: 0.12 | E11: ='lead 1'!M19 -> 1569.2 | F11: =ROUND(D11*E11,2) -> 188.3
C12: 6 mm HBG metal(SS 5) | D12: 0.08 | E12: ='lead 1'!M20 -> 1374.2 | F12: =ROUND(D12*E12,2) -> 109.94
C13: Rate per Cum | F13: =SUM(F7:F12) -> 1460.56
A14: BLD-CSTN-2-1 | B14: =B6+1 -> 2 | C14: Earth work excavation for foundations and depositing on bank for all lifts and with an initial lead of 10m including all operational, incidental, labour charges such as shoring ,sheeting, planking, strutting, etc. complete for finished item of work including seigniorage excluding dewatering charges etc as per SS - 20 B (APSS 308) including cost and conveyance of all material and labour charges, and contractors profit & over heads but excluding seignorage charges and VAT etc., complete.
C15: Unit : 1 cum
C16: Taking output : 1.00 cum
C17: a) Labour
C18: RSSR Rate | G18: 124.4 | H18: =ROUND(G18/1,2) -> 124.4
C19: Add 75% for foundations | D19: Cum | E19: 0.75 | F19: =G18 -> 124.4
C20: add Muncipal allowance | D20: =G18+G19 -> 124.4 | G20: =ROUND(D20*D3,2) -> 0
C21: Cost for 10 cum | G21: =SUM(G18:G20) -> 124.4
C22: add contractors profit 13.615% | D22: =G21 -> 124.4 | G22: =ROUND(D22*D2,2) -> 0
C23: Rate per 1cum | E23: As per CSSR | F23: Rs | G23: =ROUND(SUM(G21:G22)/1,2) -> 124.4 | H23: =SUM(H18:H22) -> 124.4 | I23: =SUM(I18:I22) -> 0 | J23: =SUM(J18:J22) -> 0 | K23: =SUM(K18:K22) -> 0 | M23: =SUM(M18:M22) -> 0 | N23: =SUM(N18:N22) -> 0 | P23: =SUM(P18:P22) -> 0 | Q23: =SUM(H23:P23) -> 124.4
A25: BLD-CSTN-2-1 | B25: =B14+1 -> 3 | C25: Earth work excavation for foundations and depositing on bank for all lifts and with an initial lead of 10m including all operational, incidental, labour charges such as shoring ,sheeting, planking, strutting, etc. complete for finished item of work including seigniorage excluding dewatering charges etc as per SS - 20 B (APSS 308) including cost and conveyance of all material and labour charges and contractors profit & over heads but excluding VAT & seignorage charges etc., complete.
C26: Unit : 1 cum
C27: Taking output : 1.00 cum
C28: a) Labour
C29: RSSR Rate | G29: 124.4 | H29: =ROUND(G29/1,2) -> 124.4
C30: add Muncipal allowance | D30: =G29 -> 124.4 | G30: =ROUND(D30*D3,2) -> 0
C31: Cost for 10 cum | G31: =SUM(G29:G30) -> 124.4
C32: add contractors profit 13.615% | D32: =G31 -> 124.4 | G32: =ROUND(D32*D2,2) -> 0
C33: Rate per 10 cum | G33: =SUM(G31:G32) -> 124.4
C34: Rate per 1cum | E34: As per CSSR | F34: Rs | G34: =ROUND(G33/10,2) -> 12.44 | H34: =SUM(H29:H33) -> 124.4 | I34: =SUM(I29:I33) -> 0 | J34: =SUM(J29:J33) -> 0 | K34: =SUM(K29:K33) -> 0 | M34: =SUM(M29:M33) -> 0 | N34: =SUM(N29:N33) -> 0 | P34: =SUM(P29:P33) -> 0 | Q34: =SUM(H34:P34) -> 124.4
A35: BLD-CSTN-2-8 Amnedment A(2) | B35: 3 | C35: Supply and filling of sand in trenches, sides of foundations and basement with initial lead in layers not exceeding 15 cm thick, consolidating each deposited layer by watering and ramming including cost all operational, incidental, labour charges, complete for finished item of work. (APSS NO. 309 & 310) including cost and conveyance of all material and labour charges, and contractors profit & over heads but excluding seignorage charges and VAT etc., complete.
C36: Unit : 6 cum
C37: Taking output : 1 cum
C38: a) Labour
C39: RSSR Rate | G39: 25.59 | H39: =G39 -> 25.59
C40: add Muncipal allowance | D40: =G39 -> 25.59 | G40: =ROUND(D40*D3,2) -> 0
C41: Sand for filling | D41: Cum | E41: 1 | F41: ='lead 1'!M14 -> 1334.4 | G41: =ROUND(F41*E41,2) -> 1334.4 | J41: =G41 -> 1334.4
C42: Water | D42: Kl | E42: 1 | F42: 80 | G42: =ROUND(F42*E42,2) -> 80 | P42: =G42 -> 80
C43: Rate per 1 cum | G43: =SUM(G39:G42) -> 1439.99
C44: add contractors profit 13.615% | D44: =G43 -> 1439.99 | G44: =ROUND(D44*D2,2) -> 0
C45: Rate per 1 cum | F45: Rs | G45: =ROUND(SUM(G43:G44),2) -> 1439.99 | H45: =SUM(H39:H44) -> 25.59 | I45: =SUM(I39:I44) -> 0 | J45: =SUM(J39:J44) -> 1334.4 | K45: =SUM(K39:K44) -> 0 | M45: =SUM(M39:M44) -> 0 | N45: =SUM(N39:N44) -> 0 | P45: =SUM(P39:P44) -> 80 | Q45: =SUM(H45:P45) -> 1439.99
A47: BLD- CSTN-2-9 | B47: 4 | C47: Supply and filling of earth (ordinary soil) in trenches, sides of foundations and basement with initial lead in layers not exceeding 15 cm thick, consolidating each deposited layer by watering and ramming including cost and conveyance of water to work site and all operational, incidental, labour charges, hire charges of T & P etc., complete for finished item of work. (APSS NO. 309 & 310) including cost and conveyance of all material and labour charges,and contractors profit & over heads but excluding seignorage charges and VAT etc., complete.
C48: Unit = cum
C49: Taking output = 6 cum
C50: a) Labour
C51: Mate | D51: day | E51: -
C52: RSSR Rate | G52: 25.59 | H52: =G52 -> 25.59
C53: add Muncipal allowance | D53: =G52 -> 25.59 | G53: =ROUND(D53*D3,2) -> 0
G54: =SUM(G52:G53) -> 25.59
C55: add contractors profit 13.615% | D55: =G54 -> 25.59 | G55: =ROUND(D55*D2,2) -> 0
C56: Cost for 6 cum = a+b+c | G56: =SUM(G54:G55) -> 25.59
C57: Rate per cum = (a+b+c)/1 | G57: =ROUNDUP(G56,2) -> 25.59 | H57: =SUM(H52:H56) -> 25.59 | I57: =SUM(I52:I56) -> 0 | J57: =SUM(J52:J56) -> 0 | K57: =SUM(K52:K56) -> 0 | M57: =SUM(M52:M56) -> 0 | N57: =SUM(N52:N56) -> 0 | P57: =SUM(P52:P56) -> 0 | Q57: =SUM(H57:P57) -> 25.59
C58: Note : Cost of transportation of good quality earth has not been included. Only labour for carrying carted earth with a lead of 50 m to the foundation pits has been taken in the rate. The cost of carted earth/ sand may be worked out separately if the same is not available from the adjoining area.
A59: BLD-CSTN-2-8 Amnedment A(2) | B59: =B47+1 -> 5 | C59: Supply and filling of stone dust of 2.36 mm below size in trenches, sides of foundations and basement with initial lead in layers not exceeding 15 cm thick, consolidating each deposited layer by watering and ramming including cost and conveyance of water to work site and all operational, incidental, labour charges, hire charges of T & P etc., complete for finished item of work. (APSS NO. 309 & 310) including cost and conveyance of all material and labour charges, and contractors profit & over heads but excluding seignorage charges and VAT etc., complete.
C60: Unit : 1 cum
C61: Taking output :1 cum
C62: a) Labour
C63: Mazdoor ( Unskilled) | D63: No | E63: 0.31 | F63: ='lead 1'!M28 -> 420 | G63: =ROUND(F63*E63,2) -> 130.2 | H63: =G63 -> 130.2
C64: add Muncipal allowance | D64: =G63 -> 130.2 | G64: =ROUND(D64*D3,2) -> 0 | P64: =G64 -> 0
C65: Stone dust ( 2.36 mm below size) | D65: Cum | E65: 1 | F65: ='lead 1'!M21 -> 999.2 | G65: =ROUND(F65*E65,2) -> 999.2 | P65: =G65 -> 999.2
G66: =SUM(G63:G65) -> 1129.4
C67: add contractors profit 13.615% | D67: =G66 -> 1129.4 | G67: =ROUND(D67*D2,2) -> 0 | P67: =G67 -> 0
C68: Rate per 1 cum | F68: Rs | G68: =SUM(G66:G67) -> 1129.4 | H68: =SUM(H63:H67) -> 130.2 | I68: =SUM(I63:I67) -> 0 | J68: =SUM(J63:J67) -> 0 | K68: =SUM(K63:K67) -> 0 | M68: =SUM(M63:M67) -> 0 | N68: =SUM(N63:N67) -> 0 | P68: =SUM(P63:P67) -> 999.2 | Q68: =SUM(H68:P68) -> 1129.4
A69: BLD-CSTN-1-1 | B69: =B59+1 -> 6 | C69: Cement Mortar (1 : 1)
C70: Unit : 1cum
C71: A. MATERIALS:
C72: Cement | D72: kg. | E72: 1440 | F72: ='lead 1'!M8 -> 4300 | G72: =ROUND(E72*F72/1000,2) -> 6192 | I72: =G72 -> 6192
C73: Sand (including 5% wastage) | D73: cum | E73: 1.05 | F73: ='lead 1'!M12 -> 1549.4 | G73: =ROUND(E73*F73,2) -> 1626.87 | K73: =G73 -> 1626.87
C74: Seigniorage charges for sand | D74: cum | E74: 1.05
C75: B. MACHINERY
C76: - Nil - | D76: -
C77: C. LABOUR:
C78: Man mazdoor for mixing mortar | D78: day | E78: 0.2 | F78: ='lead 1'!M28 -> 420 | G78: =ROUND(E78*F78,2) -> 84 | P78: =G78 -> 84
C79: add Muncipal allowance | D79: =G78 -> 84 | G79: =ROUND(D79*$D$3,2) -> 0 | P79: =G79 -> 0
C80: Grand Total | F80: Rs | G80: =ROUND(SUM(G72:G79),2) -> 7902.87 | I80: =SUM(I70:I78) -> 6192 | J80: =SUM(J70:J78) -> 0 | K80: =SUM(K70:K78) -> 1626.87 | L80: =SUM(L70:L78) -> 0 | M80: =SUM(M70:M78) -> 0 | N80: =SUM(N70:N78) -> 0 | P80: =SUM(P70:P78) -> 84 | Q80: =SUM(I80:P80) -> 7902.87
A81: BLD-CSTN-1-3 | B81: =B69+1 -> 7 | C81: Cement Mortar (1 : 2)
C82: Unit : 1cum
C83: A. MATERIALS:
C84: Cement | D84: kg. | E84: 720 | F84: ='lead 1'!M8 -> 4300 | G84: =ROUND(E84*F84/1000,2) -> 3096 | I84: =G84 -> 3096
C85: Sand (including 5% wastage) | D85: cum | E85: 1.05 | F85: ='lead 1'!M12 -> 1549.4 | G85: =ROUND(E85*F85,2) -> 1626.87 | K85: =G85 -> 1626.87
C86: Seigniorage charges for sand | D86: cum
C87: B. MACHINERY
C88: - Nil - | D88: -
C89: C. LABOUR:
C90: Man mazdoor for mixing mortar | D90: day | E90: 0.2 | F90: ='lead 1'!M28 -> 420 | G90: =ROUND(E90*F90,2) -> 84 | P90: =G90 -> 84
C91: add Muncipal allowance | D91: =G90 -> 84 | G91: =ROUND(D91*$D$3,2) -> 0 | P91: =G91 -> 0
C92: Grand Total | F92: Rs | G92: =ROUND(SUM(G84:G91),2) -> 4806.87 | I92: =SUM(I83:I90) -> 3096 | J92: =SUM(J83:J90) -> 0 | K92: =SUM(K83:K90) -> 1626.87 | L92: =SUM(L83:L90) -> 0 | M92: =SUM(M83:M90) -> 0 | N92: =SUM(N83:N90) -> 0 | P92: =SUM(P83:P90) -> 84 | Q92: =SUM(I92:P92) -> 4806.87
A93: BLD-CSTN-1-4 | B93: 5 | C93: Cement Mortar (1 : 3)
C94: Unit : 1cum
C95: A. MATERIALS:
C96: Cement | D96: kg. | E96: 480 | F96: ='lead 1'!M8 -> 4300 | G96: =ROUND(E96*F96/1000,2) -> 2064 | I96: =G96 -> 2064
C97: Sand (including 5% wastage) | D97: cum | E97: 1.05 | F97: ='lead 1'!M12 -> 1549.4 | G97: =ROUND(E97*F97,2) -> 1626.87 | K97: =G97 -> 1626.87
C98: Seigniorage charges for sand | D98: cum | E98: 1.05
C99: B. MACHINERY
C100: - Nil - | D100: -
C101: C. LABOUR:
C102: Man mazdoor for mixing mortar | D102: day | E102: 0.2 | F102: ='lead 1'!M28 -> 420 | G102: =ROUND(E102*F102,2) -> 84 | P102: =G102 -> 84
...

Sheet Ele Data
A1: DATA (SSR-2019-20) (Electrification)
A2: Index-code | B2: S No | C2: Description | D2: Quantity | F2: Unite | H2: Rate Rs. | I2: Amount Rs.
A3: 1 | B3: 2 | C3: 3 | D3: 4 | F3: 5 | H3: 6 | I3: 7
A4: 12-13-3.1.3 | B4: 1 | C4: Supply and Fixing of ISI 25mm outer dia medium (1.80mm thickness) grade with IS:9537 part 3 regid PVC pipe with PVC / Metallic Junction boxes and all accessories including Fixing of existing suitable size Consealed box PVC / MS with hook for fan including all labour charges etc., complete.(Data No. )
C5: Makes: Sudhakar / Maco Plast / Modi
C6: a) Labour charges :
B7: 1 | C7: Skilled Electrician. (ELEC-19-20) | D7: 2 | E7: day | F7: 1 | G7: day | H7: 575 | I7: =SUM(D7*H7/F7) -> 1150
B8: 2 | C8: Semi Skilled Electrician / Lineman (ELEC-19-20) | D8: 2 | E8: day | F8: 1 | G8: day | H8: 471 | I8: =SUM(D8*H8/F8) -> 942
B9: 3 | C9: Helper (Electrical) (ELEC-19-20) | D9: 2 | E9: day | F9: 1 | G9: day | H9: 420 | I9: =SUM(D9*H9/F9) -> 840
C10: Labour Rate Per 100 Rm | I10: =SUM(I7:I9) -> 2932
C11: Labour Rate for 1 Mtr | I11: =SUM(I10/100) -> 29.32
C12: b) Material
B13: 4 | C13: Supply of 25mm PVC Junction Boxes Normal.(ELEC-19-20-1.2.6-B) | D13: 12 | E13: Nos | F13: 1 | G13: No | H13: 20 | I13: =SUM(D13*H13/F13) -> 240
B14: 5 | C14: Supply of 25mm dia 1.5mm thick PVC Bends of Sudhakar make.(ELEC-19-20-1.2.8-B) | D14: 12 | E14: Nos | F14: 1 | G14: No | H14: 8 | I14: =SUM(D14*H14/F14) -> 96
B15: 6 | C15: Supply of ISI 25mm outer dia medium (1.80mm thickness) grade with IS:9537 part 3 regid PVC pipe of makes Sudhakar / Maco Plast / Modi.(ELEC-19-20-1.2.2-B) | D15: 100 | E15: Mtr | F15: 1 | G15: Mtr | H15: 25 | I15: =SUM(D15*H15/F15) -> 2500
C16: Material Rate for 100 Mtrs | I16: =SUM(I13:I15) -> 2836
C17: Material Rate for 1 Mtr | I17: =SUM(I16/100) -> 28.36
C18: Total Cost of Material + Labour Charges | H18: =+I17+I11 -> 57.68
C19: Overheads&Contractors Profit @13.615% | H19: 0
C20: Total Cost of Material + Labour Charges+ over haed | I20: =ROUND(H18+H19,1) -> 57.7
B22: 2 | C22: Labour charges for Grooves 2-3mm thick for PVC pipes
C23: Initial cost BMM-V.51 | D23: 1 | E23: Rm | F23: 1 | G23: Rm | H23: 55 | I23: =SUM(D23*H23/F23) -> 55
I24: =SUM(I23) -> 55
A25: 12-13-8.1.3 | B25: 3 | C25: Supply and laying of ISI 25mm outer dia medium (1.80mm thickness) grade with IS:9537 part 3 regid PVC pipe concealed in wall with PVC / Metallic junction boxes and all required accessories including masonary work for light, fan and separate plug point including Fixing of existing suitable size moduler box for fix the Modular type switches including all labour charges etc., complete.(Data No. )
C26: Makes: Sudhakar / Maco Plast / Modi
C27: a) Labour charges :
B28: 1 | C28: Skilled Electrician. (ELEC-19-20) | D28: 2 | E28: day | F28: 1 | G28: day | H28: 575 | I28: =SUM(D28*H28/F28) -> 1150
B29: 2 | C29: Semi Skilled Electrician / Lineman (ELEC-19-20) | D29: 2 | E29: day | F29: 1 | G29: day | H29: 471 | I29: =SUM(D29*H29/F29) -> 942
B30: 3 | C30: Helper (Electrical) (ELEC-19-20) | D30: 2 | E30: day | F30: 1 | G30: day | H30: 420 | I30: =SUM(D30*H30/F30) -> 840
B31: 4 | C31: Skilled Mason (ELEC-19-20) | D31: 2 | E31: day | F31: 1 | G31: day | H31: 500 | I31: =SUM(D31*H31/F31) -> 1000
C32: Labour Rate Per 100 Rm | I32: =SUM(I28:I31) -> 3932
C33: Labour Rate for 1 Mtr | I33: =SUM(I32/100) -> 39.32
C34: b) Material
B35: 5 | C35: Cement (ELEC-19-20-8.4.13) | D35: 50 | E35: kg | F35: 1 | G35: Kg | H35: 8 | I35: =SUM(D35*H35/F35) -> 400
B36: 6 | C36: U Nails. (ELEC-19-20-8.1.10) | D36: 200 | E36: Nos | F36: 100 | G36: Nos | H36: 30 | I36: =SUM(D36*H36/F36) -> 60
B37: 7 | C37: Supply of 25mm PVC Junction Boxes Normal.(ELEC-19-20-1.2.6-B) | D37: 12 | E37: Nos | F37: 1 | G37: Nos | H37: 20 | I37: =SUM(D37*H37/F37) -> 240
B38: 8 | C38: Supply of 25mm dia 1.5mm thick PVC Bends of Sudhakar make.(ELEC-19-20-1.2.8-B) | D38: 12 | E38: Nos | F38: 1 | G38: Nos | H38: 8 | I38: =SUM(D38*H38/F38) -> 96
B39: 9 | C39: Supply of ISI 25mm outer dia medium (1.80mm thickness) grade with IS:9537 part 3 regid PVC pipe of makes Sudhakar / Maco Plast / Modi.(ELEC-19-20-1.2.2-B) | D39: 100 | E39: Mtr | F39: 1 | G39: Mtr | H39: 25 | I39: =SUM(D39*H39/F39) -> 2500
C40: Material Rate for 100 Mtrs | I40: =SUM(I35:I39) -> 3296
C41: Material Rate for 1 Mtr | I41: =SUM(I40/100) -> 32.96
C42: Total Cost of Material + Labour Charges | I42: =I33+I41 -> 72.28
C43: Overheads&Contractors Profit @13.615% | H43: 0
C44: Total Cost of Material + Labour Charges+Overheads | I44: =ROUNDDOWN(H43+I42,1) -> 72.2
A46: 12-13-14.1.1 | B46: 3 | C46: Wiring with run of 2 of 14/0.3mm (1.0 Sq.mm) FRLS / HFFR PVC insulated flexible ISI mark copper cable in existing PVC conduit pipe including Supply and fixing of Jumbo Ceiling rose and 6A/10A ISI Mark 1way Modular switch with required modular box and cover frame in existing Surface or Concealed pipe wiring including cost and conveyance of all material and all labour charges etc., complete for light and bell points in N.R.B.(Data No. )
C47: Copper Cable Makes:Makes: Finolex / RR kabel / Havells /KEI/Polycab/Gloster
C48: Accessories Makes:Makes: Legrand Arteor / Schneider Zen celo/ Crabtree Murano or Amare/L&Tenglaze/GM-Zenova/ Goldmedal (GIFA)
C49: a) Labour charges :
B50: 1 | C50: Skilled Electrician. (ELEC-19-20) | D50: 0.6 | E50: day | F50: 1 | G50: day | H50: 575 | I50: =SUM(D50*H50/F50) -> 345
B51: 2 | C51: Semi Skilled Electrician / Lineman (ELEC-19-20) | D51: 1.2 | E51: day | F51: 1 | G51: day | H51: 471 | I51: =SUM(D51*H51/F51) -> 565.2
B52: 3 | C52: Helper (Electrical) (ELEC-19-20) | D52: 0.6 | E52: day | F52: 1 | G52: day | H52: 420 | I52: =SUM(D52*H52/F52) -> 252
C53: Labour for 6 Points | I53: =SUM(I50:I52) -> 1162.2
C54: Labour for 1 Point | I54: =SUM(I53/6) -> 193.7
C55: b) Material
B56: 4 | C56: Supply of 3 Module box (ELEC-19-20-1.3.1-B) | D56: 2 | E56: Nos | F56: 1 | G56: No | H56: 80 | I56: =SUM(D56*H56/F56) -> 160
B57: 5 | C57: Supply of 6A / 10A 1 Way Modular Switch of Makes: Legrand Arteor / Schneider Zen celo/ Crabtree Murano or Amare/L&Tenglaze/GM-Zenova/ Goldmedal (GIFA) (ELEC-19-20-1.8.1-A) | D57: 6 | E57: Nos | F57: 1 | G57: No | H57: 85 | I57: =SUM(D57*H57/F57) -> 510
B58: 6 | C58: Supply of 3 Modular Cover Frame of Legrand Arteor / MK Blenge / Schneider Zen celo.(ELEC-19-20-3-1.8.3-B) | D58: 2 | E58: Nos | F58: 1 | G58: No | H58: 70 | I58: =SUM(D58*H58/F58) -> 140
B59: 7 | C59: Supply of 3 Plate Jumbo Ceiling Rose of makes Anchor / Gold Medal Olive / Million Zoom.(ELEC-19-20-1.7.1-M) | D59: 6 | E59: Nos | F59: 1 | G59: No | H59: 19 | I59: =SUM(D59*H59/F59) -> 114
B60: 8 | C60: Supply of 14/0.3mm (1.0 Sqmm) FRLS / HFFR PVC insulated 1100V grade as per IS:694/1990 specification for Copper cable of makes Makes: Finolex / RR kabel / Havells /KEI/Polycab/Gloster. (ELEC-19-20-1.5.1) | D60: 100 | E60: Mtrs | F60: 100 | G60: Mtrs | H60: 1050 | I60: =SUM(D60*H60/F60) -> 1050
C61: Cost of Material for 6 Points | I61: =SUM(I56:I60) -> 1974
C62: Cost of Material Rate per 1 Point | I62: =SUM(I61/6) -> 329
C63: Total Cost of Material + Labour Charges | H63: =ROUNDDOWN(I54+I62,0) -> 522
C64: Overheads&Contractors Profit @13.615% | H64: 0
C65: Total Cost of Material + Labour Charges+Overheads | I65: =ROUNDDOWN(H63+H64,1) -> 522
A67: 12-13-14.1.3 | B67: 4 | C67: Supply and fixing of 6A/10A ISI Mark 3/2 pin Modular socket with 6A/10A 1way Modular switch, 3 Module box with cover frame on a Common switch board including cost and conveyance of all materials and all labour charges etc., complete in N.R.B.(Data No. )
C68: Accessories MakesLegrand Arteor / Schneider Zen celo/ Crabtree Murano or Amare/L&Tenglaze/GM-Zenova/ Goldmedal (GIFA)
C69: a) Labour charges :
B70: 1 | C70: Skilled Electrician. (ELEC-19-20) | D70: 0.067 | E70: day | F70: 1 | G70: day | H70: 575 | I70: =SUM(D70*H70/F70) -> 38.525
B71: 2 | C71: Helper (Electrical) (ELEC-19-20) | D71: 0.067 | E71: day | F71: 1 | G71: day | H71: 420 | I71: =SUM(D71*H71/F71) -> 28.14
C72: Labour for 1 Point | I72: =SUM(I70:I71) -> 66.665
C73: b) Material
B74: 3 | C74: Supply of 6A / 10A 1 Way Modular Switch of Makes: Legrand Arteor / Schneider Zen celo/ Crabtree Murano or Amare/L&Tenglaze/GM-Zenova/ Goldmedal (GIFA) (ELEC-19-20-1.8.1-A) | D74: 1 | E74: No | F74: 1 | G74: No | H74: 85 | I74: =SUM(D74*H74/F74) -> 85
B75: 4 | C75: Supply of 6A / 10A 3/2 Pin Modular Socket with shutter of Legrand Arteor / Schneider Zen celo/ Crabtree Murano or Amare/L&Tenglaze/GM-Zenova/ Goldmedal (GIFA)(ELEC-19-20-1.8.1-D) | D75: 1 | E75: No | F75: 1 | G75: No | H75: 130 | I75: =SUM(D75*H75/F75) -> 130
B76: 5 | C76: Supply of 3 Module box (ELEC-19-20-1.3.1-B) | D76: 1 | E76: No | F76: 1 | G76: No | H76: 80 | I76: =SUM(D76*H76/F76) -> 80
B77: 6 | C77: Supply of 3 Modular Cover Frame of Legrand Arteor / Schneider Zen celo/ Crabtree Murano or Amare/L&Tenglaze/ GM-Zenova/ Goldmedal(GIFA).(ELEC-19-20-1.8.3) | D77: 1 | E77: No | F77: 1 | G77: No | H77: 70 | I77: =SUM(D77*H77/F77) -> 70
C78: Cost of Material Rate per 1 Point | I78: =SUM(I74:I77) -> 365
C79: Total Cost of Material + Labour Charges | H79: =ROUNDDOWN(I72+I78,0) -> 431
C80: Overheads&Contractors Profit @13.615% | H80: 0
C81: Total Cost of Material + Labour Charges+Overheads | I81: =ROUNDUP(H79+H80,1) -> 431
A85: 12-13-14.1.4 | B85: 5 | C85: Wiring with run of 3 of 14/0.3mm (1.0 Sq.mm) FRLS / HFFR PVC insulated flexible ISI mark copper cable in existing PVC Surface / Consealed conduit pipe wiring including supply and fixing of 6A/10A ISI Mark 3/2 pin Modular socket, 6A/10A 1way Modular switch, 3 Module box with required cover frame including cost and conveyance of all material and all labour charges etc., complete for seperate plug points in N.R.B. (Data No. )
C86: Copper Cable Makes:Makes: Finolex / RR kabel / Havells /KEI/Polycab/Gloster
C87: Accessories MakesLegrand Arteor / Schneider Zen celo/ Crabtree Murano or Amare/L&Tenglaze/GM-Zenova/ Goldmedal (GIFA)
C88: a) Labour charges :
B89: 1 | C89: Skilled Electrician. (ELEC-19-20) | D89: 1.5 | E89: day | F89: 1 | G89: day | H89: 55 | I89: =SUM(D89*H89/F89) -> 82.5
B90: 2 | C90: Semi Skilled Electrician / Lineman (ELEC-1-20) | D90: 1.5 | E90: day | F90: 1 | G90: day | H90: 471 | I90: =SUM(D90*H90/F90) -> 706.5
B91: 3 | C91: Helper (Electrical) (ELEC-19-20) | D91: 1.5 | E91: day | F91: 1 | G91: day | H91: 420 | I91: =SUM(D91*H91/F91) -> 630
C92: Labour for 15 Points | I92: =SUM(I89:I91) -> 1419
C93: Labour for 1 Point | I93: =SUM(I92/15) -> 94.6
C94: b) Material
B95: 4 | C95: Supply of 3 Module box (ELEC-19-20-1.3.1-B) | D95: 15 | E95: Nos | F95: 1 | G95: No | H95: 80 | I95: =SUM(D95*H95/F95) -> 1200
B96: 5 | C96: Supply of 3 Modular Cover Frame of Legrand Arteor / Schneider Zen celo/ Crabtree Murano or Amare/L&Tenglaze/ GM-Zenova/ Goldmedal(GIFA).(ELEC-19-20-1.8.3) | D96: 15 | E96: Nos | F96: 1 | G96: No | H96: 70 | I96: =SUM(D96*H96/F96) -> 1050
B97: 6 | C97: Supply of 6A / 10A 1 Way Modular Switch of Makes: Legrand Arteor / Schneider Zen celo/ Crabtree Murano or Amare/L&Tenglaze/GM-Zenova/ Goldmedal (GIFA) (ELEC-19-20-1.8.1-A) | D97: 15 | E97: Nos | F97: 1 | G97: No | H97: 85 | I97: =SUM(D97*H97/F97) -> 1275
B98: 7 | C98: Supply of 6A / 10A 3/2 Pin Modular Socket with shutter of Legrand Arteor / Schneider Zen celo/ Crabtree Murano or Amare/L&Tenglaze/GM-Zenova/ Goldmedal (GIFA)(ELEC-19-20-1.8.1-D) | D98: 15 | E98: Nos | F98: 1 | G98: No | H98: 130 | I98: =SUM(D98*H98/F98) -> 1950
B99: 8 | C99: Supply of 14/0.3mm (1.0 Sqmm) FRLS / HFFR PVC insulated 1100V grade as per IS:694/1990 specification for Copper cable of makes Makes: Finolex / RR kabel / Havells /KEI/Polycab/Gloster. (ELEC-19-20-1.5.1) | D99: 150 | E99: Mtrs | F99: 100 | G99: Mtrs | H99: 1050 | I99: =SUM(D99*H99/F99) -> 1575
C100: Cost of Material for 15 Points | I100: =SUM(I95:I99) -> 7050
C101: Cost of Material Rate per 1 Point | I101: =SUM(I100/15) -> 470
C102: Total Cost of Material + Labour Charges | H102: =ROUNDDOWN(I93+I101,0) -> 564
C103: Overheads&Contractors Profit @13.615% | H103: 0
C104: Total Cost of Material + Labour Charges+Overheads | I104: =ROUNDUP(H102+H103,1) -> 564
A108: 12-13-20.1.9 | B108: 6 | C108: Supply and Run of 3 of 22/0.3mm (1.50 Sq.mm) FRLS / HFFR PVC insulated flexible ISI mark copper cable in existing pipe for run of mains inlcuding all labour charges etc., complete.(Data No. )
C109: Copper Cable Makes:Makes: Finolex / RR kabel / Havells /KEI/Polycab/Gloster
...

Sheet GST
A1: GOODS AND SERVICE TAXES
A2: S.No | B2: Category | C2: Tax in %
A3: 1 | B3: Cement | C3: 28
A4: =A3+1 -> 2 | B4: TMY Steel | C4: 18
A5: =A4+1 -> 3 | B5: Red Bricks | C5: 5
A6: =A5+1 -> 4 | B6: Concrete Blocks | C6: 28
A7: =A6+1 -> 5 | B7: Coarse aggregates/Blue metals | C7: 5
A8: =A7+1 -> 6 | B8: M sand | C8: 5
A9: =A8+1 -> 7 | B9: RMC(Ready Mix Concrete) | C9: 18
A10: =A9+1 -> 8 | B10: Light Weight Blocks | C10: 12
A11: =A10+1 -> 9 | B11: River Sand | C11: 5
A12: =A11+1 -> 10 | B12: Marble and Granite | C12: 12-28
A13: =A12+1 -> 11 | B13: Fly Ash Bricks | C13: 12
A14: =A13+1 -> 12 | B14: Glass | C14: 28
A15: =A14+1 -> 13 | B15: Tiles | C15: 18-28
A16: =A15+1 -> 14 | B16: Wire and Cable | C16: 28
A17: =A16+1 -> 15 | B17: Paint and Varnish | C17: 28
A18: =A17+1 -> 16 | C18: 28
A19: =A18+1 -> 17 | B19: GI Fittings | C19: 18
A20: =A19+1 -> 18 | B20: Wall Papers | C20: 28
A21: =A20+1 -> 19 | B21: Wooden Door and Windows | C21: 28
A22: =A21+1 -> 20 | B22: Aluminum Windows | C22: 18-28

Sheet Sheet2
I7: 5'0" | J7: 1.53 | K7: 3.39 | L7: 4'3" | M7: =4.25*0.3048 -> 1.2954 | N7: =3.01 -> 3.01 | O7: 5'0" | P7: 1.525
I8: 5'4" | J8: 1.63 | K8: -0.115 | L8: 4'6" | M8: =4.5*0.3048 -> 1.3716 | N8: -0.23 | O8: 5'3" | P8: 1.6
J9: =SUM(J7:J8) -> 3.16 | K9: =SUM(K7:K8) -> 3.275 | L9: 4" | M9: 0.115 | N9: =SUM(N7:N8) -> 2.78 | P9: =SUM(P7:P8) -> 3.125
I10: 4" | J10: 0.115 | M10: =SUM(M7:M9) -> 2.782 | O10: 4" | P10: 0.115
J11: =SUM(J9:J10) -> 3.275 | P11: =SUM(P9:P10) -> 3.24
I13: =1.53+1.63+0.115 -> 3.275 | M13: 1.295
M14: 1.37
K15: =1.525+1.6+0.115 -> 3.24 | M15: 0.115
M16: =SUM(M13:M15) -> 2.78
J18: 5.22 | K18: 10'3" | L18: =10.25*0.3048 -> 3.1242
J19: -0.115 | K19: 11'0" | L19: =11*0.3048 -> 3.3528 | M19: 0.115 | N19: =SUM(L19:M19) -> 3.4678
J20: -1.83
J21: -0.115
J22: =SUM(J18:J21) -> 3.16 | K22: =10.25*0.3048 -> 3.1242
J24: =3.16+0.115+0.115+1.83 -> 5.22

Sheet column reinf
A1: SBC - 150KN/m
A2: S.No | B2: Description of Room | C2: Door | E2: Windows | H2: Grid Number | I2: Column | J2: Size | K2: Reinforcement details | L2: Footing Size | Q2: Footing Steel | S2: Pedastal | V2: Qty
C3: No's | D3: size | E3: No's | F3: size | L3: Size | M3: L | N3: W | O3: D | P3: Qty | S3: L | T3: W | U3: D | V3: Qty
A4: Ground Floor | H4: A1 | I4: C1 | J4: 230x380 | K4: 8#12 | L4: F2 | M4: 1.7 | N4: 1.7 | O4: 0.35 | P4: =O4*N4*M4 -> 1.0115 | Q4: Y12#12 | R4: Y12#12 | S4: 0.45 | T4: 0.45 | U4: 0.45 | V4: =U4*T4*S4 -> 0.091125
A5: 1 | B5: Main Entrance Door | C5: 1 | D5: 1.20x2.10 | H5: A2 | I5: C2 | J5: 230x380 | K5: 4#16 4#12 | L5: F3 | M5: 2 | N5: 2 | O5: 0.4 | P5: =O5*N5*M5 -> 1.6 | Q5: Y12#16 | R5: Y12#16 | S5: 0.45 | T5: 0.45 | U5: 0.45 | V5: =U5*T5*S5 -> 0.091125
A6: 2 | B6: Agri Cum Acqua store | C6: 1 | D6: 1.05x2.10 | E6: 1 | F6: 1.50x1.35 | H6: A3 | I6: C2 | J6: 230x380 | K6: 4#16 4#12 | L6: F2 | M6: 1.7 | N6: 1.7 | O6: 0.35 | P6: =O6*N6*M6 -> 1.0115 | Q6: Y12#12 | R6: Y12#12 | S6: 0.45 | T6: 0.45 | U6: 0.45 | V6: =U6*T6*S6 -> 0.091125
A7: 3 | B7: Secretary Room | C7: 1 | D7: 1.05x2.10 | E7: 1 | F7: 1.50x1.35 | H7: B1 | I7: C1 | J7: 230x380 | K7: 8#12 | L7: F2 | M7: 1.7 | N7: 1.7 | O7: 0.35 | P7: =O7*N7*M7 -> 1.0115 | Q7: Y12#12 | R7: Y12#12 | S7: 0.45 | T7: 0.45 | U7: 0.45 | V7: =U7*T7*S7 -> 0.091125
A8: 4 | B8: Godown Rolling Shutter | C8: 1 | D8: 2.40x2.10 | H8: B2 | I8: C1 | J8: 230x380 | K8: 8#12 | L8: F2 | M8: 1.7 | N8: 1.7 | O8: 0.35 | P8: =O8*N8*M8 -> 1.0115 | Q8: Y12#12 | R8: Y12#12 | S8: 0.45 | T8: 0.45 | U8: 0.45 | V8: =U8*T8*S8 -> 0.091125
A9: 5 | B9: Secretariat Staff | E9: 3 | F9: 1.50x1.35 | H9: B3 | I9: C2 | J9: 230x380 | K9: 4#16 4#12 | L9: F2 | M9: 1.7 | N9: 1.7 | O9: 0.35 | P9: =O9*N9*M9 -> 1.0115 | Q9: Y12#12 | R9: Y12#12 | S9: 0.45 | T9: 0.45 | U9: 0.45 | V9: =U9*T9*S9 -> 0.091125
A10: 6 | B10: Spandana | E10: 1 | F10: 1.50x1.35 | H10: C1 | I10: C1 | J10: 230x380 | K10: 8#12 | L10: F2 | M10: 1.7 | N10: 1.7 | O10: 0.35 | P10: =O10*N10*M10 -> 1.0115 | Q10: Y12#12 | R10: Y12#12 | S10: 0.45 | T10: 0.45 | U10: 0.45 | V10: =U10*T10*S10 -> 0.091125
A11: 7 | B11: Staircase Landing | E11: 1 | F11: 1.50x1.35 | H11: C2 | I11: C1 | J11: 230x380 | K11: 8#12 | L11: F3 | M11: 2 | N11: 2 | O11: 0.4 | P11: =O11*N11*M11 -> 1.6 | Q11: Y12#16 | R11: Y12#16 | S11: 0.45 | T11: 0.45 | U11: 0.45 | V11: =U11*T11*S11 -> 0.091125
A12: First Floor | H12: C3 | I12: C2 | J12: 230x380 | K12: 4#16 4#12 | L12: F2 | M12: 1.7 | N12: 1.7 | O12: 0.35 | P12: =O12*N12*M12 -> 1.0115 | Q12: Y12#12 | R12: Y12#12 | S12: 0.45 | T12: 0.45 | U12: 0.45 | V12: =U12*T12*S12 -> 0.091125
A13: 1 | B13: Visitors waiting Right side Entrance Door and Grill (Iron Doors and Iron Grills in Verandah) | C13: 1 | D13: 090x2.10 | E13: 1 | F13: 1.80x1.35 | H13: D1 | I13: C1 | J13: 230x380 | K13: 8#12 | L13: F2 | M13: 1.7 | N13: 1.7 | O13: 0.35 | P13: =O13*N13*M13 -> 1.0115 | Q13: Y12#12 | R13: Y12#12 | S13: 0.45 | T13: 0.45 | U13: 0.45 | V13: =U13*T13*S13 -> 0.091125
C14: 1 | D14: 1.20x2.10 | E14: 1 | F14: 3.79x1.35 | H14: D2 | I14: C2 | J14: 230x380 | K14: 4#16 4#12 | L14: F3 | M14: 2 | N14: 2 | O14: 0.4 | P14: =O14*N14*M14 -> 1.6 | Q14: Y12#16 | R14: Y12#16 | S14: 0.45 | T14: 0.45 | U14: 0.45 | V14: =U14*T14*S14 -> 0.091125
A15: 2 | B15: Secretariat Staff | E15: 1 | F15: 1.50x1.35 | H15: D3 | I15: C2 | J15: 230x380 | K15: 4#16 4#12 | L15: F2 | M15: 1.7 | N15: 1.7 | O15: 0.3 | P15: =O15*N15*M15 -> 0.867 | Q15: Y12#12 | R15: Y12#12 | S15: 0.45 | T15: 0.45 | U15: 0.45 | V15: =U15*T15*S15 -> 0.091125
A16: 3 | B16: Meeting Hall | C16: 2 | D16: 1.20x2.10 | E16: 2 | F16: 1.50x1.35 | H16: E1 | I16: C1 | J16: 230x380 | K16: 8#12 | L16: F1 | M16: 1.35 | N16: 1.35 | O16: 0.3 | P16: =O16*N16*M16 -> 0.54675 | Q16: Y10#9 | R16: Y10#9 | S16: 0.45 | T16: 0.45 | U16: 0.45 | V16: =U16*T16*S16 -> 0.091125
A17: 4 | B17: Digital Store | C17: 1 | D17: 0.90x2.10 | E17: 2 | F17: 1.50x1.35 | H17: E2 | I17: C1 | J17: 230x380 | K17: 8#12 | L17: F2 | M17: 1.7 | N17: 1.7 | O17: 0.35 | P17: =O17*N17*M17 -> 1.0115 | Q17: Y12#12 | R17: Y12#12 | S17: 0.45 | T17: 0.45 | U17: 0.45 | V17: =U17*T17*S17 -> 0.091125
A18: 5 | B18: Sarpanch Room | C18: 1 | D18: 0.90x2.10 | E18: 2 | F18: 1.50x1.35 | H18: E3 | I18: C2 | J18: 230x380 | K18: 4#16 4#12 | L18: F2 | M18: 1.7 | N18: 1.7 | O18: 0.35 | P18: =O18*N18*M18 -> 1.0115 | Q18: Y12#12 | R18: Y12#12 | S18: 0.45 | T18: 0.45 | U18: 0.45 | V18: =U18*T18*S18 -> 0.091125
B19: Toilet | C19: 1 | D19: 0.75x2.10 | E19: 1 | F19: 0.60x0.60 | H19: C1 | I19: A1,B1,B2,C1,C2,D1,E1,E2 | O19: 8
A20: 6 | B20: L adies Toilet | C20: 1 | D20: 0.75x2.10 | E20: 1 | F20: 1.35x0.60 | H20: C2 | I20: A2,A3,B3,C3,D2,D3,E3 | O20: 7
A21: 7 | B21: Gents Toilet | C21: 2 | D21: 0.75x2.10 | E21: 1 | F21: 1.35x0.60 | H21: F1 | I21: E1 | O21: 1 | P21: 1.35 | Q21: 1.35 | R21: 0.3 | S21: =O21*P21*Q21*R21 -> 0.54675
A22: 8 | B22: Staircase Landing | E22: 1 | F22: 1.50x1.35 | H22: F2 | I22: A1,A3,B1,B2,B3,C1,C3,D1,D3,E2.E3 | O22: 11 | P22: 1.7 | Q22: 1.7 | R22: 0.35 | S22: =O22*P22*Q22*R22 -> 11.1265
H23: F3 | I23: A2,C2,D2 | O23: 3 | P23: 2 | Q23: 2 | R23: 0.4 | S23: =O23*P23*Q23*R23 -> 4.8
A26: FOOTINGS AND PEDASTAL STEEL
B27: Footing | C27: Grid Number | D27: No,s | E27: Steel
E28: Footing Steel | K28: Pedastal Steel | Q28: 10 tor | R28: 12 Tor | S28: 8 Tor | T28: 16 Tor
E29: 10 Tor No's | F29: Length | G29: Total Length | H29: 12 Tor No's | I29: Length | J29: Total Length | K29: 12 Tor No's | L29: Length | M29: Total Length | N29: 8 Tor No's | O29: Length | P29: Total Length
B30: F1 Footing (1.60x1.60x0.30) | C30: E1 | D30: 1 | E30: 8 | F30: =1.35+0.15+0.15-2*0.05 -> 1.55 | G30: =F30*E30*D30 -> 12.4 | K30: 4 | L30: =0.3+0.3+0.45+0.25-2*0.04 -> 1.22 | M30: =L30*K30*D30 -> 4.88 | N30: =ROUND((0.3+0.45)/0.2+1,0) -> 5 | O30: =4*0.45-4*0.04+2*0.075 -> 1.79 | P30: =O30*N30*D30 -> 8.95 | Q30: =G30 -> 12.4 | R30: =M30 -> 4.88 | S30: =P30 -> 8.95
D31: 1 | E31: 8 | F31: =1.35+0.15+0.15-2*0.05 -> 1.55 | G31: =F31*E31*D31 -> 12.4 | Q31: =G31 -> 12.4
B32: F2 Footing (2.05x2.05x0.35) | C32: A1,A3,B1,B2,B3,C1,C3,D1,D3,E2.E3 | D32: 11 | H32: 10 | I32: =1.7+0.15+0.15-2*0.05 -> 1.9 | J32: =I32*H32*D32 -> 209 | K32: 4 | L32: =0.3+0.35+0.45+0.25-2*0.04 -> 1.27 | M32: =L32*K32*D32 -> 55.88 | N32: =ROUND((0.35+0.45)/0.2+1,0) -> 5 | O32: =4*0.45-4*0.04+2*0.075 -> 1.79 | P32: =O32*N32*D32 -> 98.45 | R32: =J32+M32 -> 264.88 | S32: =P32 -> 98.45
D33: 11 | H33: 10 | I33: =1.7+0.15+0.15-2*0.05 -> 1.9 | J33: =I33*H33*D33 -> 209 | R33: =J33 -> 209
B34: F3 Footing (2.40x2.40x.425) | C34: A2,C2,D2 | D34: 3 | H34: 13 | I34: =2+0.15+0.15-2*0.05 -> 2.2 | J34: =I34*H34*D34 -> 85.8 | K34: 4 | L34: =0.3+0.425+0.45+0.25-2*0.04 -> 1.345 | M34: =L34*K34*D34 -> 16.14 | N34: =ROUND((0.425+0.45)/0.2+1,0) -> 5 | O34: =4*0.45-4*0.04+2*0.075 -> 1.79 | P34: =O34*N34*D34 -> 26.85 | R34: =J34+M34 -> 101.94 | S34: =P34 -> 26.85
D35: 3 | H35: 13 | I35: =2+0.15+0.15-2*0.05 -> 2.2 | J35: =I35*H35*D35 -> 85.8 | R35: =J35 -> 85.8
P36: Total | Q36: =SUM(Q30:Q35) -> 24.8 | R36: =SUM(R30:R35) -> 666.5 | S36: =SUM(S30:S35) -> 134.25
B37: COLUMNS UPTO GROUND FLOOR ROOF SLAB
B38: Column Size | C38: Grid Number | D38: No's | E38: Column rings/hooks | H38: Column Mains | N38: Column rings | Q38: 10 tor | R38: 12 Tor | S38: 8 Tor | T38: 16 Tor
E39: No.of rings 10 tor | F39: Length of each ring | G39: Total Length | H39: Mains 12 T | I39: Length | J39: Total Length | K39: Mains 16 T | L39: Length | M39: Total Length | N39: No.of rings 8 tor | O39: Length of each ring | P39: Total Length
B40: C1 Column | C40: A1,B1,B2,C1,C2,D1,E1,E2 | D40: 8 | E40: =ROUND((1.5+0.5+0.5)/0.075+1,0) -> 34 | F40: =2*0.23+2*0.38-4*0.04+2*0.075 -> 1.21 | G40: =F40*E40*D40 -> 329.12 | H40: 8 | I40: =0.6+1.35+0.3+0.6+3.3 -> 6.15 | J40: =I40*H40*D40 -> 393.6 | N40: =ROUND(I40/0.115-E40,0) -> 19 | O40: =F40 -> 1.21 | P40: =O40*N40*D40 -> 183.92 | Q40: =G40 -> 329.12 | R40: =J40 -> 393.6 | S40: =P40 -> 183.92
D41: 8 | E41: =E40 -> 34 | F41: =4*0.222+2*0.075 -> 1.038 | G41: =F41*E41*D41 -> 282.336 | N41: =N40 -> 19 | O41: =F41 -> 1.038 | P41: =O41*N41*D41 -> 157.776 | Q41: =G41 -> 282.336 | R41: =J41 -> 0 | S41: =P41 -> 157.776
B42: C2 Column | C42: A2,A3,B3,C3,D2,D3,E3 | D42: 7 | E42: =ROUND((1.5+0.5+0.5)/0.075+1,0) -> 34 | F42: =2*0.23+2*0.38-4*0.04+2*0.075 -> 1.21 | G42: =F42*E42*D42 -> 287.98 | H42: 4 | I42: =0.6+1.35+0.3+0.6+3.3 -> 6.15 | J42: =I42*H42*D42 -> 172.2 | N42: =ROUND(I42/0.115-E42,0) -> 19 | O42: =F42 -> 1.21 | P42: =O42*N42*D42 -> 160.93 | Q42: =G42 -> 287.98 | R42: =J42 -> 172.2 | S42: =P42 -> 160.93
K43: 4 | L43: =0.6+1.35+0.6+3.3 -> 5.85 | M43: =L43*K43*D42 -> 163.8 | Q43: =G43 -> 0 | S43: =P43 -> 0 | T43: =M43 -> 163.8
D44: 7 | E44: =E42 -> 34 | F44: =4*0.222+2*0.075 -> 1.038 | G44: =F44*E44*D44 -> 247.044 | N44: =N42 -> 19 | O44: =F44 -> 1.038 | P44: =O44*N44*D44 -> 138.054 | Q44: =G44 -> 247.044 | R44: =J44 -> 0 | S44: =P44 -> 138.054
B45: Total | Q45: =SUM(Q40:Q44) -> 1146.48 | R45: =SUM(R40:R44) -> 565.8 | S45: =SUM(S40:S44) -> 640.68 | T45: =SUM(T40:T44) -> 163.8
P46: Total | Q46: =SUM(Q40:Q45) -> 2292.96 | R46: =SUM(R40:R45) -> 1131.6 | S46: =SUM(S40:S45) -> 1281.36 | T46: =SUM(T40:T45) -> 327.6
B47: COLUMNS UPTO FIRST FLOOR ROOF SLAB
B48: C1 | C48: A1,B1,B2,C1,C2,D1,E1,E2 | D48: 8 | E48: =ROUND((0.5+0.5)/0.075+1,0) -> 14 | F48: =2*0.23+2*0.38-4*0.04+2*0.075 -> 1.21 | G48: =F48*E48*D48 -> 135.52 | H48: 8 | I48: =3.3 -> 3.3 | J48: =I48*H48*D48 -> 211.2 | N48: =ROUND(I48/0.115-E48,0) -> 15 | O48: =F48 -> 1.21 | P48: =O48*N48*D48 -> 145.2 | Q48: =G48 -> 135.52 | R48: =J48 -> 211.2 | S48: =P48 -> 145.2
D49: 8 | E49: =E48 -> 14 | F49: =4*0.222+2*0.075 -> 1.038 | G49: =F49*E49*D49 -> 116.256 | N49: =N48 -> 15 | O49: =F49 -> 1.038 | P49: =O49*N49*D49 -> 124.56 | Q49: =G49 -> 116.256 | R49: =J49 -> 0 | S49: =P49 -> 124.56
B50: C2 | C50: A2,A3,B3,C3,D2,D3,E3 | D50: 7 | E50: =ROUND((0.5+0.5)/0.075+1,0) -> 14 | F50: =2*0.23+2*0.38-4*0.04+2*0.075 -> 1.21 | G50: =F50*E50*D50 -> 118.58 | H50: 4 | I50: =3.3 -> 3.3 | J50: =I50*H50*D50 -> 92.4 | N50: =ROUND(I50/0.115-E50,0) -> 15 | O50: =F50 -> 1.21 | P50: =O50*N50*D50 -> 127.05 | Q50: =G50 -> 118.58 | R50: =J50 -> 92.4 | S50: =P50 -> 127.05
K51: 4 | L51: =3.3 -> 3.3 | M51: =L51*K51*D50 -> 92.4 | T51: =M51 -> 92.4
D52: 7 | E52: =E50 -> 14 | F52: =4*0.222+2*0.075 -> 1.038 | G52: =F52*E52*D52 -> 101.724 | N52: =N50 -> 15 | O52: =F52 -> 1.038 | P52: =O52*N52*D52 -> 108.99 | Q52: =G52 -> 101.724 | R52: =J52 -> 0 | S52: =P52 -> 108.99
B53: Total | Q53: =SUM(Q48:Q52) -> 472.08 | R53: =SUM(R48:R52) -> 303.6 | S53: =SUM(S48:S52) -> 505.8 | T53: =SUM(T48:T52) -> 92.4
P54: Total | Q54: =SUM(Q48:Q53) -> 944.16 | R54: =SUM(R48:R53) -> 607.2 | S54: =SUM(S48:S53) -> 1011.6 | T54: =SUM(T48:T53) -> 184.8

Sheet Plinth beam, staircase,lintels
A1: S.No | B1: PB Identification | G1: L | H1: W | I1: D | J1: Qty | M1: No's | N1: C/C length | O1: Upto end excluding cover | P1: Verical Left | Q1: Verical Right | R1: Length | S1: Total Length | T1: 12 | U1: 8 | V1: 16 | W1: 20
A2: PLINTH BEAM
A3: 1 | B3: PB101 | D3: 3.39 | E3: 5.22 | G3: =3.39+5.22+0.23 -> 8.84 | H3: 0.23 | I3: 0.38 | J3: =ROUND(I3*H3*G3,2) -> 0.77 | K3: Bottom St | L3: 12 Tor | M3: 2 | N3: =3.39+5.22 -> 8.61 | O3: =0.23-2*0.025 -> 0.18 | P3: =ROUND(2/3*I3,2) -> 0.25 | Q3: =ROUND(2/3*I3,2) -> 0.25 | R3: =SUM(N3:Q3) -> 9.29 | S3: =R3*M3 -> 18.58 | T3: =S3 -> 18.58
K4: Bottom extra | L4: 12 Tor | M4: 1 | N4: 5.22 | O4: =0.23-1*0.025 -> 0.205 | Q4: =ROUND(2/3*I3*1,2) -> 0.25 | R4: =SUM(N4:Q4) -> 5.675 | S4: =R4*M4 -> 5.675 | T4: =S4 -> 5.675
K5: Top St | L5: 16 Tor | M5: 2 | N5: 8.61 | O5: =0.23-2*0.025 -> 0.18 | P5: =ROUND(2/3*I3,2) -> 0.25 | Q5: =ROUND(2/3*I3,2) -> 0.25 | R5: =SUM(N5:Q5) -> 9.29 | S5: =R5*M5 -> 18.58 | V5: =S5 -> 18.58
K6: Top Extra@ 2 | L6: 16 Tor | M6: 1 | N6: =1.04+1.5 -> 2.54 | R6: =SUM(N6:Q6) -> 2.54 | S6: =R6*M6 -> 2.54 | V6: =S6 -> 2.54
K7: Top Extra@ 3 | L7: 16 Tor | M7: 1 | N7: =ROUND(0.25*5.22,2) -> 1.31 | O7: =0.115-1*0.025 -> 0.09 | Q7: =Q5 -> 0.25 | R7: =SUM(N7:Q7) -> 1.65 | S7: =R7*M7 -> 1.65 | V7: =S7 -> 1.65
K8: Rings at Junctions | L8: 8 Tor | M8: =ROUND(0.69/0.1+1,0)*4 -> 32 | R8: =2*(0.23+0.38)-4*0.025 -> 1.12 | S8: =R8*M8 -> 35.84 | U8: =S8 -> 35.84
K9: Rings at Middle | L9: 8 Tor | M9: =ROUND((8.61+0.23-3*0.38-4*0.69)/0.13+1,0) -> 39 | R9: =2*(0.23+0.38)-4*0.025 -> 1.12 | S9: =R9*M9 -> 43.68 | U9: =S9 -> 43.68
A10: 2 | B10: PB102 | D10: 3.39 | E10: 5.22 | G10: =3.39+5.22+0.23 -> 8.84 | H10: 0.23 | I10: 0.38 | J10: =ROUND(I10*H10*G10,2) -> 0.77 | K10: Bottom St | L10: 12 Tor | M10: 3 | N10: =N3 -> 8.61 | O10: =0.23-2*0.025 -> 0.18 | P10: =ROUND(2/3*I10,2) -> 0.25 | Q10: =ROUND(2/3*I10,2) -> 0.25 | R10: =SUM(N10:Q10) -> 9.29 | S10: =R10*M10 -> 27.87 | T10: =S10 -> 27.87
K11: Top St | L11: 16 Tor | M11: 2 | N11: 8.61 | O11: =0.23-2*0.025 -> 0.18 | P11: =ROUND(2/3*I10,2) -> 0.25 | Q11: =ROUND(2/3*I10*1,2) -> 0.25 | R11: =SUM(N11:Q11) -> 9.29 | S11: =R11*M11 -> 18.58 | V11: =S11 -> 18.58
K12: Top Extra@ 2 | L12: 16 Tor | M12: 1 | N12: =1.04+1.5 -> 2.54 | R12: =SUM(N12:Q12) -> 2.54 | S12: =R12*M12 -> 2.54 | V12: =S12 -> 2.54
K13: Top Extra@ 3 | L13: 16 Tor | M13: 1 | N13: =N7 -> 1.31 | O13: =0.115-1*0.025 -> 0.09 | Q13: =ROUND(2/3*I10*1,2) -> 0.25 | R13: =SUM(N13:Q13) -> 1.65 | S13: =R13*M13 -> 1.65 | V13: =S13 -> 1.65
K14: Rings at Junctions | L14: 8 Tor | M14: =ROUND(0.69/0.1+1,0)*4 -> 32 | R14: =2*(0.23+0.38)-4*0.025 -> 1.12 | S14: =R14*M14 -> 35.84 | U14: =S14 -> 35.84
K15: Rings at Middle | L15: 8 Tor | M15: =ROUND((8.61+0.23-3*0.38-4*0.69)/0.13+1,0) -> 39 | R15: =2*(0.23+0.38)-4*0.025 -> 1.12 | S15: =R15*M15 -> 43.68 | U15: =S15 -> 43.68
A16: 3 | B16: PB103 | D16: 3.39 | G16: =3.39+0.23 -> 3.62 | H16: 0.23 | I16: 0.38 | J16: =ROUND(I16*H16*G16,2) -> 0.32 | K16: Bottom St | L16: 12 Tor | M16: 3 | N16: 3.39 | O16: =0.23-2*0.025 -> 0.18 | P16: =ROUND(2/3*I16,2) -> 0.25 | Q16: =ROUND(2/3*I16,2) -> 0.25 | R16: =SUM(N16:Q16) -> 4.07 | S16: =R16*M16 -> 12.21 | T16: =S16 -> 12.21
K17: Top St | L17: 16 Tor | M17: 2 | N17: =N16 -> 3.39 | O17: =0.23-2*0.025 -> 0.18 | P17: =ROUND(2/3*I16,2) -> 0.25 | Q17: =ROUND(2/3*I16,2) -> 0.25 | R17: =SUM(N17:Q17) -> 4.07 | S17: =R17*M17 -> 8.14 | V17: =S17 -> 8.14
K18: Top Extra@ 1 | L18: 12 Tor | M18: 1 | N18: 1.04 | O18: =0.115-1*0.025 -> 0.09 | P18: =ROUND(2/3*I16,2) -> 0.25 | R18: =SUM(N18:Q18) -> 1.38 | S18: =R18*M18 -> 1.38 | T18: =S18 -> 1.38
K19: Top Extra@ 2 | L19: 12 Tor | M19: 1 | N19: 1.04 | O19: =0.115-1*0.025 -> 0.09 | Q19: =ROUND(2/3*I16,2) -> 0.25 | R19: =SUM(N19:Q19) -> 1.38 | S19: =R19*M19 -> 1.38 | T19: =S19 -> 1.38
K20: Rings at Junctions | L20: 8 Tor | M20: =ROUND(0.69/0.1+1,0)*2 -> 16 | R20: =2*(0.23+0.38)-4*0.025 -> 1.12 | S20: =R20*M20 -> 17.92 | U20: =S20 -> 17.92
K21: Rings at Middle | L21: 8 Tor | M21: =ROUND((3.39+0.23-2*0.38-2*0.69)/0.13+1,0) -> 12 | R21: =2*(0.23+0.38)-4*0.025 -> 1.12 | S21: =R21*M21 -> 13.44 | U21: =S21 -> 13.44
A22: 4 | B22: PB104 | D22: 3.39 | G22: =3.39+0.23 -> 3.62 | H22: 0.23 | I22: 0.38 | J22: =ROUND(I22*H22*G22,2) -> 0.32 | K22: Bottom St | L22: 12 Tor | M22: 3 | N22: 3.39 | O22: =0.23-2*0.025 -> 0.18 | P22: =ROUND(2/3*I22,2) -> 0.25 | Q22: =ROUND(2/3*I22,2) -> 0.25 | R22: =SUM(N22:Q22) -> 4.07 | S22: =R22*M22 -> 12.21 | T22: =S22 -> 12.21
K23: Top St | L23: 16 Tor | M23: 2 | N23: =N22 -> 3.39 | O23: =0.23-2*0.025 -> 0.18 | P23: =ROUND(2/3*I22,2) -> 0.25 | Q23: =ROUND(2/3*I22,2) -> 0.25 | R23: =SUM(N23:Q23) -> 4.07 | S23: =R23*M23 -> 8.14 | V23: =S23 -> 8.14
K24: Rings at Junctions | L24: 8 Tor | M24: =ROUND(0.69/0.1+1,0)*2 -> 16 | R24: =2*(0.23+0.38)-4*0.025 -> 1.12 | S24: =R24*M24 -> 17.92 | U24: =S24 -> 17.92
K25: Rings at Middle | L25: 8 Tor | M25: =ROUND((3.39+0.23-2*0.38-2*0.69)/0.13+1,0) -> 12 | R25: =2*(0.23+0.38)-4*0.025 -> 1.12 | S25: =R25*M25 -> 13.44 | U25: =S25 -> 13.44
A26: 5 | B26: PB105 | C26: 1 | D26: 3.39 | E26: 5.22 | F26: 1 | G26: =C26+D26+E26+F26+0.23 -> 10.84 | H26: 0.23 | I26: 0.38 | J26: =ROUND(I26*H26*G26,2) -> 0.95 | K26: Bottom St | L26: 12 Tor | M26: 2 | N26: =G26 -> 10.84 | O26: =0.23-2*0.025 -> 0.18 | P26: =ROUND(2/3*I26,2) -> 0.25 | Q26: =ROUND(2/3*I26,2) -> 0.25 | R26: =SUM(N26:Q26) -> 11.52 | S26: =R26*M26 -> 23.04 | T26: =S26 -> 23.04
K27: Bottom extra | L27: 12 Tor | M27: 1 | N27: =5.22+1 -> 6.22 | O27: =0.23-1*0.025 -> 0.205 | Q27: =ROUND(2/3*I26*1,2) -> 0.25 | R27: =SUM(N27:Q27) -> 6.675 | S27: =R27*M27 -> 6.675 | T27: =S27 -> 6.675
K28: Top St | L28: 16 Tor | M28: 2 | N28: =N26 -> 10.84 | O28: =0.23-2*0.025 -> 0.18 | P28: =ROUND(2/3*I26,2) -> 0.25 | Q28: =ROUND(2/3*I26,2) -> 0.25 | R28: =SUM(N28:Q28) -> 11.52 | S28: =R28*M28 -> 23.04 | V28: =S28 -> 23.04
K29: Top Extra@ 1 | L29: 12 Tor | M29: 1 | N29: =1+1.04+0.115 -> 2.155 | O29: =-1*0.025 -> -0.025 | P29: =ROUND(2/3*I26,2) -> 0.25 | R29: =SUM(N29:Q29) -> 2.38 | S29: =R29*M29 -> 2.38 | T29: =S29 -> 2.38
K30: Top Extra@ 2 | L30: 12 Tor | M30: 1 | N30: =1.04+1.5 -> 2.54 | R30: =SUM(N30:Q30) -> 2.54 | S30: =R30*M30 -> 2.54 | T30: =S30 -> 2.54
K31: Top Extra@ 3 | L31: 12 Tor | M31: 1 | N31: =1+1.04+0.115 -> 2.155 | O31: =-1*0.025 -> -0.025 | P31: =ROUND(2/3*I26,2) -> 0.25 | R31: =SUM(N31:Q31) -> 2.38 | S31: =R31*M31 -> 2.38 | T31: =S31 -> 2.38
K32: Rings at Junctions | L32: 8 Tor | M32: =ROUND(0.69/0.1+1,0)*4+ROUND(0.925/0.1+1,0)*2 -> 52 | R32: =2*(0.23+0.38)-4*0.025 -> 1.12 | S32: =R32*M32 -> 58.24 | U32: =S32 -> 58.24
K33: Rings at Middle | L33: 8 Tor | M33: =ROUND((3.39+5.22+0.23-3*0.38-4*0.69)/0.13+1,0) -> 39 | R33: =2*(0.23+0.38)-4*0.025 -> 1.12 | S33: =R33*M33 -> 43.68 | U33: =S33 -> 43.68
A34: 5 | B34: PB106 | C34: 2.95 | D34: 2.82 | E34: 3.01 | F34: 3.465 | G34: =C34+D34+E34+F34+0.23 -> 12.475 | H34: 0.23 | I34: 0.38 | J34: =ROUND(I34*H34*G34,2) -> 1.09 | K34: Bottom St | L34: 12 Tor | M34: 2 | N34: =G34 -> 12.475 | O34: =0.23-2*0.025 -> 0.18 | P34: =ROUND(2/3*I34,2) -> 0.25 | Q34: =ROUND(2/3*I34,2) -> 0.25 | R34: =SUM(N34:Q34) -> 13.155 | S34: =R34*M34 -> 26.31 | T34: =S34 -> 26.31
K35: Top St | L35: 12 Tor | M35: 2 | N35: =N34 -> 12.475 | O35: =0.23-2*0.025 -> 0.18 | P35: =ROUND(2/3*I34,2) -> 0.25 | Q35: =ROUND(2/3*I34,2) -> 0.25 | R35: =SUM(N35:Q35) -> 13.155 | S35: =R35*M35 -> 26.31 | T35: =S35 -> 26.31
K36: Top Extra@ A | L36: 12 Tor | M36: 1 | N36: =ROUND(C34*0.25+0.115,2) -> 0.85 | O36: =0.115-0.025 -> 0.09 | P36: =ROUND(2/3*I34,2) -> 0.25 | R36: =SUM(N36:Q36) -> 1.19 | S36: =R36*M36 -> 1.19 | T36: =S36 -> 1.19
K37: Top Extra@ B | L37: 12 Tor | M37: 1 | N37: =C34*0.25+D34*0.25+0.23 -> 1.6725 | R37: =SUM(N37:Q37) -> 1.6725 | S37: =R37*M37 -> 1.6725 | T37: =S37 -> 1.6725
K38: Top Extra@ C | L38: 12 Tor | M38: 1 | N38: =D34*0.25+E34*0.25+0.23 -> 1.6875 | R38: =SUM(N38:Q38) -> 1.6875 | S38: =R38*M38 -> 1.6875 | T38: =S38 -> 1.6875
K39: Top Extra@ D | L39: 12 Tor | M39: 1 | N39: =E34*0.25+F34*0.25+0.23 -> 1.84875 | R39: =SUM(N39:Q39) -> 1.84875 | S39: =R39*M39 -> 1.84875 | T39: =S39 -> 1.84875
K40: Top Extra@ E | L40: 12 Tor | M40: 1 | N40: =F34*0.25+0.115 -> 0.98125 | O40: =0.115-0.025 -> 0.09 | Q40: =ROUND(2/3*I34,2) -> 0.25 | R40: =SUM(N40:Q40) -> 1.32125 | S40: =R40*M40 -> 1.32125 | T40: =S40 -> 1.32125
K41: Rings at Junctions | L41: 8 Tor | M41: =ROUND(0.69/0.1+1,0)*8 -> 64 | R41: =2*(0.23+0.38)-4*0.025 -> 1.12 | S41: =R41*M41 -> 71.68 | U41: =S41 -> 71.68
K42: Rings at Middle | L42: 8 Tor | M42: =ROUND((C34+0.23-2*0.23-2*0.69)/0.13+1,0)+ROUND((D34+0.23-2*0.23-2*0.69)/0.13+1,0)+ROUND((E34+0.23-2*0.23-2*0.69)/0.13+1,0)+ROUND((F34+0.23-2*0.23-2*0.69)/0.13+1,0) -> 48 | R42: =2*(0.23+0.38)-4*0.025 -> 1.12 | S42: =R42*M42 -> 53.76 | U42: =S42 -> 53.76
A43: 5 | B43: PB107 | C43: 2.95 | D43: 2.82 | E43: 3.01 | F43: 3.465 | G43: =C43+D43+E43+F43+0.23 -> 12.475 | H43: 0.23 | I43: 0.38 | J43: =ROUND(I43*H43*G43,2) -> 1.09 | K43: Bottom St | L43: 12 Tor | M43: 2 | N43: =G43 -> 12.475 | O43: =0.23-2*0.025 -> 0.18 | P43: =ROUND(2/3*I43,2) -> 0.25 | Q43: =ROUND(2/3*I43,2) -> 0.25 | R43: =SUM(N43:Q43) -> 13.155 | S43: =R43*M43 -> 26.31 | T43: =S43 -> 26.31
K44: Top St | L44: 12 Tor | M44: 2 | N44: =N43 -> 12.475 | O44: =0.23-2*0.025 -> 0.18 | P44: =ROUND(2/3*I43,2) -> 0.25 | Q44: =ROUND(2/3*I43,2) -> 0.25 | R44: =SUM(N44:Q44) -> 13.155 | S44: =R44*M44 -> 26.31 | T44: =S44 -> 26.31
K45: Top Extra@ A | L45: 12 Tor | M45: 1 | N45: =ROUND(C43*0.25+0.115,2) -> 0.85 | O45: =0.115-0.025 -> 0.09 | P45: =ROUND(2/3*I43,2) -> 0.25 | R45: =SUM(N45:Q45) -> 1.19 | S45: =R45*M45 -> 1.19 | T45: =S45 -> 1.19
K46: Top Extra@ B | L46: 12 Tor | M46: 1 | N46: =C43*0.25+D43*0.25+0.23 -> 1.6725 | R46: =SUM(N46:Q46) -> 1.6725 | S46: =R46*M46 -> 1.6725 | T46: =S46 -> 1.6725
K47: Top Extra@ C | L47: 12 Tor | M47: 1 | N47: =D43*0.25+E43*0.25+0.23 -> 1.6875 | R47: =SUM(N47:Q47) -> 1.6875 | S47: =R47*M47 -> 1.6875 | T47: =S47 -> 1.6875
K48: Rings at Junctions | L48: 8 Tor | M48: =ROUND(0.69/0.1+1,0)*8 -> 64 | R48: =2*(0.23+0.38)-4*0.025 -> 1.12 | S48: =R48*M48 -> 71.68 | U48: =S48 -> 71.68
K49: Rings at Middle | L49: 8 Tor | M49: =ROUND((C43+0.23-2*0.23-2*0.69)/0.13+1,0)+ROUND((D43+0.23-2*0.23-2*0.69)/0.13+1,0)+ROUND((E43+0.23-2*0.23-2*0.69)/0.13+1,0)+ROUND((F43+0.23-2*0.23-2*0.69)/0.13+1,0) -> 48 | R49: =2*(0.23+0.38)-4*0.025 -> 1.12 | S49: =R49*M49 -> 53.76 | U49: =S49 -> 53.76
A50: 5 | B50: PB108 | C50: 2.95 | D50: 2.82 | E50: 3.01 | F50: 3.465 | G50: =C50+D50+E50+F50+0.23 -> 12.475 | H50: 0.23 | I50: 0.38 | J50: =ROUND(I50*H50*G50,2) -> 1.09 | K50: Bottom St | L50: 12 Tor | M50: 2 | N50: =G50 -> 12.475 | O50: =0.23-2*0.025 -> 0.18 | P50: =ROUND(2/3*I50,2) -> 0.25 | Q50: =ROUND(2/3*I50,2) -> 0.25 | R50: =SUM(N50:Q50) -> 13.155 | S50: =R50*M50 -> 26.31 | T50: =S50 -> 26.31
K51: Bottom extra | L51: 12 Tor | M51: 1 | N51: =C50+D50+0.6 -> 6.37 | O51: =0.23-1*0.025 -> 0.205 | P51: =ROUND(2/3*I50*1,2) -> 0.25 | R51: =SUM(N51:P51) -> 6.825 | S51: =R51*M51 -> 6.825 | T51: =S51 -> 6.825
K52: Top St | L52: 12 Tor | M52: 2 | N52: =N50 -> 12.475 | O52: =0.23-2*0.025 -> 0.18 | P52: =ROUND(2/3*I50,2) -> 0.25 | Q52: =ROUND(2/3*I50,2) -> 0.25 | R52: =SUM(N52:Q52) -> 13.155 | S52: =R52*M52 -> 26.31 | T52: =S52 -> 26.31
K53: Top Extra@ A | L53: 12 Tor | M53: 1 | N53: =ROUND(C50*0.25+0.115,2) -> 0.85 | O53: =0.115-0.025 -> 0.09 | P53: =ROUND(2/3*I50,2) -> 0.25 | R53: =SUM(N53:Q53) -> 1.19 | S53: =R53*M53 -> 1.19 | T53: =S53 -> 1.19
K54: Top Extra@ B | L54: 16 Tor | M54: 1 | N54: =C50*0.25+D50*0.25+0.23 -> 1.6725 | R54: =SUM(N54:Q54) -> 1.6725 | S54: =R54*M54 -> 1.6725 | V54: =S54 -> 1.6725
K55: Top Extra@ C | L55: 16 Tor | M55: 1 | N55: =D50*0.25+E50*0.25+0.23 -> 1.6875 | R55: =SUM(N55:Q55) -> 1.6875 | S55: =R55*M55 -> 1.6875 | V55: =S55 -> 1.6875
K56: Top Extra@ D | L56: 12 Tor | M56: 1 | N56: =E50*0.25+F50*0.25+0.23 -> 1.84875 | R56: =SUM(N56:Q56) -> 1.84875 | S56: =R56*M56 -> 1.84875 | T56: =S56 -> 1.84875
K57: Top Extra@ E | L57: 12 Tor | M57: 1 | N57: =F50*0.25+0.115 -> 0.98125 | O57: =0.115-0.025 -> 0.09 | Q57: =ROUND(2/3*I50,2) -> 0.25 | R57: =SUM(N57:Q57) -> 1.32125 | S57: =R57*M57 -> 1.32125 | T57: =S57 -> 1.32125
K58: Rings at Junctions | L58: 8 Tor | M58: =ROUND(0.69/0.1+1,0)*8 -> 64 | R58: =2*(0.23+0.38)-4*0.025 -> 1.12 | S58: =R58*M58 -> 71.68 | U58: =S58 -> 71.68
K59: Rings at Middle | L59: 8 Tor | M59: =ROUND((C50+0.23-2*0.23-2*0.69)/0.13+1,0)+ROUND((D50+0.23-2*0.23-2*0.69)/0.13+1,0)+ROUND((E50+0.23-2*0.23-2*0.69)/0.13+1,0)+ROUND((F50+0.23-2*0.23-2*0.69)/0.13+1,0) -> 48 | R59: =2*(0.23+0.38)-4*0.025 -> 1.12 | S59: =R59*M59 -> 53.76 | U59: =S59 -> 53.76
T60: =SUM(T3:T59) -> 297.635 | U60: =SUM(U3:U59) -> 700 | V60: =SUM(V3:V59) -> 88.22
S61: Total | T61: =SUM(T3:T60) -> 595.27 | U61: =SUM(U3:U60) -> 1400 | V61: =SUM(V3:V60) -> 176.44
A63: STAIR CASE
B64: First Flight | C64: Steps | E64: 0.5 | F64: 11 | G64: =2.95/2 -> 1.475 | H64: 0.3 | I64: 0.15 | J64: =I64*H64*G64*F64*E64 -> 0.3650625 | K64: Bottom Mains | L64: 12 Tor | M64: =ROUND((2.95-0.23)/2/0.1+1,0) -> 15 | N64: =3.77+1+0.45 -> 5.22 | O64: =0.23-2*0.025 -> 0.18 | R64: =SUM(N64:Q64) -> 5.4 | S64: =R64*M64 -> 81 | T64: =S64 -> 81
C65: First Flight | F65: 1 | G65: 3.77 | H65: 1.475 | I65: 0.15 | J65: =I65*H65*G65*F65 -> 0.8341125 | K65: Bottom Dis | L65: 8 Tor | M65: =ROUND(3.77/0.175+1,0) -> 23 | N65: =2.95/2-2*0.025 -> 1.425 | R65: =SUM(N65:Q65) -> 1.425 | S65: =R65*M65 -> 32.775 | U65: =S65 -> 32.775
K66: Bottom top Mat | L66: 12 Tor | M66: =ROUND((2.95-0.23)/2/0.1+1,0) -> 15 | N66: =1.15+0.23+0.25 -> 1.63 | R66: =SUM(N66:Q66) -> 1.63 | S66: =R66*M66 -> 24.45 | T66: =S66 -> 24.45
K67: Bottom top Dis | L67: 8 Tor | M67: =ROUND(1.15/0.175+1,0) -> 8 | N67: =2.95/2-2*0.025 -> 1.425 | R67: =SUM(N67:Q67) -> 1.425 | S67: =R67*M67 -> 11.4 | U67: =S67 -> 11.4
K68: At Landing slab
K69: Bottom Dis | L69: 8 Tor | M69: =ROUND(1/0.175+1,0) -> 7 | N69: =2.95-2*0.025 -> 2.9 | R69: =SUM(N69:Q69) -> 2.9 | S69: =R69*M69 -> 20.3 | U69: =S69 -> 20.3
K70: Top Dis | L70: 8 Tor | M70: =ROUND(1/0.175+1,0) -> 7 | N70: =2.95-2*0.025 -> 2.9 | R70: =SUM(N70:Q70) -> 2.9 | S70: =R70*M70 -> 20.3 | U70: =S70 -> 20.3
K71: Bottom Mains | L71: 12 Tor | M71: =ROUND((2.95-0.23)/2/0.1+1,0) -> 15 | N71: =1+0.39+0.6 -> 1.99 | O71: =0.115-1*0.025 -> 0.09 | R71: =SUM(N71:Q71) -> 2.08 | S71: =R71*M71 -> 31.2 | T71: =S71 -> 31.2
K72: Top Mains | L72: 12 Tor | M72: =ROUND((2.95-0.23)/2/0.1+1,0) -> 15 | N72: =1+0.39+1.15 -> 2.54 | O72: =0.115-1*0.025 -> 0.09 | R72: =SUM(N72:Q72) -> 2.63 | S72: =R72*M72 -> 39.45 | T72: =S72 -> 39.45
B73: Second Flight | C73: Steps | E73: 0.5 | F73: 11 | G73: =2.95/2 -> 1.475 | H73: 0.3 | I73: 0.15 | J73: =I73*H73*G73*F73*E73 -> 0.3650625 | K73: Bottom Mains | L73: 12 Tor | M73: =ROUND((2.95-0.23)/2/0.1+1,0) -> 15 | N73: =1+0.39+3.77+0.39+1 -> 6.55 | O73: =0.115-1*0.025 -> 0.09 | R73: =SUM(N73:Q73) -> 6.64 | S73: =R73*M73 -> 99.6 | T73: =S73 -> 99.6
C74: Second Flight | F74: 1 | G74: 3.77 | H74: 1.475 | I74: 0.15 | J74: =I74*H74*G74*F74 -> 0.8341125 | K74: Bottom Dis | L74: 8 Tor | M74: =ROUND(3.77/0.175+1,0) -> 23 | N74: =2.95/2-2*0.025 -> 1.425 | R74: =SUM(N74:Q74) -> 1.425 | S74: =R74*M74 -> 32.775 | U74: =S74 -> 32.775
C75: Landing slab | F75: 1 | G75: =2.92+0.23 -> 3.15 | H75: 1.39 | I75: 0.15 | J75: =I75*H75*G75*F75 -> 0.656775 | K75: Bottom top Mat | L75: 12 Tor | M75: =ROUND((2.95-0.23)/2/0.1+1,0) -> 15 | N75: =1+0.39+1.15 -> 2.54 | R75: =SUM(N75:Q75) -> 2.54 | S75: =R75*M75 -> 38.1 | T75: =S75 -> 38.1
K76: Bottom top Dis | L76: 8 Tor | M76: =ROUND(1.15/0.175+1,0) -> 8 | N76: =2.95/2-2*0.025 -> 1.425 | R76: =SUM(N76:Q76) -> 1.425 | S76: =R76*M76 -> 11.4 | U76: =S76 -> 11.4
K77: At GF slab Level
K78: Bottom Dis | L78: 8 Tor | M78: =ROUND(1/0.175+1,0) -> 7 | N78: =1.495-2*0.025 -> 1.445 | R78: =SUM(N78:Q78) -> 1.445 | S78: =R78*M78 -> 10.115 | U78: =S78 -> 10.115
K79: Top Dis | L79: 8 Tor | M79: =ROUND(1/0.175+1,0) -> 7 | N79: =1.495-2*0.025 -> 1.445 | R79: =SUM(N79:Q79) -> 1.445 | S79: =R79*M79 -> 10.115 | U79: =S79 -> 10.115
K80: Bottom Mains | L80: 12 Tor | M80: =ROUND((2.95-0.23)/2/0.1+1,0) -> 15 | N80: =1+0.39+0.6 -> 1.99 | O80: =0.115-1*0.025 -> 0.09 | R80: =SUM(N80:Q80) -> 2.08 | S80: =R80*M80 -> 31.2 | T80: =S80 -> 31.2
K81: Top Mains | L81: 12 Tor | M81: =ROUND((2.95-0.23)/2/0.1+1,0) -> 15 | N81: =1+0.39+1.15 -> 2.54 | O81: =0.115-1*0.025 -> 0.09 | R81: =SUM(N81:Q81) -> 2.63 | S81: =R81*M81 -> 39.45 | T81: =S81 -> 39.45
B82: Landing Beam | C82: 2.95 | G82: =2.965+0.23 -> 3.195 | H82: 0.23 | I82: 0.45 | J82: =ROUND(I82*H82*G82,2) -> 0.33 | K82: Bottom St | L82: 20 Tor | M82: 2 | N82: =2.95+0.23 -> 3.18 | O82: =0.23-2*0.025 -> 0.18 | P82: =ROUND(2/3*I82,2) -> 0.3 | Q82: =ROUND(2/3*I82,2) -> 0.3 | R82: =SUM(N82:Q82) -> 3.96 | S82: =R82*M82 -> 7.92 | T82: =S82 -> 7.92
K83: Top St | L83: 16 Tor | M83: 2 | N83: =N82 -> 3.18 | O83: =0.23-2*0.025 -> 0.18 | P83: =ROUND(2/3*I82,2) -> 0.3 | Q83: =ROUND(2/3*I82,2) -> 0.3 | R83: =SUM(N83:Q83) -> 3.96 | S83: =R83*M83 -> 7.92 | V83: =S83 -> 7.92
K84: Top Extra@ 1 | L84: 20 Tor | M84: 1 | N84: =ROUND(C82*0.25,2) -> 0.74 | O84: =0.115-1*0.025 -> 0.09 | P84: =ROUND(2/3*I82,2) -> 0.3 | R84: =SUM(N84:Q84) -> 1.13 | S84: =R84*M84 -> 1.13 | V84: =S84 -> 1.13
K85: Top Extra@ 2 | L85: 20 Tor | M85: 1 | N85: =ROUND(C82*0.25,2) -> 0.74 | O85: =0.115-1*0.025 -> 0.09 | Q85: =Q83 -> 0.3 | R85: =SUM(N85:Q85) -> 1.13 | S85: =R85*M85 -> 1.13 | V85: =S85 -> 1.13
K86: Rings | L86: 8 Tor | M86: =ROUND((C82-0.23)/0.1+1,0) -> 28 | R86: =2*(0.23+0.45)-4*0.025 -> 1.26 | S86: =R86*M86 -> 35.28 | U86: =S86 -> 35.28
S87: Total | T87: =SUM(T64:T86) -> 392.37 | U87: =SUM(U64:U86) -> 184.46 | V87: =SUM(V64:V86) -> 10.18
A88: GROUND FLOOR LINTELS
B89: Long walls | C89: B1 TO E1 | G89: =3.465+3.01+2.82+0.23 -> 9.525 | H89: 0.23 | I89: 0.15 | J89: =ROUND(I89*H89*G89,2) -> 0.33 | K89: Bottom | L89: 12 Tor | M89: 2 | N89: =G89 -> 9.525 | O89: =0.1-2*0.025 -> 0.05 | R89: =SUM(N89:Q89) -> 9.575 | S89: =R89*M89 -> 19.15 | T89: =S89 -> 19.15
K90: Top | L90: 12 Tor | M90: 2 | N90: =N89 -> 9.525 | O90: =0.1-2*0.025 -> 0.05 | R90: =SUM(N90:Q90) -> 9.575 | S90: =R90*M90 -> 19.15 | T90: =S90 -> 19.15
K91: Rings | L91: 8 Tor | M91: =ROUND((3.465-0.23)/0.15+1,0)+ROUND((3.01-0.23)/0.15+1,0)+ROUND((2.82-0.23)/0.15+1,0) -> 61 | N91: =2*(0.23+0.15)-4*0.025+2*0.075 -> 0.81 | R91: =SUM(N91:Q91) -> 0.81 | S91: =R91*M91 -> 49.41 | U91: =S91 -> 49.41
B92: Staircase | C92: A1 TO B1 | G92: =2.95+0.23 -> 3.18 | H92: 0.23 | I92: 0.15 | J92: =ROUND(I92*H92*G92,2) -> 0.11 | K92: Bottom | L92: 12 Tor | M92: 2 | N92: =G92 -> 3.18 | O92: =0.1-2*0.025 -> 0.05 | R92: =SUM(N92:Q92) -> 3.23 | S92: =R92*M92 -> 6.46 | T92: =S92 -> 6.46
K93: Top | L93: 12 Tor | M93: 2 | N93: =N92 -> 3.18 | O93: =0.1-2*0.025 -> 0.05 | R93: =SUM(N93:Q93) -> 3.23 | S93: =R93*M93 -> 6.46 | T93: =S93 -> 6.46
K94: Rings | L94: 8 Tor | M94: =+ROUND((2.95-0.23)/0.15+1,0) -> 19 | N94: =2*(0.23+0.15)-4*0.025+2*0.075 -> 0.81 | R94: =SUM(N94:Q94) -> 0.81 | S94: =R94*M94 -> 15.39 | U94: =S94 -> 15.39
B95: Long walls | C95: A3 TO E3 | G95: =G89 -> 9.525 | H95: 0.23 | I95: 0.15 | J95: =ROUND(I95*H95*G95,2) -> 0.33 | K95: Bottom | L95: 12 Tor | M95: 2 | N95: =N89 -> 9.525 | O95: =0.1-2*0.025 -> 0.05 | R95: =SUM(N95:Q95) -> 9.575 | S95: =R95*M95 -> 19.15 | T95: =S95 -> 19.15
K96: Top | L96: 12 Tor | M96: 2 | N96: =N89 -> 9.525 | O96: =0.1-2*0.025 -> 0.05 | R96: =SUM(N96:Q96) -> 9.575 | S96: =R96*M96 -> 19.15 | T96: =S96 -> 19.15
K97: Rings | L97: 8 Tor | M97: =ROUND((3.465-0.23)/0.15+1,0)+ROUND((3.01-0.23)/0.15+1,0)+ROUND((2.82-0.23)/0.15+1,0)+ROUND((2.95-0.23)/0.15+1,0) -> 80 | N97: =2*(0.23+0.15)-4*0.025+2*0.075 -> 0.81 | R97: =SUM(N97:Q97) -> 0.81 | S97: =R97*M97 -> 64.8 | U97: =S97 -> 64.8
B98: Long walls | C98: B2 TO D2 | G98: =3.01+2.82+0.23 -> 6.06 | H98: 0.115 | I98: 0.15 | J98: =ROUND(I98*H98*G98,2) -> 0.1 | K98: Bottom | L98: 12 Tor | M98: 2 | N98: =G98 -> 6.06 | O98: =0.1-2*0.025 -> 0.05 | R98: =SUM(N98:Q98) -> 6.11 | S98: =R98*M98 -> 12.22 | T98: =S98 -> 12.22
K99: Top | L99: 12 Tor | M99: 2 | N99: =G98 -> 6.06 | O99: =0.1-2*0.025 -> 0.05 | R99: =SUM(N99:Q99) -> 6.11 | S99: =R99*M99 -> 12.22 | T99: =S99 -> 12.22
K100: Rings | L100: 8 Tor | M100: =+ROUND((3.01-0.23)/0.15+1,0)+ROUND((2.82-0.23)/0.15+1,0) -> 38 | N100: =2*(0.115+0.15)-4*0.025+2*0.075 -> 0.58 | R100: =SUM(N100:Q100) -> 0.58 | S100: =R100*M100 -> 22.04 | U100: =S100 -> 22.04
B101: Short walls | C101: A2 TO A3 | G101: =5.22+0.23 -> 5.45 | H101: 0.23 | I101: 0.15 | J101: =ROUND(I101*H101*G101,2) -> 0.19 | K101: Bottom | L101: 12 Tor | M101: 2 | N101: =G101 -> 5.45 | O101: =0.1-2*0.025 -> 0.05 | R101: =SUM(N101:Q101) -> 5.5 | S101: =R101*M101 -> 11 | T101: =S101 -> 11
...

Sheet GF roof beams
A1: GROUND FLOOR ROOF BEAM REINFORCEMENT DETAILING
